Workbook

Sheet Condensed Consolidated
A1: Compass Diversified (NYSE: CODI)
A2: Condensed Consolidated Financial Data
A5: NOTES:
A6: * All information is presented in thousands ($000) * All quarterly information is unaudited
B9: Current | C9: Prior | E9: 2026 | I9: 2025 | O9: 2024 | U9: 2023 | AA9: 2022
B10: TTM | C10: TTM | E10: Q1 | F10: Q2 | G10: Q3 | I10: Q1 | J10: Q2 | K10: Q3 | L10: Q4 | M10: FY 2025 | O10: Q1 | P10: Q2 | Q10: Q3 | R10: Q4 | S10: FY 2024 | U10: Q1 | V10: Q2 | W10: Q3 | X10: Q4 | Y10: FY 2023 | AA10: Q1 | AB10: Q2 | AC10: Q3 | AD10: Q4 | AE10: FY 2022
A12: Net Sales | B12: =SUM(E12:G12,L12) -> 1742385.1 | C12: =SUM(I12:K12,R12) -> 1898955.5 | E12: 426855.33 | F12: 424042.17 | G12: =Corporate!G10+'5.11 Tactical'!I17+'Arnold Magnetic'!J17+Rimports!J18+'Velocity Outdoor'!J17+'Altor Solutions'!J18+'BOA Technology'!J17+PrimaLoft!J17+THP!J17+1 -> 422930.23 | I12: 453774.57 | J12: 478690.08 | K12: 472562.1 | L12: 468557.39 | M12: 1873584.2 | O12: 410826.29 | P12: 426705 | Q12: 456552.94 | R12: 493928.78 | S12: 1788013 | U12: 406057.06 | V12: 405499 | W12: 427063.07 | X12: 451300.73 | Y12: 1689919.9 | AA12: 400214.01 | AB12: 427256.57 | AC12: 473939.76 | AD12: 455398.82 | AE12: 1756809.2
A13: Cost of Sales | B13: =SUM(E13:G13,L13) -> 952449.39 | C13: =SUM(I13:K13,R13) -> 1096018.1 | E13: 237496.75 | F13: 224079.59 | G13: =Corporate!G11+'5.11 Tactical'!I18+'Arnold Magnetic'!J18+Rimports!J19+'Velocity Outdoor'!J18+'Altor Solutions'!J19+'BOA Technology'!J18+PrimaLoft!J18+THP!J18 -> 224420.08 | I13: 257742.68 | J13: 270148.8 | K13: 264846.62 | L13: 266452.97 | M13: 1059192.1 | O13: 235874.45 | P13: 238520.49 | Q13: 259920.22 | R13: 303280.01 | S13: 1037594.2 | U13: 245564.79 | V13: 237883.21 | W13: 259006.73 | X13: 272745.1 | Y13: 1015199.8 | AA13: 253732.27 | AB13: 262051.14 | AC13: 301078.21 | AD13: 290516.44 | AE13: 1107378.1
A14: Gross Profit | B14: =SUM(E14:G14,L14) -> 789934.73 | C14: =SUM(I14:K14,R14) -> 802937.43 | E14: 189357.58 | F14: 199962.57 | G14: =G12-G13 -> 198510.16 | I14: 196031.89 | J14: 208541.28 | K14: 207715.49 | L14: 202104.42 | M14: 814392.08 | O14: 174951.84 | P14: 188184.51 | Q14: 196632.73 | R14: 190648.77 | S14: 750418.84 | U14: 160492.27 | V14: 167615.79 | W14: 168056.34 | X14: 178555.13 | Y14: 674719.53 | AA14: 146481.73 | AB14: 165206.23 | AC14: 172859.74 | AD14: 164883.39 | AE14: 649431.09
A15: SG&A | B15: =SUM(E15:G15,L15) -> 565579.4 | C15: =SUM(I15:K15,R15) -> 658061.13 | E15: 132010.2 | F15: 134337.49 | G15: =Corporate!G13+'5.11 Tactical'!I20+'Arnold Magnetic'!J20+Rimports!J21+'Velocity Outdoor'!J20+'Altor Solutions'!J21+'BOA Technology'!J20+PrimaLoft!J20+THP!J20-1 -> 130361.53 | I15: 150376.95 | J15: 162112.13 | K15: 179315.13 | L15: 168870.18 | M15: 660674.39 | O15: 137724 | P15: 137581 | Q15: 145959 | R15: 166256.91 | S15: 587520.91 | U15: 118527 | V15: 121470 | W15: 121185 | X15: 140831.44 | Y15: 502013.44 | AA15: 97082 | AB15: 102656.21 | AC15: 119360.79 | AD15: 122529 | AE15: 441628
A16: Management fees | B16: =SUM(E16:G16,L16) -> 7227.087 | C16: =SUM(I16:K16,R16) -> 73564.996 | E16: 15933.5 | F16: 13816.583 | G16: =Corporate!G14+'5.11 Tactical'!I21+'Arnold Magnetic'!J21+Rimports!J22+'Velocity Outdoor'!J21+'Altor Solutions'!J22+'BOA Technology'!J21+PrimaLoft!J21+THP!J21 -> 13650.503 | I16: 18863 | J16: 19035.499 | K16: 16213.497 | L16: -36173.499 | M16: 17937.497 | O16: 17942 | P16: 18739 | Q16: 18633 | R16: 19453 | S16: 74767 | U16: 16145 | V16: 16670 | W16: 18346 | X16: 16784 | Y16: 67945 | AA16: 14186 | AB16: 14651 | AC16: 16342 | AD16: 16925 | AE16: 62104
A17: Amortization of intangibles | B17: =SUM(E17:G17,L17) -> 91616.313 | C17: =SUM(I17:K17,R17) -> 93221.199 | E17: 22843.592 | F17: 22686.289 | G17: =Corporate!G15+'5.11 Tactical'!I22+'Arnold Magnetic'!J22+Rimports!J23+'Velocity Outdoor'!J22+'Altor Solutions'!J23+'BOA Technology'!J22+PrimaLoft!J22+THP!J22 -> 22652.609 | I17: 23350.736 | J17: 23117.449 | K17: 23254.254 | L17: 23433.823 | M17: 93156.262 | O17: 23210.767 | P17: 24384.766 | Q17: 23721.469 | R17: 23498.76 | S17: 94816.762 | U17: 20902.277 | V17: 20905.275 | W17: 20885.277 | X17: 20882.464 | Y17: 83574.293 | AA17: 15951.65 | AB17: 15676.849 | AC17: 19171.501 | AD17: 21852.599 | AE17: 72652.599
A18: Impairment of asset | B18: =SUM(E18:G18,L18) -> 20500 | C18: =SUM(I18:K18,R18) -> 31514.763 | E18: 20500 | F18: 0 | G18: =Corporate!G16+'5.11 Tactical'!I23+'Arnold Magnetic'!J23+Rimports!J24+'Velocity Outdoor'!J23+'Altor Solutions'!J24+'BOA Technology'!J23+PrimaLoft!J23+THP!J23 -> 0 | I18: 0 | J18: 31514.763 | K18: 0 | L18: 0 | M18: 31514.763 | O18: 8182 | P18: 0 | Q18: 0 | R18: 0 | S18: 8182 | U18: 0 | V18: 0 | W18: 32568 | X18: 58029.199 | Y18: 90597.199 | AA18: 2879.164 | AB18: 0 | AC18: 0 | AD18: 25722.973 | AE18: 28602.137
A19: Other operating (income) expense | B19: =SUM(E19:G19,L19) -> -10234 | C19: =SUM(I19:K19,R19) -> 0 | E19: -10383 | F19: 149 | G19: =Corporate!G17+'Altor Solutions'!J25 -> 0 | I19: 0 | J19: 0 | K19: 0 | L19: 0 | M19: 0 | O19: 0 | P19: 0 | Q19: 0 | R19: 0 | S19: 0 | U19: 0 | V19: 0 | W19: 0 | X19: 0 | Y19: 0 | AA19: 0 | AB19: 0 | AC19: 0 | AD19: 0 | AE19: 0
A20: Income from operations | B20: =B14-SUM(B15:B19) -> 115245.93 | C20: =C14-SUM(C15:C19) -> -53424.659 | E20: 8453.285 | F20: 28974.208 | G20: =G14-SUM(G15:G19)-1 -> 31844.516 | I20: 3441.206 | J20: -27237.56 | K20: -11067.4 | L20: 45973.921 | M20: 11110.167 | O20: -12106.926 | P20: 7479.744 | Q20: 8320.257 | R20: -18560.905 | S20: -14867.83 | U20: 4917.992 | V20: 8570.513 | W20: -24927.938 | X20: -57969.976 | Y20: -69409.409 | AA20: 16382.918 | AB20: 32223.323 | AC20: 17984.295 | AD20: -22146.183 | AE20: 44444.353
A22: Interest expense (net) | B22: =SUM(E22:G22,L22) -> 111760.48 | C22: =SUM(I22:K22,R22) -> 172987.38 | E22: 27494.572 | F22: 23895.232 | G22: =Corporate!G19+'5.11 Tactical'!I26+'Arnold Magnetic'!J26+Rimports!J27+'Velocity Outdoor'!J26+'Altor Solutions'!J28+'BOA Technology'!J26+PrimaLoft!J26+THP!J26 -> 21768.735 | I22: 35850.576 | J22: 34096.235 | K22: 66721.16 | L22: 38601.944 | M22: 175269.92 | O22: 25267 | P22: 29596 | Q22: 31620 | R22: 36319.406 | S22: 122802.41 | U22: 26963 | V22: 27717 | W22: 28851 | X22: 26361.235 | Y22: 109892.24 | AA22: 17863.815 | AB22: 17831.344 | AC22: 23237.102 | AD22: 26326.246 | AE22: 85258.507
A23: Amortization of debt issuance costs | B23: =SUM(E23:G23,L23) -> 6934.6 | C23: =SUM(I23:K23,R23) -> 3925.529 | E23: 2047.185 | F23: 2046.815 | G23: =Corporate!G21 -> 1710.913 | I23: 1124.515 | J23: 970.637 | K23: 825.761 | L23: 1129.687 | M23: 4051.6 | O23: 1004.616 | P23: 1003.616 | Q23: 1004.616 | R23: 1004.616 | S23: 4018.464 | U23: 1004.616 | V23: 1023.62 | W23: 1004.616 | X23: 1004.616 | Y23: 4038.468 | AA23: 865.659 | AB23: 865.659 | AC23: 1003.706 | AD23: 1004.616 | AE23: 3739.64
A24: Loss on debt modification | B24: =SUM(E24:G24,L24) -> 1038 | C24: =SUM(I24:K24,R24) -> 2826.644 | E24: 0 | F24: 0 | G24: =Corporate!G22 -> 1038 | I24: 0 | J24: 2826.644 | K24: 0 | L24: 0 | M24: 2826.644 | O24: 0 | P24: 0 | Q24: 0 | R24: 0 | S24: 0 | U24: 0 | V24: 0 | W24: 0 | X24: 0 | Y24: 0 | AA24: 0 | AB24: 0 | AC24: 534 | AD24: 0 | AE24: 534
A25: Loss(Gain) on sale | B25: =SUM(E25:G25,L25) -> -178004 | C25: =SUM(I25:K25,R25) -> 0 | E25: 0 | F25: -182342 | G25: =Corporate!G25 -> 4338 | I25: 0 | J25: 0 | K25: 0 | L25: 0 | M25: 0 | P25: 24606 | Q25: -388 | R25: 0 | S25: 24218 | U25: 0 | V25: 0 | W25: 0 | X25: 0 | Y25: 0 | AA25: 0 | AB25: 0 | AC25: 0 | AD25: 0 | AE25: 0
A26: Other expense (Income) | B26: =SUM(E26:G26,L26) -> 61088.926 | C26: =SUM(I26:K26,R26) -> 31761.452 | E26: 2678.056 | F26: 58120.793 | G26: =Corporate!G26+Corporate!G23+'5.11 Tactical'!I25+'Arnold Magnetic'!J25+Rimports!J26+'Velocity Outdoor'!J25+'Altor Solutions'!J27+'BOA Technology'!J25+PrimaLoft!J25+THP!J25 -> -63.511 | I26: 13680.804 | J26: -1712.7822 | K26: 2342.547 | L26: 353.588 | M26: 14664.156 | O26: 47439.497 | P26: 40641.55 | Q26: 37768.711 | R26: 17450.884 | S26: 143303.96 | U26: 14287.783 | V26: 18213.416 | W26: 35113.444 | X26: 15500.315 | Y26: 83113.958 | AA26: 23401.956 | AB26: 10803.908 | AC26: 14262.054 | AD26: 20378.804 | AE26: 68846.721
A27: Intercompany Interest | B27: =SUM(E27:G27,L27) -> -2.0008883e-11 | C27: =SUM(I27:K27,R27) -> -4.0927262e-12 | E27: 0 | F27: 0 | G27: =Corporate!G20+'5.11 Tactical'!I27+'Arnold Magnetic'!J27+Rimports!J28+'Velocity Outdoor'!J27+'Altor Solutions'!J29+'BOA Technology'!J27+PrimaLoft!J27+THP!J27 -> -1.8189894e-12 | I27: -4.5474735e-12 | J27: 5.9117156e-12 | K27: -5.4569682e-12 | L27: -1.8189894e-11 | M27: -2.5465852e-11 | O27: 0 | P27: 0 | Q27: 0 | R27: 0 | S27: 0 | U27: 0 | V27: 0 | W27: 0 | X27: -0.183 | Y27: -0.183 | AA27: 0 | AB27: -0.356 | AC27: 0.356 | AD27: 0 | AE27: 0
A28: Provision (benefit) for income taxes | B28: =SUM(E28:G28,L28) -> 5699.334 | C28: =SUM(I28:K28,R28) -> 22796.754 | E28: 7063.868 | F28: =39919.406+5460 -> 45379.406 | G28: =Corporate!G24+'5.11 Tactical'!I28+'Arnold Magnetic'!J28+Rimports!J29+'Velocity Outdoor'!J28+'Altor Solutions'!J30+'BOA Technology'!J28+PrimaLoft!J28+THP!J28 -> -20140.432 | I28: 2538.457 | J28: 17358.109 | K28: 5763.188 | L28: -26603.508 | M28: -944.754 | O28: 3110 | P28: 15593 | Q28: 2772 | R28: -2863 | S28: 18612 | U28: 4088 | V28: 1775 | W28: 300 | X28: 2034.579 | Y28: 8197.579 | AA28: 5193.151 | AB28: 5413.875 | AC28: 18838.047 | AD28: 47.466 | AE28: 29492.539
A29: Loss on deconsolidation | B29: =SUM(E29:G29,L29) -> 111876.31 | C29: =SUM(I29:K29,R29) -> 0 | E29: 0 | F29: 0 | G29: =0 -> 0 | I29: 0 | J29: 0 | K29: 0 | L29: 111876.31 | M29: 111876.31 | O29: 0 | P29: 0 | Q29: 0 | R29: 0 | S29: 0 | U29: 0 | V29: 0 | W29: 0 | X29: 0 | Y29: 0 | AA29: 0 | AB29: 0 | AC29: 0 | AD29: 0 | AE29: 0
A30: Net income (loss) from continuing operations | B30: =B20-SUM(B22:B29) -> -5147.722 | C30: =C20-SUM(C22:C29) -> -287722.42 | E30: -30831.396 | F30: =87333.962-5460 -> 81873.962 | G30: =G20-SUM(G22:G29) -> 23192.811 | I30: -49754.146 | J30: -80776.402 | K30: -86720.056 | L30: -79383.099 | M30: -296633.7 | O30: -88931.039 | P30: -103961.42 | Q30: -64457.07 | R30: -70472.811 | S30: -327822.66 | U30: -41426.407 | V30: -40157.523 | W30: -90196.998 | X30: -102869.98 | Y30: -274650.91 | AA30: -30941.663 | AB30: -2691.0899 | AC30: -39889.987 | AD30: -69906.315 | AE30: -143429.05
A32: Loss (income) from discontinued operations, net of tax | B32: =SUM(E32:G32,L32) -> 0 | C32: =SUM(I32:K32,R32) -> 7006 | E32: 0 | G32: =Corporate!G29 -> 0 | I32: 0 | J32: 0 | K32: 0 | L32: 0 | M32: 0 | O32: -317 | P32: -872 | Q32: 1088 | R32: 7006 | S32: 6905 | U32: -10939.348 | V32: -5436.652 | W32: -10858 | X32: 3026 | Y32: -24208 | AA32: -12380 | AB32: -7476.3763 | AC32: -11159.569 | AD32: 5184.9456 | AE32: -25831
A33: (Gain)/Loss on discontinued operations, net of income tax | B33: =SUM(E33:G33,L33) -> -2652.215 | C33: =SUM(I33:K33,R33) -> -10938.138 | E33: -157.13 | F33: -1479.87 | G33: =Corporate!G30 -> -435.153 | I33: -44.046 | J33: -2804.988 | K33: 522.896 | L33: -580.062 | M33: -2906.2 | O33: -3345 | P33: 0 | Q33: 0 | R33: -8612 | S33: -11957 | U33: -97989 | V33: -4232 | W33: -1274 | X33: -179529.5 | Y33: -283024.5 | AA33: -5993 | AB33: 579 | AC33: -1478.671 | AD33: -2500.329 | AE33: -9393
A34: Net income (loss) | B34: =+B30-B32-B33 -> -2495.507 | C34: =+C30-C32-C33 -> -283790.28 | E34: -30674.266 | F34: =88813.832-5460 -> 83353.832 | G34: =+G30-G32-G33 -> 23627.964 | I34: -49710.1 | J34: -77971.414 | K34: -87242.952 | L34: -78803.037 | M34: -293727.5 | O34: -85269.039 | P34: -103089.42 | Q34: -65545.07 | R34: -68866.811 | S34: -322770.66 | U34: 67503.941 | V34: -30488.871 | W34: -78064.998 | X34: 73633.519 | Y34: 32581.591 | AA34: -12568.663 | AB34: 4206.2863 | AC34: -27251.746 | AD34: -72590.932 | AE34: -108205.05
A36: (Income) from continuing operations attributable to NCI | B36: =SUM(E36:G36,L36) -> -3178.697 | C36: =SUM(I36:K36,R36) -> -83245 | E36: 85 | F36: 2265 | G36: =Corporate!G33 -> 2084.416 | I36: -19717 | J36: -26755 | K36: -13228 | L36: -7613.113 | M36: -67313.113 | O36: -28756 | P36: -29802 | Q36: -28922 | R36: -23545 | S36: -111025 | U36: -12488 | V36: -15672 | W36: -24032 | X36: -23569 | Y36: -75761 | AA36: -12312 | AB36: -7212.05 | AC36: -8530.723 | AD36: -22184.975 | AE36: -50239.748
A37: (Income) loss from discontinued operations attributable to minority interest | B37: =SUM(E37:G37,L37) -> 0 | C37: =SUM(I37:K37,R37) -> -1721 | E37: 0 | F37: 0 | G37: =Corporate!G34 -> 0 | I37: 0 | J37: 0 | K37: 0 | L37: 0 | M37: 0 | O37: -336 | P37: -235 | Q37: -592 | R37: -1721 | S37: -2884 | U37: -194 | V37: 89 | W37: 625 | X37: -824 | Y37: -304 | AA37: 1320 | AB37: 1071 | AC37: 923 | AD37: -2056 | AE37: 1258
A38: Net income (loss) attributable to holdings | B38: =B34-SUM(B36:B37) -> 683.19 | C38: =C34-SUM(C36:C37) -> -198824.28 | E38: -30759.266 | F38: =86548.832-5460 -> 81088.832 | G38: =G34-SUM(G36:G37) -> 21543.548 | I38: -29993.1 | J38: -51216.414 | K38: -74014.952 | L38: -71188.924 | M38: -226415.39 | O38: -56177.039 | P38: -73052.422 | Q38: -36031.07 | R38: -43600.811 | S38: -208861.66 | U38: 80185.941 | V38: -14905.871 | W38: -54657.998 | X38: 98026.519 | Y38: 108646.59 | AA38: -1576.6628 | AB38: 10347.336 | AC38: -19644.023 | AD38: -48349.957 | AE38: -59223.306
A40: Total Assets | E40: =+Corporate!E39+'5.11 Tactical'!G47+'Arnold Magnetic'!H47+Rimports!H48+'Velocity Outdoor'!H47+'Altor Solutions'!H49+'BOA Technology'!H47+PrimaLoft!H47+THP!H47 -> 2963844.4 | F40: =+Corporate!F39+'5.11 Tactical'!H47+'Arnold Magnetic'!I47+Rimports!I48+'Velocity Outdoor'!I47+'Altor Solutions'!I49+'BOA Technology'!I47+PrimaLoft!I47+THP!I47+1 -> 2752438.2 | G40: =Corporate!G39+'5.11 Tactical'!I47+'Arnold Magnetic'!J47+Rimports!J48+'Velocity Outdoor'!J47+'Altor Solutions'!J49+'BOA Technology'!J47+PrimaLoft!J47+THP!J47 -> 2749550.1 | I40: =+Corporate!I39+'5.11 Tactical'!K47+'Arnold Magnetic'!L47+Rimports!L48+'Velocity Outdoor'!L47+'Altor Solutions'!L49+'BOA Technology'!L47+PrimaLoft!L47+THP!L47+Lugano!E47 -> 3366947.8 | J40: =+Corporate!J39+'5.11 Tactical'!L47+'Arnold Magnetic'!M47+Rimports!M48+'Velocity Outdoor'!M47+'Altor Solutions'!M49+'BOA Technology'!M47+PrimaLoft!M47+THP!M47+Lugano!F47 -> 3274590.8 | K40: =+Corporate!K39+'5.11 Tactical'!M47+'Arnold Magnetic'!N47+Rimports!N48+'Velocity Outdoor'!N47+'Altor Solutions'!N49+'BOA Technology'!N47+PrimaLoft!N47+THP!N47+Lugano!G47 -> 3247169.5 | L40: =+Corporate!L39+'5.11 Tactical'!N47+'Arnold Magnetic'!O47+Rimports!O48+'Velocity Outdoor'!O47+'Altor Solutions'!O49+'BOA Technology'!O47+PrimaLoft!O47+THP!O47+Lugano!H47 -> 3039184.6 | O40: =+Corporate!O39+'5.11 Tactical'!Q47+'Arnold Magnetic'!R47+Rimports!R48+'Velocity Outdoor'!R47+'Altor Solutions'!R49+'BOA Technology'!R47+PrimaLoft!R47+THP!R47+Lugano!K47+Ergobaby!E48 -> 3292416.3 | P40: =+Corporate!P39+'5.11 Tactical'!R47+'Arnold Magnetic'!S47+Rimports!S48+'Velocity Outdoor'!S47+'Altor Solutions'!S49+'BOA Technology'!S47+PrimaLoft!S47+THP!S47+Lugano!L47+Ergobaby!F48 -> 3233258 | Q40: =+Corporate!Q39+'5.11 Tactical'!S47+'Arnold Magnetic'!T47+Rimports!T48+'Velocity Outdoor'!T47+'Altor Solutions'!T49+'BOA Technology'!T47+PrimaLoft!T47+THP!T47+Lugano!M47+Ergobaby!G48 -> 3265998 | R40: =+Corporate!R39+'5.11 Tactical'!T47+'Arnold Magnetic'!U47+Rimports!U48+'Velocity Outdoor'!U47+'Altor Solutions'!U49+'BOA Technology'!U47+PrimaLoft!U47+THP!U47+Lugano!N47+Ergobaby!H48 -> 3297420.1 | U40: =+Corporate!U39+'5.11 Tactical'!W47+'Arnold Magnetic'!X47+Rimports!X48+'Velocity Outdoor'!X47+'Altor Solutions'!X49+'BOA Technology'!X47+PrimaLoft!X47+THP!X47+Lugano!Q47+Ergobaby!K48+'Marucci Sports'!E45 -> 3378294 | V40: =+Corporate!V39+'5.11 Tactical'!X47+'Arnold Magnetic'!Y47+Rimports!Y48+'Velocity Outdoor'!Y47+'Altor Solutions'!Y49+'BOA Technology'!Y47+PrimaLoft!Y47+THP!Y47+Lugano!R47+Ergobaby!L48+'Marucci Sports'!F45 -> 3377281 | W40: =+Corporate!W39+'5.11 Tactical'!Y47+'Arnold Magnetic'!Z47+Rimports!Z48+'Velocity Outdoor'!Z47+'Altor Solutions'!Z49+'BOA Technology'!Z47+PrimaLoft!Z47+THP!Z47+Lugano!S47+Ergobaby!M48+'Marucci Sports'!G45 -> 3349055.5 | X40: =+Corporate!X39+'5.11 Tactical'!Z47+'Arnold Magnetic'!AA47+Rimports!AA48+'Velocity Outdoor'!AA47+'Altor Solutions'!AA49+'BOA Technology'!AA47+PrimaLoft!AA47+THP!AA47+Lugano!T47+Ergobaby!N48+'Marucci Sports'!H45 -> 3325140.8 | AA40: =+Corporate!AA39+'5.11 Tactical'!AC47+'Arnold Magnetic'!AD47+Rimports!AD48+'Velocity Outdoor'!AD47+'Altor Solutions'!AD49+'BOA Technology'!AD47+Lugano!W47+Ergobaby!Q48+'Marucci Sports'!K45 -> 2854915 | AB40: =+Corporate!AB39+'5.11 Tactical'!AD47+'Arnold Magnetic'!AE47+Rimports!AE48+'Velocity Outdoor'!AE47+'Altor Solutions'!AE49+'BOA Technology'!AE47+Lugano!X47+Ergobaby!R48+'Marucci Sports'!L45 -> 2916563.5 | AC40: =+Corporate!AC39+'5.11 Tactical'!AE47+'Arnold Magnetic'!AF47+Rimports!AF48+'Velocity Outdoor'!AF47+'Altor Solutions'!AF49+'BOA Technology'!AF47+PrimaLoft!AD47+Lugano!Y47+Ergobaby!S48+'Marucci Sports'!M45+'Advanced Circuits'!F58 -> 3542358 | AD40: =+Corporate!AD39+'5.11 Tactical'!AF47+'Arnold Magnetic'!AG47+Rimports!AG48+'Velocity Outdoor'!AG47+'Altor Solutions'!AG49+'BOA Technology'!AG47+PrimaLoft!AE47+Lugano!Z47+Ergobaby!T48+'Marucci Sports'!N45+'Advanced Circuits'!G58 -> 3493405
A42: Intercompany Liabilities (Inc Accrued Int) | E42: =+Corporate!E41+'5.11 Tactical'!G49+'Arnold Magnetic'!H49+Rimports!H50+'Velocity Outdoor'!H49+'Altor Solutions'!H51+'BOA Technology'!H49+PrimaLoft!H49+THP!H49 -> 0 | F42: =+Corporate!F41+'5.11 Tactical'!H49+'Arnold Magnetic'!I49+Rimports!I50+'Velocity Outdoor'!I49+'Altor Solutions'!I51+'BOA Technology'!I49+PrimaLoft!I49+THP!I49 -> 6.5483619e-11 | G42: =Corporate!G41+'5.11 Tactical'!I49+'Arnold Magnetic'!J49+Rimports!J50+'Velocity Outdoor'!J49+'Altor Solutions'!J51+'BOA Technology'!J49+PrimaLoft!J49+THP!J49 -> -7.2759576e-11 | I42: =+Corporate!I41+'5.11 Tactical'!K49+'Arnold Magnetic'!L49+Rimports!L50+'Velocity Outdoor'!L49+'Altor Solutions'!L51+'BOA Technology'!L49+PrimaLoft!L49+THP!L49+Lugano!E49 -> 0 | J42: =+Corporate!J41+'5.11 Tactical'!L49+'Arnold Magnetic'!M49+Rimports!M50+'Velocity Outdoor'!M49+'Altor Solutions'!M51+'BOA Technology'!M49+PrimaLoft!M49+THP!M49+Lugano!F49 -> 0 | K42: =+Corporate!K41+'5.11 Tactical'!M49+'Arnold Magnetic'!N49+Rimports!N50+'Velocity Outdoor'!N49+'Altor Solutions'!N51+'BOA Technology'!N49+PrimaLoft!N49+THP!N49+Lugano!G49 -> 0 | L42: =+Corporate!L41+'5.11 Tactical'!N49+'Arnold Magnetic'!O49+Rimports!O50+'Velocity Outdoor'!O49+'Altor Solutions'!O51+'BOA Technology'!O49+PrimaLoft!O49+THP!O49+Lugano!H49 -> 0 | O42: =+Corporate!O41+'5.11 Tactical'!Q49+'Arnold Magnetic'!R49+Rimports!R50+'Velocity Outdoor'!R49+'Altor Solutions'!R51+'BOA Technology'!R49+PrimaLoft!R49+THP!R49+Lugano!K49+Ergobaby!E50 -> 0.993 | P42: =+Corporate!P41+'5.11 Tactical'!R49+'Arnold Magnetic'!S49+Rimports!S50+'Velocity Outdoor'!S49+'Altor Solutions'!S51+'BOA Technology'!S49+PrimaLoft!S49+THP!S49+Lugano!L49+Ergobaby!F50 -> -2 | Q42: =+Corporate!Q41+'5.11 Tactical'!S49+'Arnold Magnetic'!T49+Rimports!T50+'Velocity Outdoor'!T49+'Altor Solutions'!T51+'BOA Technology'!T49+PrimaLoft!T49+THP!T49+Lugano!M49+Ergobaby!G50 -> 0 | R42: =+Corporate!R41+'5.11 Tactical'!T49+'Arnold Magnetic'!U49+Rimports!U50+'Velocity Outdoor'!U49+'Altor Solutions'!U51+'BOA Technology'!U49+PrimaLoft!U49+THP!U49+Lugano!N49+Ergobaby!H50 -> 1 | U42: =+Corporate!U41+'5.11 Tactical'!W49+'Arnold Magnetic'!X49+Rimports!X50+'Velocity Outdoor'!X49+'Altor Solutions'!X51+'BOA Technology'!X49+PrimaLoft!X49+THP!X49+Lugano!Q49+Ergobaby!K50+'Marucci Sports'!E47 -> 2 | V42: =+Corporate!V41+'5.11 Tactical'!X49+'Arnold Magnetic'!Y49+Rimports!Y50+'Velocity Outdoor'!Y49+'Altor Solutions'!Y51+'BOA Technology'!Y49+PrimaLoft!Y49+THP!Y49+Lugano!R49+Ergobaby!L50+'Marucci Sports'!F47 -> 0 | W42: =+Corporate!W41+'5.11 Tactical'!Y49+'Arnold Magnetic'!Z49+Rimports!Z50+'Velocity Outdoor'!Z49+'Altor Solutions'!Z51+'BOA Technology'!Z49+PrimaLoft!Z49+THP!Z49+Lugano!S49+Ergobaby!M50+'Marucci Sports'!G47 -> 0.313 | X42: =+Corporate!X41+'5.11 Tactical'!Z49+'Arnold Magnetic'!AA49+Rimports!AA50+'Velocity Outdoor'!AA49+'Altor Solutions'!AA51+'BOA Technology'!AA49+PrimaLoft!AA49+THP!AA49+Lugano!T49+Ergobaby!N50+'Marucci Sports'!H47 -> 0.177 | AA42: =+Corporate!AA41+'5.11 Tactical'!AC49+'Arnold Magnetic'!AD49+Rimports!AD50+'Velocity Outdoor'!AD49+'Altor Solutions'!AD51+'BOA Technology'!AD49+Lugano!W49+Ergobaby!Q50+'Marucci Sports'!K47 -> 0 | AB42: =+Corporate!AB41+'5.11 Tactical'!AD49+'Arnold Magnetic'!AE49+Rimports!AE50+'Velocity Outdoor'!AE49+'Altor Solutions'!AE51+'BOA Technology'!AE49+Lugano!X49+Ergobaby!R50+'Marucci Sports'!L47 -> 0 | AC42: =+Corporate!AC41+'5.11 Tactical'!AE49+'Arnold Magnetic'!AF49+Rimports!AF50+'Velocity Outdoor'!AF49+'Altor Solutions'!AF51+'BOA Technology'!AF49+PrimaLoft!AD49+Lugano!Y49+Ergobaby!S50+'Marucci Sports'!M47+'Advanced Circuits'!F60 -> 0 | AD42: =+Corporate!AD41+'5.11 Tactical'!AF49+'Arnold Magnetic'!AG49+Rimports!AG50+'Velocity Outdoor'!AG49+'Altor Solutions'!AG51+'BOA Technology'!AG49+PrimaLoft!AE49+Lugano!Z49+Ergobaby!T50+'Marucci Sports'!N47+'Advanced Circuits'!G60 -> 0
A43: Revolver and Term debt | E43: =+Corporate!E42 -> 1860248.5 | F43: =+Corporate!F42 -> 1590432.1 | G43: =+Corporate!G42 -> 1561271.7 | I43: =+Corporate!I42 -> 1860064 | J43: =+Corporate!J42 -> 1857036 | K43: =+Corporate!K42 -> 1878852.4 | L43: =+Corporate!L42 -> 1877316.5 | O43: =+Corporate!O42 -> 1715982 | P43: =+Corporate!P42 -> 1722084 | Q43: =+Corporate!Q42 -> 1776187 | R43: =+Corporate!R42 -> 1774290 | U43: =+Corporate!U42 -> 1685570 | V43: =+Corporate!V42 -> 1767673 | W43: =+Corporate!W42 -> 1775776 | X43: =+Corporate!X42 -> 1671879 | AA43: =+Corporate!AA42 -> 1300000 | AB43: =+Corporate!AB42 -> 1285747 | AC43: =+Corporate!AC42 -> 1810500 | AD43: =+Corporate!AD42 -> 1824468
A44: Other Liabilities | E44: =+Corporate!E43+'5.11 Tactical'!G50+'Arnold Magnetic'!H50+Rimports!H51+'Velocity Outdoor'!H50+'Altor Solutions'!H52+'BOA Technology'!H50+PrimaLoft!H50+THP!H50 -> 573204.28 | F44: =+Corporate!F43+'5.11 Tactical'!H50+'Arnold Magnetic'!I50+Rimports!I51+'Velocity Outdoor'!I50+'Altor Solutions'!I52+'BOA Technology'!I50+PrimaLoft!I50+THP!I50 -> 554839.24 | G44: =Corporate!G43+'5.11 Tactical'!I50+'Arnold Magnetic'!J50+Rimports!J51+'Velocity Outdoor'!J50+'Altor Solutions'!J52+'BOA Technology'!J50+PrimaLoft!J50+THP!J50 -> 562630.84 | I44: =+Corporate!I43+'5.11 Tactical'!K50+'Arnold Magnetic'!L50+Rimports!L51+'Velocity Outdoor'!L50+'Altor Solutions'!L52+'BOA Technology'!L50+PrimaLoft!L50+THP!L50+Lugano!E50 -> 993240.57 | J44: =+Corporate!J43+'5.11 Tactical'!L50+'Arnold Magnetic'!M50+Rimports!M51+'Velocity Outdoor'!M50+'Altor Solutions'!M52+'BOA Technology'!M50+PrimaLoft!M50+THP!M50+Lugano!F50 -> 1006829.7 | K44: =+Corporate!K43+'5.11 Tactical'!M50+'Arnold Magnetic'!N50+Rimports!N51+'Velocity Outdoor'!N50+'Altor Solutions'!N52+'BOA Technology'!N50+PrimaLoft!N50+THP!N50+Lugano!G50 -> 1049955.3 | L44: =+Corporate!L43+'5.11 Tactical'!N50+'Arnold Magnetic'!O50+Rimports!O51+'Velocity Outdoor'!O50+'Altor Solutions'!O52+'BOA Technology'!O50+PrimaLoft!O50+THP!O50+Lugano!H50 -> 588209.29 | O44: =+Corporate!O43+'5.11 Tactical'!Q50+'Arnold Magnetic'!R50+Rimports!R51+'Velocity Outdoor'!R50+'Altor Solutions'!R52+'BOA Technology'!R50+PrimaLoft!R50+THP!R50+Lugano!K50+Ergobaby!E51 -> 836161.72 | P44: =+Corporate!P43+'5.11 Tactical'!R50+'Arnold Magnetic'!S50+Rimports!S51+'Velocity Outdoor'!S50+'Altor Solutions'!S52+'BOA Technology'!S50+PrimaLoft!S50+THP!S50+Lugano!L50+Ergobaby!F51 -> 885815 | Q44: =+Corporate!Q43+'5.11 Tactical'!S50+'Arnold Magnetic'!T50+Rimports!T51+'Velocity Outdoor'!T50+'Altor Solutions'!T52+'BOA Technology'!T50+PrimaLoft!T50+THP!T50+Lugano!M50+Ergobaby!G51 -> 929812 | R44: =+Corporate!R43+'5.11 Tactical'!T50+'Arnold Magnetic'!U50+Rimports!U51+'Velocity Outdoor'!U50+'Altor Solutions'!U52+'BOA Technology'!U50+PrimaLoft!U50+THP!U50+Lugano!N50+Ergobaby!H51 -> 992559.26 | U44: =+Corporate!U43+'5.11 Tactical'!W50+'Arnold Magnetic'!X50+Rimports!X51+'Velocity Outdoor'!X50+'Altor Solutions'!X52+'BOA Technology'!X50+PrimaLoft!X50+THP!X50+Lugano!Q50+Ergobaby!K51+'Marucci Sports'!E48 -> 723212 | V44: =+Corporate!V43+'5.11 Tactical'!X50+'Arnold Magnetic'!Y50+Rimports!Y51+'Velocity Outdoor'!Y50+'Altor Solutions'!Y52+'BOA Technology'!Y50+PrimaLoft!Y50+THP!Y50+Lugano!R50+Ergobaby!L51+'Marucci Sports'!F48 -> 714739 | W44: =+Corporate!W43+'5.11 Tactical'!Y50+'Arnold Magnetic'!Z50+Rimports!Z51+'Velocity Outdoor'!Z50+'Altor Solutions'!Z52+'BOA Technology'!Z50+PrimaLoft!Z50+THP!Z50+Lugano!S50+Ergobaby!M51+'Marucci Sports'!G48 -> 780462.72 | X44: =+Corporate!X43+'5.11 Tactical'!Z50+'Arnold Magnetic'!AA50+Rimports!AA51+'Velocity Outdoor'!AA50+'Altor Solutions'!AA52+'BOA Technology'!AA50+PrimaLoft!AA50+THP!AA50+Lugano!T50+Ergobaby!N51+'Marucci Sports'!H48 -> 796836.86 | AA44: =Corporate!AA43+'5.11 Tactical'!AC50+'Arnold Magnetic'!AD50+Rimports!AD51+'Velocity Outdoor'!AD50+'Altor Solutions'!AD52+'BOA Technology'!AD50+Lugano!W50+Ergobaby!Q51+'Marucci Sports'!K48 -> 567173 | AB44: =Corporate!AB43+'5.11 Tactical'!AD50+'Arnold Magnetic'!AE50+Rimports!AE51+'Velocity Outdoor'!AE50+'Altor Solutions'!AE52+'BOA Technology'!AE50+Lugano!X50+Ergobaby!R51+'Marucci Sports'!L48 -> 618409 | AC44: =Corporate!AC43+'5.11 Tactical'!AE50+'Arnold Magnetic'!AF50+Rimports!AF51+'Velocity Outdoor'!AF50+'Altor Solutions'!AF52+'BOA Technology'!AF50+Lugano!Y50+Ergobaby!S51+'Marucci Sports'!M48+'Advanced Circuits'!F61+PrimaLoft!AD50 -> 712150 | AD44: =Corporate!AD43+'5.11 Tactical'!AF50+'Arnold Magnetic'!AG50+Rimports!AG51+'Velocity Outdoor'!AG50+'Altor Solutions'!AG52+'BOA Technology'!AG50+Lugano!Z50+Ergobaby!T51+'Marucci Sports'!N48+'Advanced Circuits'!G61+PrimaLoft!AE50 -> 740000
A45: Total Liabilities | E45: =SUM(E42:E44) -> 2433452.8 | F45: =SUM(F42:F44)-3 -> 2145268.3 | G45: =SUM(G42:G44) -> 2123902.5 | I45: =SUM(I42:I44) -> 2853304.6 | J45: =SUM(J42:J44) -> 2863865.7 | K45: =SUM(K42:K44) -> 2928807.7 | L45: =SUM(L42:L44) -> 2465525.8 | O45: =SUM(O42:O44) -> 2552144.7 | P45: =SUM(P42:P44) -> 2607897 | Q45: =SUM(Q42:Q44) -> 2705999 | R45: =SUM(R42:R44) -> 2766850.3 | U45: =SUM(U42:U44) -> 2408784 | V45: =SUM(V42:V44) -> 2482412 | W45: =SUM(W42:W44) -> 2556239 | X45: =SUM(X42:X44) -> 2468716 | AA45: =SUM(AA42:AA44) -> 1867173 | AB45: =SUM(AB42:AB44) -> 1904156 | AC45: =SUM(AC42:AC44) -> 2522650 | AD45: =SUM(AD42:AD44) -> 2564468
A47: Total Stockholder's equity attributable to holdings | E47: =+Corporate!E48+'5.11 Tactical'!G53+'Arnold Magnetic'!H53+Rimports!H54+'Velocity Outdoor'!H53+'Altor Solutions'!H55+'BOA Technology'!H53+PrimaLoft!H53+THP!H53 -> 400700.44 | F47: =+Corporate!F48+'5.11 Tactical'!H53+'Arnold Magnetic'!I53+Rimports!I54+'Velocity Outdoor'!I53+'Altor Solutions'!I55+'BOA Technology'!I53+PrimaLoft!I53+THP!I53+4 -> 472560.19 | G47: =Corporate!G48+'5.11 Tactical'!I53+'Arnold Magnetic'!J53+Rimports!J54+'Velocity Outdoor'!J53+'Altor Solutions'!J55+'BOA Technology'!J53+PrimaLoft!J53+THP!J53 -> 483578.46 | I47: =+Corporate!I48+'5.11 Tactical'!K53+'Arnold Magnetic'!L53+Rimports!L54+'Velocity Outdoor'!L53+'Altor Solutions'!L55+'BOA Technology'!L53+PrimaLoft!L53+THP!L53+Lugano!E53 -> 680734.25 | J47: =+Corporate!J48+'5.11 Tactical'!L53+'Arnold Magnetic'!M53+Rimports!M54+'Velocity Outdoor'!M53+'Altor Solutions'!M55+'BOA Technology'!M53+PrimaLoft!M53+THP!M53+Lugano!F53 -> 601875.03 | K47: =+Corporate!K48+'5.11 Tactical'!M53+'Arnold Magnetic'!N53+Rimports!N54+'Velocity Outdoor'!N53+'Altor Solutions'!N55+'BOA Technology'!N53+PrimaLoft!N53+THP!N53+Lugano!G53 -> 519212.79 | L47: =+Corporate!L48+'5.11 Tactical'!N53+'Arnold Magnetic'!O53+Rimports!O54+'Velocity Outdoor'!O53+'Altor Solutions'!O55+'BOA Technology'!O53+PrimaLoft!O53+THP!O53+Lugano!H53 -> 442019.85 | O47: =+Corporate!O48+'5.11 Tactical'!Q53+'Arnold Magnetic'!R53+Rimports!R54+'Velocity Outdoor'!R53+'Altor Solutions'!R55+'BOA Technology'!R53+PrimaLoft!R53+THP!R53+Lugano!K53+Ergobaby!E54 -> 799718.17 | P47: =+Corporate!P48+'5.11 Tactical'!R53+'Arnold Magnetic'!S53+Rimports!S54+'Velocity Outdoor'!S53+'Altor Solutions'!S55+'BOA Technology'!S53+PrimaLoft!S53+THP!S53+Lugano!L53+Ergobaby!F54 -> 711341 | Q47: =+Corporate!Q48+'5.11 Tactical'!S53+'Arnold Magnetic'!T53+Rimports!T54+'Velocity Outdoor'!T53+'Altor Solutions'!T55+'BOA Technology'!T53+PrimaLoft!T53+THP!T53+Lugano!M53+Ergobaby!G54 -> 672222 | R47: =+Corporate!R48+'5.11 Tactical'!T53+'Arnold Magnetic'!U53+Rimports!U54+'Velocity Outdoor'!U53+'Altor Solutions'!U55+'BOA Technology'!U53+PrimaLoft!U53+THP!U53+Lugano!N53+Ergobaby!H54 -> 678616 | U47: =+Corporate!U48+'5.11 Tactical'!W53+'Arnold Magnetic'!X53+Rimports!X54+'Velocity Outdoor'!X53+'Altor Solutions'!X55+'BOA Technology'!X53+PrimaLoft!X53+THP!X53+Lugano!Q53+Ergobaby!K54+'Marucci Sports'!E51 -> 930386 | V47: =+Corporate!V48+'5.11 Tactical'!X53+'Arnold Magnetic'!Y53+Rimports!Y54+'Velocity Outdoor'!Y53+'Altor Solutions'!Y55+'BOA Technology'!Y53+PrimaLoft!Y53+THP!Y53+Lugano!R53+Ergobaby!L54+'Marucci Sports'!F51 -> 863719 | W47: =+Corporate!W48+'5.11 Tactical'!Y53+'Arnold Magnetic'!Z53+Rimports!Z54+'Velocity Outdoor'!Z53+'Altor Solutions'!Z55+'BOA Technology'!Z53+PrimaLoft!Z53+THP!Z53+Lugano!S53+Ergobaby!M54+'Marucci Sports'!G51 -> 782117.48 | X47: =+Corporate!X48+'5.11 Tactical'!Z53+'Arnold Magnetic'!AA53+Rimports!AA54+'Velocity Outdoor'!AA53+'Altor Solutions'!AA55+'BOA Technology'!AA53+PrimaLoft!AA53+THP!AA53+Lugano!T53+Ergobaby!N54+'Marucci Sports'!H51 -> 929659.77 | AA47: =+Corporate!AA48+'5.11 Tactical'!AC53+'Arnold Magnetic'!AD53+Rimports!AD54+'Velocity Outdoor'!AD53+'Altor Solutions'!AD55+'BOA Technology'!AD53+THP!AD53+Lugano!W53+Ergobaby!Q54+'Marucci Sports'!K51 -> 944073 | AB47: =+Corporate!AB48+'5.11 Tactical'!AD53+'Arnold Magnetic'!AE53+Rimports!AE54+'Velocity Outdoor'!AE53+'Altor Solutions'!AE55+'BOA Technology'!AE53+THP!AE53+Lugano!X53+Ergobaby!R54+'Marucci Sports'!L51 -> 972418.08 | AC47: =+Corporate!AC48+'5.11 Tactical'!AE53+'Arnold Magnetic'!AF53+Rimports!AF54+'Velocity Outdoor'!AF53+'Altor Solutions'!AF55+'BOA Technology'!AF53+PrimaLoft!AD53+THP!AF53+Lugano!Y53+Ergobaby!S54+'Marucci Sports'!M51+'Advanced Circuits'!F64 -> 948605 | AD47: =+Corporate!AD48+'5.11 Tactical'!AF53+'Arnold Magnetic'!AG53+Rimports!AG54+'Velocity Outdoor'!AG53+'Altor Solutions'!AG55+'BOA Technology'!AG53+PrimaLoft!AE53+THP!AG53+Lugano!Z53+Ergobaby!T54+'Marucci Sports'!N51+'Advanced Circuits'!G64 -> 877577
A48: Noncontrolling interest | E48: =+Corporate!E46 -> 129691.16 | F48: =+Corporate!F46 -> 134609.65 | G48: =+Corporate!G46 -> 142068.14 | I48: =+Corporate!I46 -> -167091 | J48: =+Corporate!J46 -> -191150 | K48: =+Corporate!K46 -> -200851 | L48: =+Corporate!L46 -> 131639 | O48: =+Corporate!O46 -> -59447 | P48: =+Corporate!P46 -> -85980 | Q48: =+Corporate!Q46 -> -112223 | R48: =+Corporate!R46 -> -148046 | U48: =+Corporate!U46 -> 39124 | V48: =+Corporate!V46 -> 31150 | W48: =+Corporate!W46 -> 10699 | X48: =+Corporate!X46 -> -73235 | AA48: =+Corporate!AA46 -> 43669 | AB48: =+Corporate!AB46 -> 39989 | AC48: =+Corporate!AC46 -> 71103 | AD48: =+Corporate!AD46 -> 51360
A49: Total stockholders' equity | E49: =+E47+E48 -> 530391.6 | F49: =+F47+F48 -> 607169.84 | G49: =+G47+G48 -> 625646.6 | I49: =+I47+I48 -> 513643.25 | J49: =+J47+J48 -> 410725.03 | K49: =+K47+K48 -> 318361.79 | L49: =+L47+L48 -> 573658.85 | O49: =+O47+O48 -> 740271.17 | P49: =+P47+P48 -> 625361 | Q49: =+Q47+Q48 -> 559999 | R49: =+R47+R48 -> 530570 | U49: =+U47+U48 -> 969510 | V49: =+V47+V48 -> 894869 | W49: =+W47+W48 -> 792816.48 | X49: =+X47+X48 -> 856424.77 | AA49: 987742 | AB49: 1012407.1 | AC49: 1012407.1 | AD49: 1012407.1
A51: GP | B51: 1 | C51: 1 | E51: 1 | F51: 1 | G51: =G14-(G12-G13) -> 0 | I51: 0 | J51: 0 | K51: 0 | L51: -6.9849193e-10 | M51: 0 | O51: 0 | P51: 0 | Q51: 0 | R51: 0 | S51: 0 | U51: 0 | V51: 0 | W51: 0 | X51: 0.5 | Y51: 0.5 | AA51: 0 | AB51: -0.802 | AC51: 1.802 | AD51: -1 | AE51: 0
A52: Inc from Cont | B52: 0 | C52: -2 | E52: 0 | F52: -2 | G52: =G30-(G34+G33) -> 0 | I52: -5.4569682e-12 | J52: -1 | K52: 5.2750693e-11 | L52: 1 | M52: 8.7311491e-11 | O52: 2.1827873e-11 | P52: 7.2759576e-12 | Q52: -1 | R52: 1 | S52: 3.6379788e-11 | U52: 0 | V52: 3.4560799e-11 | W52: 0 | X52: -2 | Y52: -1 | AA52: 0 | AB52: -1.15999 | AC52: 1.15999 | AD52: 3.6379788e-11 | AE52: 0
A53: Net Income | B53: 1 | C53: 0 | E53: 1 | F53: 0 | G53: =G20-SUM(G22:G29)-G33-G34 -> 0 | I53: 1 | J53: 0 | K53: 0 | L53: -1 | M53: 0 | O53: 3 | P53: 1 | Q53: 0 | R53: 0 | S53: 0 | U53: 1 | V53: -1 | W53: 0 | X53: -0.557 | Y53: -0.557 | AA53: 0 | AB53: -0.01654 | AC53: -0.98346 | AD53: 3 | AE53: 2
A54: Total Liab | B54: 0 | C54: 0 | E54: 0 | F54: 0 | G54: =G45-SUM(G42:G44) -> 0 | I54: 0 | J54: 0 | K54: 0 | L54: 0 | M54: 0 | O54: 0 | P54: 0 | Q54: 0 | R54: 0 | S54: -1 | U54: 0 | V54: 0 | W54: 0 | X54: 0 | Y54: 0.177 | AA54: 0 | AB54: 0 | AC54: 0 | AD54: 0 | AE54: 0
A55: B/S | B55: 0.9996442 | C55: 0 | E55: 0.9996442 | F55: =F40-F45-F49 -> -0.00033579941 | G55: =G40-G45-G49 -> 0.999 | I55: -0.0013900006 | J55: 0 | K55: 0 | L55: 0 | M55: -0.00038999971 | O55: 0.433 | P55: 0 | Q55: 0 | R55: 0 | S55: -0.207 | U55: 0 | V55: 0 | W55: 0 | X55: 0 | Y55: -0.0089457985 | AA55: 0 | AB55: -0.07702 | AC55: 0 | AD55: 0 | AE55: 0

Sheet Corporate
A1: Compass Diversified (NYSE: CODI)
A2: Corporate Entity
B7: Current | C7: Prior | E7: 2026 | I7: 2025 | O7: 2024 | U7: 2023 | AA7: 2022 | AH7: 2021 | AN7: 2020 | AT7: 2019 | AZ7: 2018 | BF7: 2017 | BL7: 2016 | BR7: 2015 | BX7: 2014 | CD7: 2013 | CJ7: 2012 | CP7: 2011 | CV7: 2010 | DB7: 2009 | DH7: 2008 | DN7: 2007 | DT7: 2006
B8: TTM | C8: TTM | E8: Q1 | F8: Q2 | G8: Q3 | I8: Q1 | J8: Q2 | K8: Q3 | L8: Q4 | M8: FY 2025 | O8: Q1 | P8: Q2 | Q8: Q3 | R8: Q4 | S8: FY 2024 | U8: Q1 | V8: Q2 | W8: Q3 | X8: Q4 | Y8: FY 2023 | AA8: Q1 | AB8: Q2 | AC8: Q3 | AD8: Q4 | AE8: FY 2022 | AH8: Q1 | AI8: Q2 | AJ8: Q3 | AK8: Q4 | AL8: FY 2021 | AN8: Q1 | AO8: Q2 | AP8: Q3 | AQ8: Q4 | AR8: FY 2020 | AT8: Q1 | AU8: Q2 | AV8: Q3 | AW8: Q4 | AX8: FY 2019 | AZ8: Q1 | BA8: Q2 | BB8: Q3 | BC8: Q4 | BD8: FY 2018 | BF8: Q1 | BG8: Q2 | BH8: Q3 | BI8: Q4 | BJ8: FY 2017 | BL8: Q1 | BM8: Q2 | BN8: Q3 | BO8: Q4 | BP8: FY 2016 | BR8: Q1 | BS8: Q2 | BT8: Q3 | BU8: Q4 | BV8: FY 2015 | BX8: Q1 | BY8: Q2 | BZ8: Q3 | CA8: Q4 | CB8: FY 2014 | CD8: Q1 | CE8: Q2 | CF8: Q3 | CG8: Q4 | CH8: FY 2013 | CJ8: Q1 | CK8: Q2 | CL8: Q3 | CM8: Q4 | CN8: FY 2012 | CP8: Q1 | CQ8: Q2 | CR8: Q3 | CS8: Q4 | CT8: FY 2011 | CV8: Q1 | CW8: Q2 | CX8: Q3 | CY8: Q4 | CZ8: FY 2010 | DB8: Q1 | DC8: Q2 | DD8: Q3 | DE8: Q4 | DF8: FY 2009 | DH8: Q1 | DI8: Q2 | DJ8: Q3 | DK8: Q4 | DL8: FY 2008 | DN8: Q1 | DO8: Q2 | DP8: Q3 | DQ8: Q4 | DR8: FY 2007 | DT8: Q2 | DU8: Q3 | DV8: Q4 | DW8: FY 2006
A10: Net Sales | B10: =SUM(E10:G10,L10) -> 0 | C10: =SUM(I10:K10,R10) -> 0 | E10: 0 | F10: 0 | G10: 0 | I10: 0 | J10: 0 | K10: 0 | L10: 0 | M10: 0 | O10: 0 | P10: 0 | Q10: 0 | R10: 0 | S10: 0 | U10: 0 | V10: 0 | W10: 0 | X10: 0 | Y10: 0 | AA10: 0 | AB10: 0 | AC10: 0 | AD10: 0 | AE10: 0 | AG10: Net Sales | AH10: 0 | AI10: 0 | AJ10: 0 | AK10: 0 | AL10: 0 | AN10: 0 | AO10: 0 | AP10: 0 | AQ10: 0 | AR10: 0 | AT10: 0 | AU10: 0 | AV10: 0 | AW10: 0 | AX10: 0 | AZ10: 0 | BA10: 0 | BB10: 0 | BC10: 0 | BD10: 0 | BF10: 0 | BG10: 0 | BH10: 0 | BI10: 0 | BJ10: 0 | BL10: 0 | BM10: 0 | BN10: 0 | BO10: 0 | BP10: 0 | BR10: 0 | BS10: 0 | BT10: 0 | BU10: 0 | BV10: 0 | BX10: 0 | BY10: 0 | BZ10: 0 | CA10: 0 | CB10: 0 | CD10: 0 | CE10: 0 | CF10: 0 | CG10: 0 | CJ10: 0 | CK10: 0 | CL10: 0 | CM10: 0 | CN10: 0 | CP10: 0 | CQ10: 0 | CR10: 0 | CS10: 0 | CT10: 0 | CV10: 0 | CW10: 0 | CX10: 0 | CY10: -9502 | CZ10: -9502 | DB10: 0 | DC10: 0 | DD10: 0 | DE10: 0 | DF10: 0 | DH10: 0 | DI10: 0 | DJ10: 0 | DK10: 0 | DL10: 0 | DP10: 1 | DQ10: -1 | DT10: 0 | DU10: 0
A11: Cost of Sales | B11: =SUM(E11:G11,L11) -> 0 | C11: =SUM(I11:K11,R11) -> 0 | E11: 0 | F11: 0 | G11: 0 | I11: 0 | J11: 0 | K11: 0 | L11: 0 | M11: 0 | O11: 0 | P11: 0 | Q11: 0 | R11: 0 | S11: 0 | U11: 0 | V11: 0 | W11: 0 | X11: 0 | Y11: 0 | AA11: 0 | AB11: 0 | AC11: 0 | AD11: 0 | AE11: 0 | AG11: Cost of Sales | AH11: 0 | AI11: 0 | AJ11: 0 | AK11: 0 | AL11: 0 | AN11: 0 | AO11: 0 | AP11: 0 | AQ11: 0 | AR11: 0 | AT11: 0 | AU11: 0 | AV11: 0 | AW11: 0 | AX11: 0 | AZ11: 0 | BA11: 0 | BB11: 0 | BC11: 0 | BD11: 0 | BF11: 0 | BG11: 0 | BH11: 0 | BI11: 0 | BJ11: 0 | BL11: 0 | BM11: 0 | BN11: 0 | BO11: 0 | BP11: 0 | BR11: 0 | BS11: 1 | BT11: -1 | BU11: 0 | BV11: 0 | BX11: 0 | BY11: 0 | BZ11: 0 | CA11: 0 | CB11: 0 | CD11: 0 | CE11: 0 | CF11: 0 | CG11: 0 | CJ11: 0 | CK11: 0 | CL11: 0 | CM11: 0 | CN11: 0 | CP11: -4 | CQ11: -3 | CR11: 0 | CS11: -6628 | CT11: -6635 | CV11: -4 | CW11: -4 | CX11: -4 | CY11: -9505 | CZ11: -9517 | DB11: -3 | DC11: -5 | DD11: -4 | DE11: -3 | DF11: -15 | DH11: 48 | DI11: -4 | DJ11: -6 | DK11: -5 | DL11: -18 | DN11: 54 | DO11: 54 | DP11: 53 | DQ11: 46 | DR11: 129 | DT11: 18 | DU11: 35 | DV11: 33 | DW11: 86
A12: Gross Profit | B12: =SUM(E12:G12,L12) -> 0 | C12: =SUM(I12:K12,R12) -> 0 | E12: 0 | F12: 0 | G12: 0 | I12: 0 | J12: 0 | K12: 0 | L12: 0 | M12: 0 | O12: 0 | P12: 0 | Q12: 0 | R12: 0 | S12: 0 | U12: 0 | V12: 0 | W12: 0 | X12: 0 | Y12: 0 | AA12: 0 | AB12: 0 | AC12: 0 | AD12: 0 | AE12: 0 | AG12: Gross Profit | AH12: 0 | AI12: 0 | AJ12: 0 | AK12: 0 | AL12: 0 | AN12: 0 | AO12: 0 | AP12: 0 | AQ12: 0 | AR12: 0 | AT12: 0 | AU12: 0 | AV12: 0 | AW12: 0 | AX12: 0 | AZ12: 0 | BA12: 0 | BB12: 0 | BC12: 0 | BD12: 0 | BF12: 0 | BG12: 0 | BH12: 0 | BI12: 0 | BL12: 0 | BM12: 0 | BN12: 0 | BO12: 0 | BR12: 0 | BS12: -1 | BT12: 1 | BU12: 0 | BV12: 0 | BX12: 0 | BY12: 0 | BZ12: 0 | CA12: 0 | CB12: 0 | CE12: 0 | CF12: 0 | CG12: 0 | CJ12: 0 | CK12: 0 | CL12: 0 | CM12: 0 | CN12: 0 | CP12: 4 | CQ12: 3 | CR12: 0 | CS12: 6628 | CT12: 6635 | CV12: 4 | CW12: 4 | CX12: 4 | CY12: 3 | CZ12: 15 | DB12: 3 | DC12: 5 | DD12: 4 | DE12: 3 | DF12: 15 | DH12: -48 | DI12: 4 | DJ12: 6 | DK12: 5 | DL12: 18 | DN12: -54 | DO12: -54 | DP12: -52 | DQ12: -47 | DR12: -129 | DT12: -18 | DU12: -35 | DV12: -33 | DW12: -86
A13: SG&A | B13: =SUM(E13:G13,L13) -> 68457.204 | C13: =SUM(I13:K13,R13) -> 55371.867 | E13: 12982.335 | F13: 16286.039 | G13: 9845.996 | I13: 4613.704 | J13: 13151.721 | K13: 32615.442 | L13: 29342.834 | M13: 79723.701 | O13: 4586 | P13: 3947 | Q13: 5853 | R13: 4991 | S13: 19376 | U13: 4793 | V13: 4504 | W13: 3734 | X13: 5191 | Y13: 18222 | AA13: 3617 | AB13: 3455 | AC13: 3942 | AD13: 5331 | AE13: 16345 | AG13: SG&A | AH13: 3965 | AI13: 3982 | AJ13: 3746 | AK13: 5630 | AL13: 17323 | AN13: 3297 | AO13: 3638 | AP13: 3039 | AQ13: 4227 | AR13: 14201 | AT13: 3295 | AU13: 3114 | AV13: 3271 | AW13: 5187 | AX13: 14867 | AZ13: 3593 | BA13: 3984 | BB13: 2714 | BC13: 3966 | BD13: 14257 | BF13: 3519 | BG13: 2684 | BH13: 2779 | BI13: 3706 | BJ13: 12688 | BL13: 3591 | BM13: 2314 | BN13: 2710 | BO13: 3679 | BP13: 12294 | BR13: 3213 | BS13: 2209 | BT13: 2095 | BU13: 3135 | BV13: 10652 | BX13: 3106 | BY13: 2829 | BZ13: 1925 | CA13: 3323 | CB13: 11183 | CD13: 9049 | CE13: 11355 | CF13: -58960 | CG13: 3604 | CH13: -34952 | CJ13: 1355 | CK13: 4900 | CL13: 7204 | CM13: 12253 | CN13: 25711 | CP13: 5242 | CQ13: 3237 | CR13: 2839 | CS13: 14535 | CT13: 25853 | CV13: 16602 | CW13: 6734 | CX13: 3337 | CY13: 14511 | CZ13: 41184 | DB13: -5753 | DC13: 1669 | DD13: 1659 | DE13: 9355 | DF13: 6930 | DH13: 4938 | DI13: 6288 | DJ13: 1656 | DK13: 3400 | DL13: 15911 | DN13: 3527 | DO13: 2737 | DP13: 3678 | DQ13: 4938 | DR13: 14955 | DT13: 1690 | DU13: 9489 | DV13: 18204 | DW13: 29383
A14: Management fees | B14: =SUM(E14:G14,L14) -> 979 | C14: =SUM(I14:K14,R14) -> 66814 | E14: 14371 | F14: 12256 | G14: 12088 | I14: 17113 | J14: 17348 | K14: 14650 | L14: -37736 | M14: 11375 | O14: 16442 | P14: 16989 | Q14: 16883 | R14: 17703 | S14: 68017 | U14: 14645 | V14: 15170 | W14: 16846 | X14: 15284 | Y14: 61945 | AA14: 12935 | AB14: 13402 | AC14: 14842 | AD14: 15425 | AE14: 56604 | AG14: Management fees | AH14: 9485 | AI14: 9746 | AJ14: 10902 | AK14: 11372 | AL14: 41505 | AN14: 7432 | AO14: 3873 | AP14: 8346 | AQ14: 9751 | AR14: 29402 | AT14: 9769 | AU14: 7334 | AV14: 7686 | AW14: 7491 | AX14: 32280 | AZ14: 9543 | BA14: 9611 | BB14: 9580 | BC14: 10052 | BD14: 38786 | BF14: 6761 | BG14: 7055 | BH14: 7065 | BI14: 7172 | BJ14: 28053 | BL14: 5535 | BM14: 5751 | BN14: 7514 | BO14: 6923 | BP14: 25723 | BR14: 5896 | BS14: 5828 | BT14: 5538 | BU14: 5221 | BV14: 22483 | BX14: 4022 | BY14: 4311 | BZ14: 5163 | CA14: 6126 | CB14: 19622 | CD14: 3478 | CE14: 3597 | CF14: 4121 | CG14: 4278 | CH14: 15474 | CJ14: 3819 | CK14: 3496 | CL14: 3591 | CM14: 3502 | CN14: 14408 | CP14: 2705 | CQ14: 2910 | CR14: 4153 | CS14: 3864 | CT14: 13632 | CV14: 2815 | CW14: 2975 | CX14: 3288 | CY14: 3148 | CZ14: 12226 | DB14: 2274 | DC14: 2625 | DD14: 2504 | DE14: 3274 | DF14: 10677 | DH14: 2662 | DI14: 2726 | DJ14: 2856 | DK14: 2899 | DL14: 11144 | DN14: 1558 | DO14: 1782 | DP14: 1870 | DQ14: 2419 | DR14: 7632 | DT14: 547 | DU14: 1252 | DV14: 1225 | DW14: 3024
A15: Amortization of intangibles | B15: =SUM(E15:G15,L15) -> 0 | C15: =SUM(I15:K15,R15) -> 0 | E15: 0 | F15: 0 | G15: 0 | I15: 0 | J15: 0 | K15: 0 | L15: 0 | M15: 0 | O15: 0 | P15: 0 | Q15: 0 | R15: 0 | S15: 0 | U15: 0 | V15: 0 | W15: 0 | X15: 0 | AA15: 0 | AB15: 0 | AC15: 0 | AD15: 0 | AE15: 0 | AG15: Amortization of intangibles | AH15: 0 | AI15: 0 | AJ15: 0 | AK15: 0 | AL15: 0 | AN15: 0 | AO15: 0 | AP15: 0 | AQ15: 0 | AR15: 0 | AT15: 0 | AU15: 0 | AV15: 0 | AW15: 0 | AX15: 0 | AZ15: 0 | BA15: 0 | BB15: -1 | BC15: 2 | BD15: 1 | BF15: -1 | BG15: 1 | BH15: 0 | BI15: 1 | BJ15: 1 | BL15: -1 | BM15: 1 | BN15: 1 | BO15: -1 | BP15: 0 | BR15: 503 | BS15: 251 | BT15: 1 | BU15: 0 | BV15: 755 | BX15: -1 | BY15: 1 | BZ15: -1 | CA15: 500 | CB15: 499 | CD15: 64 | CE15: 74 | CF15: 61 | CG15: 54 | CH15: 253 | CJ15: 56 | CK15: 59 | CL15: 57 | CM15: 55 | CN15: 227 | CP15: 1298 | CQ15: 1300 | CR15: 1298 | CS15: -3667 | CT15: 229 | CV15: 1459 | CW15: 1379 | CX15: 1298 | CY15: 1297 | CZ15: 5433 | DB15: 1275 | DC15: 1322 | DD15: 1297 | DE15: 1459 | DF15: 5353 | DH15: 1394 | DI15: 1200 | DJ15: 1199 | DK15: 1274 | DL15: 4872 | DN15: 1395 | DO15: 1395 | DP15: 1408 | DQ15: 1382 | DR15: 5580 | DT15: 681 | DU15: 1413 | DV15: 1431 | DW15: 3525
A16: Impairment of asset | B16: =SUM(E16:G16,L16) -> 0 | C16: =SUM(I16:K16,R16) -> 0 | E16: 0 | F16: 0 | G16: 0 | I16: 0 | J16: 0 | K16: 0 | L16: 0 | M16: 0 | O16: 0 | P16: 0 | Q16: 0 | R16: 0 | S16: 0 | U16: 0 | V16: 0 | W16: 0 | X16: 0 | AA16: 0 | AB16: 0 | AC16: 0 | AD16: 0 | AE16: 0 | AG16: Impairment of asset | AH16: 0 | AI16: 0 | AJ16: 0 | AK16: 0 | AL16: 0 | AN16: 0 | AO16: 0 | AP16: 0 | AQ16: 0 | AR16: 0 | AT16: 0 | AU16: 0 | AV16: 0 | AW16: 0 | AX16: 0 | AZ16: 0 | BA16: 0 | BB16: 0 | BC16: 0 | BD16: 0 | BF16: 0 | BG16: 0 | BH16: 0 | BI16: 0 | BJ16: 0 | BL16: 0 | BM16: 0 | BN16: 0 | BO16: 0 | BP16: 0 | BR16: 0 | BS16: 0 | BT16: 0 | BU16: 0 | BV16: 0 | BX16: 0 | BY16: 0 | BZ16: 0 | CA16: 0 | CB16: 0 | CD16: 0 | CE16: 0 | CF16: 0 | CG16: 0 | CJ16: 0 | CK16: 0 | CL16: 0 | CM16: 0 | CN16: 0 | CP16: 0 | CQ16: 0 | CR16: 0 | CS16: 0 | CT16: 0 | CV16: 0 | CW16: 0 | CX16: 0 | CY16: 0 | CZ16: 0 | DB16: 9800 | DC16: 0 | DD16: 0 | DE16: 0 | DF16: 9800 | DH16: 0 | DI16: 0 | DJ16: 0 | DK16: 0 | DL16: 0 | DN16: 0 | DO16: 0 | DP16: 0 | DQ16: 0 | DR16: 0 | DT16: 0 | DU16: 0 | DV16: 0 | DW16: 0
A17: Other | B17: =SUM(E17:G17,L17) -> 0 | C17: =SUM(I17:K17,R17) -> 0 | E17: 0 | F17: 0 | G17: 0 | I17: 0 | J17: 0 | K17: 0 | L17: 0 | M17: 0 | O17: 351 | P17: 18 | Q17: 0 | R17: 0 | S17: 368 | U17: 0 | V17: -365 | W17: -29 | X17: 394 | Y17: 0 | AA17: 0 | AB17: -37 | AC17: 0 | AD17: 14 | AE17: -23 | AG17: Other | AH17: 0 | AI17: 0 | AJ17: 0 | AK17: 0 | AL17: 0 | AN17: 0 | AO17: 0 | AP17: 0 | AQ17: 0 | AR17: 0 | AT17: 0 | AU17: 0 | AV17: 0 | AW17: 0 | AX17: 0 | AZ17: 0 | BA17: 0 | BB17: 0 | BC17: 0 | BD17: 0 | BF17: 0 | BG17: 0 | BH17: 0 | BI17: 0 | BJ17: 0 | BL17: 0 | BM17: 0 | BN17: 0 | BO17: 0 | BP17: 0 | BR17: 0 | BS17: 0 | BT17: 0 | BU17: 0 | BV17: 0 | BX17: 0 | BY17: 0 | BZ17: 0 | CA17: 0 | CB17: 0 | CD17: 0 | CE17: 0 | CF17: 0 | CG17: 0 | CH17: 0 | CK17: 0 | CL17: 0 | CM17: 0 | CN17: 0 | CP17: 0 | CQ17: 0 | CR17: 0 | CS17: 0 | CV17: 0 | CW17: 0 | CX17: 0 | CY17: 0 | CZ17: 0 | DB17: 0 | DC17: 0 | DD17: 0 | DE17: 0 | DF17: 0 | DH17: 0 | DI17: 0 | DJ17: 0 | DK17: 0 | DL17: 0 | DN17: 0 | DO17: 0 | DP17: 0 | DQ17: 0 | DR17: 0 | DT17: 0 | DU17: 0 | DV17: 0 | DW17: 0
A18: Income (loss) from operations | B18: =B12-SUM(B13:B17) -> -69436.204 | C18: =C12-SUM(C13:C17) -> -122185.87 | E18: -27353.335 | F18: -28542.039 | G18: -21933.996 | I18: -21726.704 | J18: -30499.721 | K18: -47265.442 | L18: 8393.166 | M18: -91098.701 | O18: -21379 | P18: -20954 | Q18: -22736 | R18: -22694 | S18: -87761 | U18: -19438 | V18: -19309 | W18: -20551 | X18: -20869 | Y18: -80167 | AA18: -16552 | AB18: -16820 | AC18: -18784 | AD18: -20770 | AE18: -72926 | AG18: Income from operations | AH18: -13450 | AI18: -13728 | AJ18: -14648 | AK18: -17002 | AL18: -58828 | AN18: -10729 | AO18: -7511 | AP18: -11385 | AQ18: -13978 | AR18: -43603 | AT18: -13064 | AU18: -10448 | AV18: -10957 | AW18: -12678 | AX18: -47147 | AZ18: -13136 | BA18: -13595 | BB18: -12293 | BC18: -14020 | BD18: -53044 | BF18: -10279 | BG18: -9740 | BH18: -9844 | BI18: -10879 | BJ18: -40742 | BL18: -9125 | BM18: -8066 | BN18: -10225 | BO18: -10601 | BP18: -38017 | BR18: -9612 | BS18: -8289 | BT18: -7633 | BU18: -8356 | BV18: -33890 | BX18: -7127 | BY18: -7141 | BZ18: -7087 | CA18: -9949 | CB18: -31304 | CD18: -12591 | CE18: -15026 | CF18: 54778 | CG18: -7936 | CH18: 19225 | CJ18: -5230 | CK18: -8455 | CL18: -10852 | CM18: -15810 | CN18: -40346 | CP18: -9241 | CQ18: -7444 | CR18: -8290 | CS18: -8104 | CT18: -33079 | CV18: -20872 | CW18: -11084 | CX18: -7919 | CY18: -18953 | CZ18: -58828 | DB18: -7593 | DC18: -5611 | DD18: -5456 | DE18: -14085 | DF18: -32745 | DH18: -9042 | DI18: -10210 | DJ18: -5705 | DK18: -7568 | DL18: -31909 | DN18: -6534 | DO18: -5968 | DP18: -7008 | DQ18: -8786 | DR18: -28296 | DT18: -2936 | DU18: -12189 | DV18: -20893 | DW18: -36018
A19: Interest expense (net) | B19: =SUM(E19:G19,L19) -> 109002.99 | C19: =SUM(I19:K19,R19) -> 144541.57 | E19: 27342.496 | F19: 23857.708 | G19: 21632.748 | I19: 26842.121 | J19: 27083.76 | K19: 61479.688 | L19: 36170.038 | M19: 151575.61 | O19: 23593 | P19: 26449 | Q19: 27236 | R19: 29136 | S19: 106414 | U19: 26055 | V19: 26544 | W19: 27524 | X19: 24726 | Y19: 104849 | AA19: 17368 | AB19: 17466 | AC19: 22715 | AD19: 25694 | AE19: 83243 | AG19: Interest expense (net) | AH19: 13759 | AI19: 14892 | AJ19: 13813 | AK19: 16175 | AL19: 58639 | AN19: 8536 | AO19: 11115 | AP19: 12320 | AQ19: 13639 | AR19: 45610 | AT19: 18410 | AU19: 18376 | AV19: 11461 | AW19: 9733 | AX19: 57980 | AZ19: 6038 | BA19: 13402 | BB19: 15540 | BC19: 20014 | BD19: 54994 | BF19: 6991 | BG19: 8342 | BH19: 6821 | BI19: 4896 | BJ19: 27050 | BL19: 11313 | BM19: 7248 | BN19: 4278 | BO19: 1290 | BP19: 24129 | BR19: 9642 | BS19: 3004 | BT19: 11092 | BU19: 1798 | BV19: 25536 | BX19: 4489 | BY19: 4534 | BZ19: 6988 | CA19: 10497 | CB19: 26508 | CD19: 5324 | CE19: 4201 | CF19: 4976 | CG19: 4638 | CH19: 19139 | CJ19: 5969 | CK19: 7686 | CL19: 5906 | CM19: 5376 | CN19: 24937 | CP19: 2061 | CQ19: 1829 | CR19: 2131 | CS19: 6488 | CT19: 12509 | CV19: 2223 | CW19: 2386 | CX19: 2449 | CY19: 2580 | CZ19: 9638 | DB19: 2942 | DC19: 2214 | DD19: 2215 | DE19: 2319 | DF19: 9690 | DH19: 3981 | DI19: 4015 | DJ19: 3208 | DK19: 3578 | DL19: 14781 | DN19: 865 | DO19: 750 | DP19: 295 | DQ19: 1885 | DR19: 3795 | DT19: 1045 | DU19: 2175 | DV19: 2449 | DW19: 5669
A20: Intercompany Interest | B20: =SUM(E20:G20,L20) -> -86538.327 | C20: =SUM(I20:K20,R20) -> -163428.08 | E20: -19970.827 | F20: -18373.828 | G20: -17264.381 | I20: -39893.527 | J20: -41041.842 | K20: -40752.71 | L20: -30929.291 | M20: -152617.37 | O20: -37815 | P20: -38771 | Q20: -39258 | R20: -41740 | S20: -157585 | U20: -29318 | V20: -31067 | W20: -32564 | X20: -33291 | Y20: -126240 | AA20: -16971 | AB20: -17664 | AC20: -23592 | AD20: -27924 | AE20: -86151 | AG20: Intercompany Interest | AH20: -18707 | AI20: -18170 | AJ20: -16357 | AK20: -20748 | AL20: -73982 | AN20: -17732 | AO20: -16900 | AP20: -16796 | AQ20: -19021 | AR20: -70449 | AT20: -25464 | AU20: -15989 | AV20: -20156 | AW20: -18947 | AX20: -80556 | AZ20: -21147 | BA20: -25312 | BB20: -26428 | BC20: -27359 | BD20: -100246 | BF20: -15503 | BG20: -16272 | BH20: -17522 | BI20: -17514 | BJ20: -66811 | BL20: -10426 | BM20: -12292 | BN20: -14667 | BO20: -15224 | BP20: -52609 | BR20: -12463 | BS20: -12273 | BT20: -11533 | BU20: -10142 | BV20: -46411 | BX20: -9312 | BY20: -9334 | BZ20: -10164 | CA20: -13382 | CB20: -42192 | CD20: -10796 | CE20: -10867 | CF20: -10061 | CG20: -9467 | CH20: -41191 | CJ20: -8830 | CK20: -10241 | CL20: -10868 | CM20: -10507 | CN20: -40446 | CP20: -6249 | CQ20: -6030 | CR20: -7172 | CS20: -8627 | CT20: -28078 | CV20: -4882 | CW20: -6072 | CX20: -6272 | CY20: -7227 | CZ20: -24453 | DB20: -5705 | DC20: -5670 | DD20: -5248 | DE20: -5218 | DF20: -21841 | DH20: -9439 | DI20: -7746 | DJ20: -7687 | DK20: -7545 | DL20: -31288 | DN20: -4273 | DO20: -5567 | DP20: -5890 | DQ20: -8082 | DR20: -23812 | DT20: -2293 | DU20: -4653 | DV20: -5235 | DW20: -12181
A21: Amortization of debt issuance costs and I/C loan fees | B21: =SUM(E21:G21,L21) -> 6934.6 | C21: =SUM(I21:K21,R21) -> 3926.529 | E21: 2047.185 | F21: 2046.815 | G21: 1710.913 | I21: 1124.515 | J21: 971.637 | K21: 825.761 | L21: 1129.687 | M21: 4051.6 | O21: 1004.616 | P21: 1004.616 | Q21: 1004.616 | R21: 1004.616 | S21: 4018.464 | U21: 1004.616 | V21: 1024.62 | W21: 1004.616 | X21: 1004.616 | Y21: 4038.468 | AA21: 865.659 | AB21: 865.659 | AC21: 1003.706 | AD21: 1004.616 | AE21: 3739.64
A22: Loss on debt modification | B22: =SUM(E22:G22,L22) -> 1038 | C22: =SUM(I22:K22,R22) -> 2826.644 | E22: 0 | F22: 0 | G22: 1038 | I22: 0 | J22: 2826.644 | K22: 0 | L22: 0 | M22: 2826.644 | Y22: 0 | AA22: 0 | AB22: 0 | AC22: 534 | AD22: 0 | AE22: 534
A23: Amortization of Loan fees | B23: =SUM(E23:G23,L23) -> -6432.713 | C23: =SUM(I23:K23,R23) -> -4522.618 | E23: -603.514 | F23: -848.486 | G23: -598.653 | I23: -1050.468 | J23: -1078.641 | K23: -1075.359 | L23: -4382.06 | M23: -7586.528 | O23: -750.145 | P23: -825.092 | Q23: -886.931 | R23: -1318.15 | S23: -3780.15 | U23: -1185.468 | V23: -715.14 | W23: -666.82 | X23: -1405.349 | Y23: -3972.777 | AA23: -559.82117 | AB23: -594.16405 | AC23: -719.59137 | AD23: -731.778 | AE23: -2605.3546 | AG23: Other Expense (Income) | AH23: 279 | AI23: 33533 | AJ23: -151 | AK23: 380 | AL23: 34041 | AN23: 102 | AO23: 160 | AP23: 205 | AQ23: -66 | AR23: 401 | AT23: 6230 | AU23: -521 | AV23: 10947 | AW23: 7546 | AX23: 24202 | AZ23: 1818 | BA23: 2000 | BB23: -554 | BC23: 3050 | BD23: 6314 | BF23: 5245 | BG23: -740 | BH23: -1477 | BI23: 908 | BJ23: 3936 | BL23: 7274 | BM23: -18817 | BN23: -49769 | BO23: -16297 | BP23: -77609 | BR23: 13354 | BS23: -11272 | BT23: -12013 | BU23: 6294 | BV23: -3637 | BX23: 31 | BY23: 2188 | BZ23: -263794 | CA23: -11158 | CB23: -272733 | CD23: -191 | CE23: 1634 | CF23: -1471 | CG23: -79 | CH23: -107 | CJ23: -221 | CK23: -484 | CL23: -176 | CM23: -146 | CN23: -1027 | CP23: -342 | CQ23: -1 | CR23: -7 | CS23: 3876 | CT23: 2472 | CV23: 83 | CW23: -5 | CX23: 31 | CY23: -41 | CZ23: 68 | DB23: 3831 | DC23: -924 | DD23: 170 | DE23: 928 | DF23: 4005 | DH23: -242 | DI23: 167 | DJ23: 130 | DK23: 137 | DL23: 606 | DN23: 307 | DO23: 243 | DP23: -90 | DQ23: 385 | DR23: 845 | DT23: -632 | DU23: 332 | DV23: 8306 | DW23: 8006
A24: Provision (benefit) for income taxes | B24: =SUM(E24:G24,L24) -> -21918.14 | C24: =SUM(I24:K24,R24) -> 7505.772 | E24: 0 | F24: =30450.548+5460 -> 35910.548 | G24: -27176.56 | I24: 0.25 | J24: 0 | K24: 9601.522 | L24: -30652.128 | M24: -21050.356 | O24: 0 | P24: 0 | Q24: 0 | R24: -2096 | S24: -2096 | U24: 0 | V24: 0 | W24: 0 | X24: 314 | Y24: 314 | AA24: 0 | AB24: -4338 | AC24: 16457 | AD24: 0 | AE24: 12119 | AG24: Provision (benefit) for income taxes | AH24: 0 | AI24: 0 | AJ24: 0 | AK24: -12119 | AL24: -12119 | AN24: 0 | AO24: 0 | AP24: 0 | AQ24: 0 | AR24: 0 | AT24: 0 | AU24: 0 | AV24: 0 | AW24: 0 | AX24: 0 | AZ24: 0 | BA24: 0 | BB24: 0 | BC24: 0 | BD24: 0 | BF24: 0 | BG24: -1 | BH24: 0 | BI24: 1 | BJ24: 0 | BL24: -2 | BM24: 2 | BN24: 0 | BO24: 0 | BP24: 0 | BR24: -190 | BS24: -96 | BT24: 0 | BU24: 0 | BV24: -286 | BX24: -2 | BY24: 2 | BZ24: 0 | CA24: -192 | CB24: -192 | CD24: -26 | CE24: -26 | CF24: -23 | CG24: -23 | CH24: -98 | CJ24: -22 | CK24: -21 | CL24: -22 | CM24: -22 | CN24: -87 | CP24: -492 | CQ24: -489 | CR24: -496 | CS24: 1395 | CT24: -82 | CV24: -554 | CW24: -522 | CX24: -492 | CY24: -494 | CZ24: -2062 | DB24: -4204 | DC24: -503 | DD24: -491 | DE24: -553 | DF24: -5751 | DH24: -549 | DI24: -451 | DJ24: -440 | DK24: -482 | DL24: -1830 | DN24: -740 | DO24: -549 | DP24: -475 | DQ24: -640 | DR24: -2404 | DT24: 219 | DU24: -550 | DV24: -1545 | DW24: -1876
A25: Loss (Gain) on sale or deconsolidation | B25: =SUM(E25:G25,L25) -> -66127.691 | C25: =SUM(I25:K25,R25) -> 0 | E25: 0 | F25: -182342 | G25: 4338 | I25: 0 | J25: 0 | K25: 0 | L25: 111876.31 | M25: 111876.31 | Y25: 0 | AA25: 0 | AB25: 0 | AC25: 0 | AD25: 0 | AE25: 0
A26: Other (Income) Expense | B26: =SUM(E26:G26,L26) -> 60502.038 | C26: =SUM(I26:K26,R26) -> 374.947 | E26: 2801.865 | F26: 58003.135 | G26: -302.962 | I26: 12.59 | J26: 0 | K26: 0 | L26: 0 | M26: 12.59 | O26: -16.358 | P26: 527.642 | Q26: 19.642 | R26: 362.357 | S26: 898.283 | U26: 392.251 | V26: 72.556 | W26: 71.266 | X26: 769.802 | Y26: 1305.875 | AA26: 80.777 | AB26: 92.208 | AC26: 21.509 | AD26: 112.582 | AE26: 307.076 | AH26: 0 | AI26: 0 | AJ26: 0 | AK26: 0 | AL26: 0 | AN26: 0 | AO26: 0 | AP26: 0 | AQ26: 0 | AR26: 0 | AT26: -203 | AU26: 203 | AV26: 0 | AW26: 0 | AX26: 0 | AZ26: 0 | BA26: -2 | BB26: 2 | BC26: 0 | BD26: 0 | BF26: 0 | BG26: 0 | BH26: 0 | BI26: 0 | BJ26: 0 | BL26: 0 | BM26: 0 | BN26: -139 | BO26: 139 | BP26: 0 | BR26: 0 | BS26: 0 | BT26: -1 | BU26: 0 | BV26: -1 | BX26: 0 | BY26: 0 | BZ26: 0 | CA26: 0 | CB26: 0 | CD26: 0 | CE26: 0 | CF26: 0 | CG26: 0 | CH26: 0 | CJ26: 0 | CK26: -1 | CL26: 0 | CM26: 0 | CN26: 0 | CQ26: 0 | CR26: 0 | CS26: 547 | CT26: 1601 | CV26: 0 | CW26: 0 | CX26: 0 | CY26: 0 | CZ26: 0 | DB26: 0 | DC26: 0 | DD26: 0 | DE26: 0 | DF26: 0 | DI26: 0 | DJ26: 0 | DK26: 0 | DL26: 0 | DN26: 0 | DO26: 0 | DP26: 0 | DQ26: 0 | DR26: 0 | DT26: 0 | DU26: 0 | DV26: -8127 | DW26: 1705
A27: Net income (loss) from continuing operations | B27: =B18-SUM(B19:B26) -> -65896.961 | C27: =C18-SUM(C19:C26) -> -113410.63 | E27: -38970.54 | F27: =58664.069-5460 -> 53204.069 | G27: -5311.101 | I27: -8762.185 | J27: -19261.279 | K27: -77344.344 | L27: -74819.389 | M27: -180187.2 | O27: -7395.113 | P27: -9339.166 | Q27: -10851.327 | R27: -8042.823 | S27: -35630.597 | U27: -16386.399 | V27: -15168.036 | W27: -15920.062 | X27: -12987.069 | Y27: -60461.566 | AA27: -17335.615 | AB27: -12647.703 | AC27: -35203.624 | AD27: -18925.42 | AE27: -84112.361 | AH27: -8781 | AI27: -43983 | AJ27: -11953 | AK27: -690 | AL27: -65407 | AN27: -1635 | AO27: -1886 | AP27: -7114 | AQ27: -8530 | AR27: -19165 | AT27: -12037 | AU27: -12517 | AV27: -13209 | AW27: -11010 | AX27: -48773 | AZ27: 155 | BA27: -3683 | BB27: -853 | BC27: -9725 | BD27: -14106 | BF27: -7012 | BG27: -1069 | BH27: 2334 | BI27: 830 | BJ27: -4917 | BL27: -17284 | BM27: 15793 | BN27: 50072 | BO27: 19491 | BP27: 68072 | BR27: -19955 | BS27: 12348 | BT27: 4822 | BU27: -6306 | BV27: -9091 | BX27: -2333 | BY27: -4531 | BZ27: 259883 | CA27: 4286 | CB27: 257305 | CD27: -6902 | CE27: -9968 | CF27: 61357 | CG27: -3005 | CH27: 41482 | CJ27: -2126 | CK27: -5394 | CL27: -5692 | CM27: -10511 | CN27: -23723 | CP27: -4219 | CQ27: -2753 | CR27: -2746 | CS27: -11783 | CT27: -21501 | CV27: -17742 | CW27: -6871 | CX27: -3635 | CY27: -13771 | CZ27: -42019 | DB27: -4457 | DC27: -728 | DD27: -2102 | DE27: -11561 | DF27: -18848 | DH27: -2793 | DI27: -6195 | DJ27: -916 | DK27: -3256 | DL27: -14178 | DN27: -2693 | DO27: -845 | DP27: -848 | DQ27: -2334 | DR27: -6720 | DT27: -1275 | DU27: -9493 | DV27: -16741 | DW27: -37341
A29: Loss (income) from discontinued operations, net of tax | B29: =SUM(E29:G29,L29) -> 0 | C29: =SUM(I29:K29,R29) -> 7006 | E29: 0 | F29: 0 | G29: 0 | I29: 0 | J29: 0 | K29: 0 | L29: 0 | M29: 0 | O29: -317 | P29: -872 | Q29: 1088 | R29: 7006 | S29: 6905 | U29: -10939.348 | V29: -5436.652 | W29: -10858 | X29: 3026 | Y29: -24208 | AA29: -12380 | AB29: -7476.3763 | AC29: -11159.569 | AD29: 5184.9456 | AE29: -25831 | AG29: Loss (income) from discontinued operations, net of tax | AH29: 0 | AI29: 0 | AJ29: -7665 | AK29: -117 | AL29: -7782 | AN29: 0 | AO29: 0 | AP29: 0 | AQ29: 0 | AR29: 0 | AT29: 586 | AU29: -17487 | AV29: 0 | AW29: 0 | AX29: -16901 | AZ29: 0 | BA29: -1165 | BB29: 1165 | BC29: 0 | BD29: 0 | BF29: 0 | BG29: 0 | BH29: 0 | BI29: 0 | BJ29: 0 | BL29: 0 | BM29: 0 | BN29: -473 | BO29: 0 | BP29: -473 | BS29: 0 | BT29: 0 | BU29: 0 | BX29: 0 | BY29: 0 | BZ29: 0 | CA29: 0 | CB29: 0 | CD29: 0 | CE29: 0 | CF29: 0 | CG29: 0 | CH29: 0 | CJ29: 0 | CK29: 0 | CL29: 0 | CM29: 0 | CN29: 0 | CP29: 0 | CQ29: 0 | CR29: 0 | CS29: 0 | CT29: 0 | CV29: 0 | CW29: 0 | CX29: 0 | CY29: 0 | CZ29: 0 | DC29: 0 | DD29: 0 | DE29: 0 | DH29: 0 | DI29: -2577 | DJ29: 0 | DK29: 0 | DL29: -4607 | DN29: 0 | DO29: 0 | DP29: 0 | DQ29: 0 | DR29: 0 | DT29: -115 | DU29: -145 | DV29: 0 | DW29: 0
A30: (Gain) loss on sale of business | B30: =SUM(E30:G30,L30) -> -2652.215 | C30: =SUM(I30:K30,R30) -> -10938.138 | E30: -157.13 | F30: -1479.87 | G30: -435.153 | I30: -44.046 | J30: -2804.988 | K30: 522.896 | L30: -580.062 | M30: -2906.2 | O30: -3345.238 | P30: 0 | Q30: 0 | R30: -8612 | S30: -11957 | U30: -97989 | V30: -4232 | W30: -1274 | X30: -179530 | Y30: -283025 | AA30: -5993 | AB30: 579 | AC30: -1478.671 | AD30: -2500.329 | AE30: -9393 | AG30: (Gain) loss on sale of business | AH30: 0 | AI30: 0 | AJ30: -72745 | AK30: -25 | AL30: -72770 | AN30: 0 | AO30: 0 | AP30: -100 | AQ30: 0 | AR30: -100 | AT30: -121659 | AU30: -206505 | AV30: -2039 | AW30: -810 | AX30: -331013 | AZ30: 0 | BA30: 0 | BB30: -1165 | BC30: -93 | BD30: -1258 | BF30: -340 | BG30: 0 | BH30: 0 | BI30: 0 | BJ30: -340 | BL30: 0 | BM30: 0 | BN30: -2134 | BO30: -174 | BP30: -2308 | BS30: 0 | BT30: -151075 | BU30: 1277 | BV30: -149798 | BX30: 0 | BY30: 0 | BZ30: 0 | CA30: 0 | CB30: 0 | CD30: 0 | CE30: 0 | CF30: 0 | CG30: 0 | CH30: 0 | CJ30: 0 | CK30: 130 | CL30: 334 | CM30: -219 | CN30: 245 | CP30: 0 | CQ30: 0 | CR30: 0 | CS30: -88592 | CT30: -88592 | CV30: 0 | CW30: 0 | CX30: 0 | CY30: 0 | CZ30: 0 | DC30: 0 | DD30: 0 | DE30: 0 | DH30: 0 | DI30: -72296 | DJ30: -636 | DK30: -431 | DL30: -73363 | DN30: -36038 | DO30: 0 | DP30: 0 | DQ30: 204 | DR30: -35834 | DT30: 0 | DU30: 0 | DV30: 0 | DW30: 0
A31: Net income (loss) | B31: =+B27-B30-B29 -> -63244.746 | C31: =+C27-C30-C29 -> -109478.49 | E31: -38813.41 | F31: 54683.939 | G31: -4875.948 | I31: -8718.139 | J31: -16456.291 | K31: -77867.24 | L31: -74239.327 | M31: -177281 | O31: -3732.875 | P31: -8467.166 | Q31: -11939.327 | R31: -6436.823 | S31: -30578.597 | U31: 92541.949 | V31: -5499.384 | W31: -3788.062 | X31: 163516.93 | Y31: 246771.43 | AA31: 1037.3852 | AB31: -5750.3267 | AC31: -22565.383 | AD31: -21610.037 | AE31: -48888.361 | AG31: Net income (loss) | AH31: -8781 | AI31: -43983 | AJ31: 68457 | AK31: -548 | AL31: 15145 | AN31: -1635 | AO31: -1886 | AP31: -7014 | AQ31: -8530 | AR31: -19065 | AT31: 109036 | AU31: 211475 | AV31: -11170 | AW31: -10200 | AX31: 299141 | AZ31: 155 | BA31: -2518 | BB31: -853 | BC31: -9632 | BD31: -12848 | BF31: -6672 | BG31: -1069 | BH31: 2334 | BI31: 830 | BJ31: -4577 | BL31: -17284 | BM31: 15793 | BN31: 52679 | BO31: 19665 | BP31: 70853 | BR31: -19955 | BS31: 12348 | BT31: 155897 | BU31: -7583 | BV31: 140707 | BX31: -2333 | BY31: -4531 | BZ31: 259883 | CA31: 4286 | CB31: 257305 | CD31: -6902 | CE31: -9968 | CF31: 61357 | CG31: -3005 | CH31: 41482 | CJ31: -2126 | CK31: -5524 | CL31: -6026 | CM31: -10292 | CN31: -23968 | CP31: -4219 | CQ31: -2753 | CR31: -2746 | CS31: 76809 | CT31: 67091 | CV31: -17742 | CW31: -6871 | CX31: -3635 | CY31: -13771 | CZ31: -42019 | DB31: -4457 | DC31: -728 | DD31: -2102 | DE31: -11561 | DF31: -18848 | DH31: -2793 | DI31: 68678 | DJ31: -280 | DK31: -2825 | DL31: 63792 | DN31: 33345 | DO31: -845 | DP31: -848 | DQ31: -2538 | DR31: 29114 | DT31: -1160 | DU31: -9348 | DV31: -16741 | DW31: -37341
A33: Minority interest | B33: =SUM(E33:G33,L33) -> -3178.697 | C33: =SUM(I33:K33,R33) -> -83245 | E33: 85 | F33: 2265 | G33: 2084.416 | I33: -19717 | J33: -26755 | K33: -13228 | L33: -7613.113 | M33: -67313.113 | O33: -28756 | P33: -29802 | Q33: -28922 | R33: -23545 | S33: -111025 | U33: -12488 | V33: -15672 | W33: -24032 | X33: -23569 | Y33: -75761 | AA33: -12312 | AB33: -7212.05 | AC33: -8530.723 | AD33: -22184.975 | AE33: -50239.748 | AG33: Minority interest | AH33: 3002 | AI33: 3379 | AJ33: 1534 | AK33: -175 | AL33: 7740 | AN33: 1215 | AO33: 1071 | AP33: 1717 | AQ33: 414 | AR33: 4417 | AT33: 1300 | AU33: 1455 | AV33: 1242 | AW33: 1545 | AX33: 5542 | AZ33: 720 | BA33: 1441 | BB33: 1040 | BC33: 711 | BD33: 3912 | BF33: 470 | BG33: 1372 | BH33: 650 | BI33: 3129 | BJ33: 5621 | BL33: 0 | BM33: 0 | BN33: 1749 | BO33: 212 | BP33: 1961 | BR33: -385 | BS33: 2118 | BT33: 1518 | BU33: 681 | BV33: 3932 | BX33: 2714 | BY33: 6600 | BZ33: 1432 | CA33: 1574 | CB33: 12320 | CD33: 2032 | CE33: 2525 | CF33: 4909 | CG33: 1286 | CH33: 10752 | CJ33: 1675 | CK33: 2136 | CL33: 2959 | CM33: 1512 | CN33: 8282 | CP33: 407 | CQ33: 1888 | CR33: 4374 | CS33: 1184 | CT33: 7853 | CV33: 682 | CW33: 717 | CX33: 642 | CY33: 1946 | CZ33: 3987 | DB33: -14915 | DC33: -777 | DD33: 687 | DE33: 1630 | DF33: -13375 | DH33: -290 | DI33: 1218 | DJ33: 1590 | DK33: 1198 | DL33: 3493 | DN33: 42 | DO33: 207 | DP33: 620 | DQ33: 11071 | DR33: 11940 | DT33: 709 | DU33: 1187 | DV33: -651 | DW33: 1245
A34: (Income) loss from discontinued operations attributable to minority interest | B34: =SUM(E34:G34,L34) -> 0 | C34: =SUM(I34:K34,R34) -> -1721 | E34: 0 | F34: 0 | G34: 0 | I34: 0 | J34: 0 | K34: 0 | L34: 0 | M34: 0 | O34: -336 | P34: -235 | Q34: -592 | R34: -1721 | S34: -2884 | U34: -194 | V34: 89 | W34: 625 | X34: -824 | Y34: -304 | AA34: 1320 | AB34: 1071 | AC34: 923 | AD34: -2056 | AE34: 1258 | AG34: (Income) loss from discontinued operations attributable to minority interest | AH34: 0 | AI34: 0 | AJ34: 522 | AK34: 3995 | AL34: 4517 | AN34: 0 | AO34: 0 | AP34: 0 | AQ34: 0 | AR34: 0 | AT34: -450 | AU34: 184 | AV34: 0 | AW34: 0 | AX34: -266 | AZ34: 0 | BA34: 0 | BB34: 0 | BC34: 0 | BD34: 0 | BF34: 0 | BG34: 0 | BH34: 0 | BI34: 0 | BJ34: 0 | BL34: 0 | BM34: 0 | BN34: -116 | BO34: 0 | BP34: -116 | BR34: 0 | BS34: 0 | BT34: 0 | BU34: 0 | BV34: 0 | BX34: 0 | BY34: 0 | BZ34: 0 | CA34: 0 | CB34: 0 | CD34: 0 | CE34: 0 | CF34: 0 | CG34: 0 | CH34: 0 | CJ34: 0 | CK34: 0 | CL34: 0 | CM34: 0 | CN34: 0 | CP34: 0 | CQ34: 0 | CR34: 0 | CS34: 0 | CT34: 0 | CV34: 0 | CW34: 0 | CX34: 0 | CY34: 0 | CZ34: 0 | DB34: 0 | DC34: 0 | DD34: 0 | DE34: 0 | DF34: 0 | DH34: 0 | DI34: 0 | DJ34: 0 | DK34: 0 | DL34: 0 | DN34: 0 | DO34: 0 | DP34: 0 | DQ34: 0 | DR34: 0
A35: Net income (loss) attributable to holdings | B35: =+B31-B33-B34 -> -60066.049 | C35: =+C31-C33-C34 -> -24512.493 | E35: -38898.41 | F35: 52418.939 | G35: -6960.364 | I35: 10998.861 | J35: 10298.709 | K35: -64639.24 | L35: -66626.214 | M35: -109967.88 | O35: 25359.125 | P35: 21569.834 | Q35: 17574.673 | R35: 18829.177 | S35: 83330.403 | U35: 105223.95 | V35: 10083.616 | W35: 19618.938 | X35: 187909.93 | Y35: 322836.43 | AA35: 12029.385 | AB35: 390.72333 | AC35: -14957.66 | AD35: 2630.9384 | AE35: 93.38659 | AG35: Net income (loss) attributable to holdings | AH35: -11783 | AI35: -47362 | AJ35: 66401 | AK35: -4368 | AL35: 2888 | AN35: -2850 | AO35: -2957 | AP35: -8731 | AQ35: -8944 | AR35: -23482 | AT35: 108186 | AU35: 209836 | AV35: -12412 | AW35: -11745 | AX35: 293865 | AZ35: -565 | BA35: -3959 | BB35: -1893 | BC35: -10343 | BD35: -16760 | BF35: -7142 | BG35: -2441 | BH35: 1684 | BI35: -2299 | BJ35: -10198 | BL35: -17284 | BM35: 15793 | BN35: 51046 | BO35: 19453 | BP35: 69008 | BR35: -19570 | BS35: 10230 | BT35: 154379 | BU35: -8264 | BV35: 136775 | BX35: -5047 | BY35: -11131 | BZ35: 258451 | CA35: 2712 | CB35: 244985 | CD35: -8934 | CE35: -12493 | CF35: 56448 | CG35: -4291 | CH35: 30730 | CJ35: -3801 | CK35: -7660 | CL35: -8985 | CM35: -11804 | CN35: -32250 | CP35: -4626 | CQ35: -4641 | CR35: -7120 | CS35: 75625 | CT35: 59238 | CV35: -18424 | CW35: -7588 | CX35: -4277 | CY35: -15717 | CZ35: -46006 | DB35: 10458 | DC35: 49 | DD35: -2789 | DE35: -13191 | DF35: -5473 | DH35: -2503 | DI35: 67460 | DJ35: -1870 | DK35: -4023 | DL35: 60299 | DN35: 33303 | DO35: -1052 | DP35: -1468 | DQ35: -13609 | DR35: 17174 | DT35: -1869 | DU35: -10535 | DV35: -16090 | DW35: -38586
A39: Total Assets | E39: 148174.56 | F39: 82649.689 | G39: =97752.2249999996-(13783-1300)+1 -> 85270.225 | I39: 103760 | J39: 19644 | K39: 8144 | L39: 160666 | O39: 8170 | P39: 5155 | Q39: 15827 | R39: 20902 | U39: 8398 | V39: 19845 | W39: 18881 | X39: 404325 | AA39: 152492 | AB39: 150587 | AC39: 21044 | AD39: 26656 | AH39: 665030 | AI39: 54968 | AJ39: 17839 | AK39: 203057 | AN39: 246902 | AO39: 131632 | AP39: 127357 | AQ39: 8239 | AT39: 51776 | AU39: 504063 | AV39: 250534 | AW39: 65294 | AZ39: 5652 | BA39: 5785 | BB39: 4534 | BC39: 8595 | BF39: 92582 | BG39: 11038 | BH39: 11847 | BI39: 8476 | BL39: 257062 | BM39: 219211 | BN39: 207119 | BO39: 154619 | BR39: 247765 | BS39: 261135 | BT39: 390229 | BU39: 327006 | BX39: 89473 | BY39: 123308 | BZ39: 259400 | CA39: 262248 | CD39: 32259 | CE39: 33581 | CF39: 161094 | CG39: 115581 | CJ39: 36936 | CK39: 33192 | CL39: 37199 | CM39: 30125 | CP39: 57960 | CQ39: 55628 | CR39: 47549 | CS39: 160821 | CV39: 68722 | CW39: 64325 | CX39: 64439 | CY39: 55344 | DB39: 97584 | DC39: 112721 | DD39: 98753 | DE39: 81932 | DH39: 121722 | DI39: 192667 | DJ39: 175926 | DK39: 184621 | DN39: 120259 | DO39: 186583 | DP39: 113046 | DQ39: 228380 | DT39: 118093 | DU39: 128761 | DV39: 128614
A41: Intercompany Liabilities (Inc Accrued Int) | E41: -793060.3 | F41: -709661.16 | G41: -660866.27 | I41: -1622282.5 | J41: -1657442.2 | K41: -1638759.5 | L41: -854410.2 | O41: -1513921 | P41: -1494351 | Q41: -1534049 | R41: -1590003 | U41: -1355194 | V41: -1357555 | W41: -1351129 | X41: -1370178 | AA41: -1159127 | AB41: -1161078 | AC41: -1434234 | AD41: -1424106 | AH41: -926424 | AI41: -883077 | AJ41: -1038263 | AK41: -1048576 | AN41: -838819 | AO41: -845789 | AP41: -831187 | AQ41: -964135 | AT41: -1163318 | AU41: -910470 | AV41: -901835 | AW41: -853578 | AZ41: -1187629 | BA41: -1195676 | BB41: -1259325 | BC41: -1205380 | BF41: -789957 | BG41: -864159 | BH41: -866806 | BI41: -856129 | BL41: -509480 | BM41: -662197 | BN41: -812322 | BO41: -786775 | BR41: -594926 | BS41: -571028 | BT41: -458575 | BU41: -451925 | BX41: -407778 | BY41: -395289 | BZ41: -505509 | CA41: -600358 | CD41: -484841 | CE41: -482657 | CF41: -402630 | CG41: -404204 | CJ41: -465302 | CK41: -487582 | CL41: -465695 | CM41: -487744 | CP41: -324143 | CQ41: -318444 | CR41: -451681 | CS41: -377851 | CV41: -347380 | CW41: -354973 | CX41: -385945 | CY41: -359687 | DB41: -335446 | DC41: -313715 | DD41: -308446 | DE41: -306461 | DH41: -430577 | DI41: -401274 | DJ41: -385274 | DK41: -364251 | DN41: -206054 | DO41: -210991 | DP41: -273881 | DQ41: -298183 | DT41: -167622 | DU41: -179198 | DV41: -183371
A42: Senior Notes, Term Debt & Revolver | E42: 1860248.5 | F42: 1590432.1 | G42: 1561271.7 | I42: 1860064 | J42: 1857036 | K42: 1878852.4 | L42: 1877316.5 | O42: 1715982 | P42: 1722084 | Q42: 1776187 | R42: 1774290 | U42: 1685570 | V42: 1767673 | W42: 1775776 | X42: 1671879 | AA42: 1300000 | AB42: 1285747 | AC42: 1810500 | AD42: 1824468 | AH42: 1605000 | AI42: 1000000 | AJ42: 1134000 | AK42: 1300000 | AN42: 600000 | AO42: 600000 | AP42: 600000 | AQ42: 907000 | AT42: 976321 | AU42: 890223 | AV42: 696700 | AW42: 400000 | AZ42: 945823 | BA42: 986614 | BB42: 1126517 | BC42: 1120419 | BF42: 559944 | BG42: 562431 | BH42: 583117 | BI42: 598490 | BL42: 315847 | BM42: 393203 | BN42: 729107 | BO42: 565352 | BR42: 507427 | BS42: 506782 | BT42: 317137 | BU42: 316492 | BX42: 274820 | BY42: 320361 | BZ42: 407716 | CA42: 488797 | CD42: 272281 | CE42: 293075 | CF42: 275657 | CG42: 275239 | CJ42: 296063 | CK42: 265612 | CL42: 264835 | CM42: 269558 | CP42: 80500 | CQ42: 88000 | CR42: 292500 | CS42: 216250 | CV42: 146000 | CW42: 88200 | CX42: 175800 | CY42: 96000 | DB42: 77500 | DC42: 77500 | DD42: 77000 | DE42: 76500 | DH42: 194500 | DI42: 154000 | DJ42: 153500 | DK42: 153000 | DN42: 95300 | DO42: 0 | DP42: 24000 | DQ42: 148000 | DT42: 50000 | DU42: 69500 | DV42: 85000
A43: Other Liabilities | E43: 86072.861 | F43: =82856.7040454731+5460 -> 88316.704 | G43: =95236.953-12483-5 -> 82748.953 | I43: 92923.539 | J43: 91139.191 | K43: 126721.08 | L43: 94317.695 | O43: 80495 | P43: 71691 | Q43: 81239 | R43: 85702 | U43: 54588 | V43: 45034 | W43: 65362 | X43: 70020 | AA43: 49971 | AB43: 51076 | AC43: 36047 | AD43: 51852 | AH43: 8286 | AI43: 10952 | AJ43: 32569 | AK43: 33464 | AN43: 10077 | AO43: -1765 | AP43: 15806 | AQ43: 8303 | AT43: 3648 | AU43: -2609 | AV43: 8578 | AW43: 5402 | AZ43: -188 | BA43: -6692 | BB43: 3611 | BC43: -5197 | BF43: 2618 | BG43: 6844 | BH43: 9008 | BI43: 2779 | BL43: 19263 | BM43: 27034 | BN43: 22385 | BO43: 27831 | BR43: 21410 | BS43: 18730 | BT43: 47079 | BU43: 22710 | BX43: 17701 | BY43: 15421 | BZ43: 15597 | CA43: 20442 | CD43: 71270 | CE43: 76957 | CF43: 17285 | CG43: 19813 | CJ43: 42748 | CK43: 47516 | CL43: 56187 | CM43: 64001 | CP43: 82313 | CQ43: 69521 | CR43: 64482 | CS43: 59648 | CV43: 46168 | CW43: 52653 | CX43: 52219 | CY43: 62970 | DB43: 32297 | DC43: 24863 | DD43: 24098 | DE43: 30003 | DH43: 67117 | DI43: 66743 | DJ43: 51288 | DK43: 58707 | DN43: 45383 | DO43: 49814 | DP43: 52611 | DQ43: 49242 | DT43: 36274 | DU43: 41279 | DV43: 55206
A44: Total Liabilities | E44: 1153261.1 | F44: =963627.624445473+5460 -> 969087.62 | G44: =SUM(G41:G43) -> 983154.39 | I44: 330705 | J44: 290733 | K44: 366814 | L44: 1117224 | O44: 282556 | P44: 299424 | Q44: 323377 | R44: 269989 | U44: 384964 | V44: 455152 | W44: 490009 | X44: 371721 | AA44: 190844 | AB44: 175745 | AC44: 412313 | AD44: 452214 | AH44: 686862 | AI44: 127875 | AJ44: 128306 | AK44: 284888 | AN44: -228742 | AO44: -247554 | AP44: -215381 | AQ44: -48832 | AT44: -183349 | AU44: -22856 | AV44: -196557 | AW44: -448176 | AZ44: -241994 | BA44: -215754 | BB44: -129197 | BC44: -90158 | BF44: -227395 | BG44: -294884 | BH44: -274681 | BI44: -254860 | BL44: -174370 | BM44: -241960 | BN44: -60830 | BO44: -193592 | BR44: -66089 | BS44: -45516 | BT44: -94359 | BU44: -112723 | BX44: -115257 | BY44: -59507 | BZ44: -82196 | CA44: -91119 | CD44: -141290 | CE44: -112625 | CF44: -109688 | CG44: -109152 | CJ44: -126491 | CK44: -174454 | CL44: -144673 | CM44: -154185 | CP44: -161330 | CQ44: -160923 | CR44: -94699 | CS44: -101953 | CV44: -155212 | CW44: -214120 | CX44: -157926 | CY44: -200717 | DB44: -225649 | DC44: -211352 | DD44: -207348 | DE44: -199958 | DH44: -168960 | DI44: -180531 | DJ44: -180486 | DK44: -152544 | DN44: -65371 | DO44: -161177 | DP44: -197270 | DQ44: -100941 | DT44: -81348 | DU44: -68419 | DV44: -43165
A46: Minority Interest | E46: 129691.16 | F46: 134609.65 | G46: 142068.14 | I46: -167091 | J46: -191150 | K46: -200851 | L46: 131639 | O46: -59447 | P46: -85980 | Q46: -112223 | R46: -148046 | U46: 39124 | V46: 31150 | W46: 10699 | X46: -73235 | AA46: 43669 | AB46: 39989 | AC46: 71103 | AD46: 51360 | AH46: 125967 | AI46: 131136 | AJ46: 158816 | AK46: 172714 | AN46: 53808 | AO46: 67816 | AP46: 70794 | AQ46: 118301 | AT46: 52187 | AU46: 45977 | AV46: 47445 | AW46: 50548 | AZ46: 49670 | BA46: 53740 | BB46: 57709 | BC46: 59970 | BF46: 40111 | BG46: 43965 | BH46: 47626 | BI46: 52791 | BL46: 47931 | BM46: 29828 | BN46: 36227 | BO46: 38139 | BR46: 41538 | BS46: 45019 | BT46: 36624 | BU46: 47135 | BX46: 101686 | BY46: 110880 | BZ46: 38177 | CA46: 40903 | CD46: 41827 | CE46: 45349 | CF46: 92948 | CG46: 95550 | CJ46: 57513 | CK46: 52677 | CL46: 54897 | CM46: 41584 | CP46: 89714 | CQ46: 92541 | CR46: 151989 | CS46: 98969 | CV46: 82685 | CW46: 84122 | CX46: 92897 | CY46: 87840 | DB46: 65098 | DC46: 69691 | DD46: 68525 | DE46: 70905 | DH46: 83644 | DI46: 79207 | DJ46: 77510 | DK46: 79431 | DN46: 24860 | DO46: 27883 | DP46: 30393 | DQ46: 27726 | DT46: 14523 | DU46: 25956 | DV46: 27131
A48: Total Equity | E48: -1134777.6 | F48: -1021047.6 | G48: =-1039958.307+5 -> -1039953.3 | I48: -59854 | J48: -79939 | K48: -157819 | L48: -1088197 | O48: -517326 | P48: -546517 | Q48: -572466 | R48: -515358 | U48: -606258 | V48: -676122 | W48: -721297 | X48: -160027 | AA48: -208638 | AB48: -202495 | AC48: -611687 | AD48: -650600 | AH48: -147799 | AI48: -204043 | AJ48: -269283 | AK48: -254545 | AN48: 421836 | AO48: 311370 | AP48: 271944 | AQ48: -61230 | AT48: 182938 | AU48: 480942 | AV48: 399646 | AW48: 462922 | AZ48: 197976 | BA48: 167799 | BB48: 76022 | BC48: 38783 | BF48: 279866 | BG48: 261957 | BH48: 238902 | BI48: 210545 | BL48: 383501 | BM48: 431343 | BN48: 231722 | BO48: 310072 | BR48: 272316 | BS48: 261632 | BT48: 447964 | BU48: 392594 | BX48: 103044 | BY48: 71935 | BZ48: 303419 | CA48: 312464 | CD48: 131722 | CE48: 100857 | CF48: 177834 | CG48: 129183 | CJ48: 105914 | CK48: 154969 | CL48: 126975 | CM48: 142726 | CP48: 129576 | CQ48: 124010 | CR48: -9741 | CS48: 163805 | CV48: 141249 | CW48: 194323 | CX48: 129468 | CY48: 168221 | DB48: 258135 | DC48: 254382 | DD48: 237576 | DE48: 210985 | DH48: 207038 | DI48: 293991 | DJ48: 278902 | DK48: 257734 | DN48: 160770 | DO48: 319877 | DP48: 279923 | DQ48: 301595 | DT48: 184918 | DU48: 171224 | DV48: 144648
A51: GP | B51: 0 | C51: 0 | E51: 0 | F51: 0 | G51: 0 | I51: 0 | J51: 0 | K51: 0 | L51: 0 | M51: 0 | O51: 0 | P51: 0 | Q51: 0 | R51: 0 | S51: 0 | U51: 0 | V51: 0 | W51: 0 | X51: 0 | Y51: 0 | AA51: 0 | AB51: 0 | AC51: 0 | AD51: 0 | AE51: 0 | AH51: 0 | AI51: 0 | AJ51: 0 | AK51: 0 | AL51: 0 | AN51: 0 | AO51: 0 | AP51: 0 | AQ51: 0 | AR51: 0 | AT51: 0 | AU51: 0 | AV51: 0 | AW51: 0 | AX51: 0 | AZ51: 0 | BA51: 0 | BB51: 0 | BC51: 0 | BD51: 0 | BF51: 0 | BG51: 0 | BH51: 0 | BI51: 0 | BJ51: 0 | BL51: 0 | BM51: 0 | BN51: 0 | BO51: 0 | BP51: 0 | BR51: 0 | BS51: 0 | BT51: 0 | BU51: 0 | BV51: 0 | BX51: 0 | BY51: 0 | BZ51: 0 | CA51: 0 | CB51: 0 | CD51: 0 | CE51: 0 | CF51: 0 | CG51: 0 | CH51: 0 | CJ51: 0 | CK51: 0 | CL51: 0 | CM51: 0 | CN51: 0 | CP51: 0 | CQ51: 0 | CR51: 0 | CS51: 0 | CT51: 0 | CV51: 0 | CW51: 0 | CX51: 0 | CY51: 0 | CZ51: 0 | DB51: 0 | DC51: 0 | DD51: 0 | DE51: 0 | DF51: 0 | DH51: 0 | DI51: 0 | DJ51: 0 | DK51: 0 | DL51: 0 | DN51: 0 | DO51: 0 | DP51: 0 | DQ51: 0 | DR51: 0 | DT51: 0 | DU51: 0 | DV51: 0 | DW51: 0
A52: Inc from Cont | B52: 0 | C52: 0 | E52: 0 | F52: 0 | G52: 0 | I52: 0 | J52: 0 | K52: 0 | L52: 0 | M52: 0 | O52: 0 | P52: 0 | Q52: 0 | R52: 0 | S52: 0 | U52: 0 | V52: 0 | W52: 0 | X52: 0 | Y52: 0 | AA52: 0 | AB52: 0 | AC52: 0 | AD52: 0 | AE52: 0 | AH52: 0 | AI52: 0 | AJ52: 0 | AK52: 0 | AL52: 0 | AN52: 0 | AO52: 0 | AP52: 0 | AQ52: 0 | AR52: 0 | AT52: 0 | AU52: 0 | AV52: 0 | AW52: 0 | AX52: 0 | AZ52: 0 | BA52: 0 | BB52: 0 | BC52: 0 | BD52: 0 | BF52: 0 | BG52: 0 | BH52: 0 | BI52: 0 | BJ52: 0 | BL52: 0 | BM52: 0 | BN52: 0 | BO52: 0 | BP52: 0 | BR52: 0 | BS52: 0 | BT52: 0 | BU52: 0 | BV52: 0 | BX52: 0 | BY52: 0 | BZ52: 0 | CA52: 0 | CB52: 0 | CD52: 0 | CE52: 0 | CF52: 0 | CG52: 0 | CH52: 0 | CJ52: 0 | CK52: 0 | CL52: 0 | CM52: 0 | CN52: 0 | CP52: 0 | CQ52: 0 | CR52: 0 | CS52: 0 | CT52: 0 | CV52: 0 | CW52: 0 | CX52: 0 | CY52: 0 | CZ52: 0 | DB52: 0 | DC52: 0 | DD52: 0 | DE52: 0 | DF52: 0 | DH52: 0 | DI52: 0 | DJ52: 0 | DK52: 0 | DL52: 0 | DN52: 0 | DO52: 0 | DP52: 0 | DQ52: 0 | DR52: 0 | DT52: 0 | DU52: 0 | DV52: 0 | DW52: 0
A53: Net Income | B53: 0 | C53: 0 | E53: 0 | F53: 0 | G53: 0 | I53: 0 | J53: 0 | K53: 0 | L53: 0 | M53: 0 | O53: 0 | P53: 0 | Q53: 0 | R53: 0 | S53: 0 | U53: 0 | V53: 0 | W53: 0 | X53: 0 | Y53: 0 | AA53: 0 | AB53: 0 | AC53: 0 | AD53: 0 | AE53: 0 | AH53: 0 | AI53: 0 | AJ53: 0 | AK53: 0 | AL53: 0 | AN53: 0 | AO53: 0 | AP53: 0 | AQ53: 0 | AR53: 0 | AT53: 0 | AU53: 0 | AV53: 0 | AW53: 0 | AX53: 0 | AZ53: 0 | BA53: 0 | BB53: 0 | BC53: 0 | BD53: 0 | BF53: 0 | BG53: 0 | BH53: 0 | BI53: 0 | BJ53: 0 | BL53: 0 | BM53: 0 | BN53: 0 | BO53: 0 | BP53: 0 | BR53: 0 | BS53: 0 | BT53: 0 | BU53: 0 | BV53: 0 | BX53: 0 | BY53: 0 | BZ53: 0 | CA53: 0 | CB53: 0 | CD53: 0 | CE53: 0 | CF53: 0 | CG53: 0 | CH53: 0 | CJ53: 0 | CK53: 0 | CL53: 0 | CM53: 0 | CN53: 0 | CP53: 0 | CQ53: 0 | CR53: 0 | CS53: 0 | CT53: 0 | CV53: 0 | CW53: 0 | CX53: 0 | CY53: 0 | CZ53: 0 | DB53: 0 | DC53: 0 | DD53: 0 | DE53: 0 | DF53: 0 | DH53: 0 | DI53: 0 | DJ53: 0 | DK53: 0 | DL53: 0 | DN53: 0 | DO53: 0 | DP53: 0 | DQ53: 0 | DR53: 0 | DT53: 0 | DU53: 0 | DV53: 0 | DW53: 0
A54: Total Liab | B54: 0 | C54: 0 | E54: 0 | F54: 0 | G54: 0 | I54: 0 | J54: 0 | K54: 0 | L54: 0 | M54: 0 | O54: 0 | P54: 0 | Q54: 0 | R54: 0 | S54: 0 | U54: 0 | V54: 0 | W54: 0 | X54: 0 | Y54: 0 | AA54: 0 | AB54: 0 | AC54: 0 | AD54: 0 | AE54: 0 | AH54: 0 | AI54: 0 | AJ54: 0 | AK54: 0 | AL54: 0 | AN54: 0 | AO54: 0 | AP54: 0 | AQ54: 0 | AR54: 0 | AT54: 0 | AU54: 0 | AV54: 0 | AW54: 0 | AX54: 0 | AZ54: 0 | BA54: 0 | BB54: 0 | BC54: 0 | BD54: 0 | BF54: 0 | BG54: 0 | BH54: 0 | BI54: 0 | BJ54: 0 | BL54: 0 | BM54: 0 | BN54: 0 | BO54: 0 | BP54: 0 | BR54: 0 | BS54: 0 | BT54: 0 | BU54: 0 | BV54: 0 | BX54: 0 | BY54: 0 | BZ54: 0 | CA54: 0 | CB54: 0 | CD54: 0 | CE54: 0 | CF54: 0 | CG54: 0 | CH54: 0 | CJ54: 0 | CK54: 0 | CL54: 0 | CM54: 0 | CN54: 0 | CP54: 0 | CQ54: 0 | CR54: 0 | CS54: 0 | CT54: 0 | CV54: 0 | CW54: 0 | CX54: 0 | CY54: 0 | CZ54: 0 | DB54: 0 | DC54: 0 | DD54: 0 | DE54: 0 | DF54: 0 | DH54: 0 | DI54: 0 | DJ54: 0 | DK54: 0 | DL54: 0 | DN54: 0 | DO54: 0 | DP54: 0 | DQ54: 0 | DR54: 0 | DT54: 0 | DU54: 0 | DV54: 0 | DW54: 0
A55: B/S | B55: 3.4200959e-05 | C55: 0 | E55: 3.4200959e-05 | F55: =F39-F44-F46-F48 -> 3.4200726e-05 | G55: =G39-G44-G46-G48 -> 0.999 | I55: 0 | J55: 0 | K55: 0 | L55: 0 | M55: 0 | O55: 302387 | P55: 0 | Q55: 0 | R55: 0 | S55: 414317 | U55: 190568 | V55: 0 | W55: 0 | X55: 0 | Y55: 265866 | AA55: 126617 | AB55: 137348 | AC55: 0 | AD55: 0 | AE55: 173682 | AH55: 0 | AI55: 0 | AJ55: 0 | AK55: 0 | AL55: 0 | AN55: 0 | AO55: 0 | AP55: 0 | AQ55: 0 | AR55: 0 | AT55: 0 | AU55: 0 | AV55: 0 | AW55: 0 | AX55: 0 | AZ55: 0 | BA55: 0 | BB55: 0 | BC55: 0 | BD55: 0 | BF55: 0 | BG55: 0 | BH55: 0 | BI55: 0 | BJ55: 0 | BL55: 0 | BM55: 0 | BN55: 0 | BO55: 0 | BP55: 0 | BR55: 0 | BS55: 0 | BT55: 0 | BU55: 0 | BV55: 0 | BX55: 0 | BY55: 0 | BZ55: 0 | CA55: 0 | CB55: 0 | CD55: 0 | CE55: 0 | CF55: 0 | CG55: 0 | CH55: 0 | CJ55: 0 | CK55: 0 | CL55: 0 | CM55: 0 | CN55: 0 | CP55: 0 | CQ55: 0 | CR55: 0 | CS55: 0 | CT55: 0 | CV55: 0 | CW55: 0 | CX55: 0 | CY55: 0 | CZ55: 0 | DB55: 0 | DC55: 0 | DD55: 0 | DE55: 0 | DF55: 0 | DH55: 0 | DI55: 0 | DJ55: 0 | DK55: 0 | DL55: 0 | DN55: 0 | DO55: 0 | DP55: 0 | DQ55: 0 | DR55: 0 | DT55: 0 | DU55: 0 | DV55: 0 | DW55: 0

Sheet Current Subsidiaries

Sheet 5.11 Tactical
B1: Purchase Price (August 2016) | C1: 408.2
B2: Initial Equity Contribution | C2: 226.8
B3: Noncontrolling Interest | C3: 5.6
B4: Initial Debt Contribution | C4: 175.8
B6: Recapitalization June 2021 - Equity distribution | C6: -53.7
B7: Recapitalization June 2021 - Debt | C7: 55
B13: 5.11 Tactical
D14: Current | E14: Prior | G14: 2026 | K14: 2025 | Q14: 2024 | W14: 2023 | AC14: 2022 | AI14: 2021 | AO14: 2020 | AU14: 2019 | BA14: 2018 | BG14: 2017 | BM14: 2016
D15: TTM | E15: TTM | G15: Q1 | H15: Q2 | I15: Q3 | K15: Q1 | L15: Q2 | M15: Q3 | N15: Q4 | O15: FY 2025 | Q15: Q1 | R15: Q2 | S15: Q3 | T15: Q4 | U15: FY 2024 | W15: Q1 | X15: Q2 | Y15: Q3 | Z15: Q4 | AA15: FY 2023 | AC15: Q1 | AD15: Q2 | AE15: Q3 | AF15: Q4 | AG15: FY 2022 | AI15: Q1 | AJ15: Q2 | AK15: Q3 | AL15: Q4 | AM15: FY 2021 | AO15: Q1 | AP15: Q2 | AQ15: Q3 | AR15: Q4 | AS15: FY 2020 | AU15: Q1 | AV15: Q2 | AW15: Q3 | AX15: Q4 | AY15: FY 2019 | BA15: Q1 | BB15: Q2 | BC15: Q3 | BD15: Q4 | BE15: FY 2018 | BG15: Q1 | BH15: Q2 | BI15: Q3 | BJ15: Q4 | BK15: FY 2017 | BM15: Q3 | BN15: Q4 | BO15: FY 2016
B17: Net Sales | D17: =SUM(G17:I17,N17) -> 532130.7 | E17: =SUM(K17:M17,T17) -> 548819.8 | G17: 123972.34 | H17: 126498.57 | I17: 133866.34 | K17: 129370.46 | L17: 131441.67 | M17: 143239.67 | N17: 147793.47 | O17: 551845.27 | Q17: 124974 | R17: 123201 | S17: 139218 | T17: 144768 | U17: 532161 | W17: 124453 | X17: 126029 | Y17: 135213 | Z17: 147394.45 | AA17: 533089.45 | AC17: 104023 | AD17: 120048 | AE17: 126537 | AF17: 135605 | AG17: 486213 | AI17: 99877 | AJ17: 110033 | AK17: 111099 | AL17: 123954 | AM17: 444963 | AO17: 95780 | AP17: 87635 | AQ17: 98407 | AR17: 119284 | AS17: 401106 | AU17: 88089 | AV17: 92836 | AW17: 98053 | AX17: 109667 | AY17: 388645 | BA17: 83957 | BB17: 84723 | BC17: 83342 | BD17: 95899 | BE17: 347921 | BG17: 78513 | BH17: 77953 | BI17: 72005 | BJ17: 81528 | BK17: 309999 | BM17: 27203 | BN17: 82589 | BO17: 109792
B18: Cost of Sales | D18: =SUM(G18:I18,N18) -> 236140.31 | E18: =SUM(K18:M18,T18) -> 266280.09 | G18: 56388.36 | H18: 53581.707 | I18: 56291.206 | K18: 59621.721 | L18: 60980.675 | M18: 65992.698 | N18: 69879.036 | O18: 256474.13 | Q18: 59047 | R18: 55716 | S18: 64493 | T18: 79685 | U18: 258941 | W18: 59510 | X18: 58136 | Y18: 64850 | Z18: 73291.992 | AA18: 255787.99 | AC18: 49843 | AD18: 54944 | AE18: 59334 | AF18: 65085 | AG18: 229206 | AI18: 47803 | AJ18: 51392 | AK18: 51766 | AL18: 58714 | AM18: 209675 | AO18: 48524 | AP18: 43314 | AQ18: 47142 | AR18: 59881 | AS18: 198861 | AU18: 45144 | AV18: 47361 | AW18: 49849 | AX18: 54697 | AY18: 197051 | BA18: 45406 | BB18: 44049 | BC18: 43373 | BD18: 54295 | BE18: 187123 | BG18: 54663 | BH18: 49475 | BI18: 37452 | BJ18: 40702 | BK18: 182292 | BM18: 20192 | BN18: 58599 | BO18: 78791
B19: Gross Profit | D19: =SUM(G19:I19,N19) -> 295990.4 | E19: =SUM(K19:M19,T19) -> 282539.71 | G19: 67583.975 | H19: 72916.86 | I19: 77575.13 | K19: 69748.741 | L19: 70460.992 | M19: 77246.976 | N19: 77914.43 | O19: 295371.14 | Q19: 65927 | R19: 67485 | S19: 74725 | T19: 65083 | U19: 273220 | W19: 64943 | X19: 67893 | Y19: 70363 | Z19: 74102.462 | AA19: 277301.46 | AC19: 54180 | AD19: 65104 | AE19: 67203 | AF19: 70520 | AG19: 257007 | AI19: 52074 | AJ19: 58641 | AK19: 59333 | AL19: 65240 | AM19: 235288 | AO19: 47256 | AP19: 44321 | AQ19: 51265 | AR19: 59403 | AS19: 202245 | AU19: 42945 | AV19: 45475 | AW19: 48204 | AX19: 54970 | AY19: 191594 | BA19: 38551 | BB19: 40674 | BC19: 39969 | BD19: 41604 | BE19: 160798 | BG19: 23850 | BH19: 28478 | BI19: 34553 | BJ19: 40826 | BK19: 127707 | BM19: 7011 | BN19: 23990 | BO19: 31001
B20: SG&A | D20: =SUM(G20:I20,N20) -> 233081.36 | E20: =SUM(K20:M20,T20) -> 233217.34 | G20: 57453.265 | H20: 58248.083 | I20: 58730.956 | K20: 58753.594 | L20: 58287.783 | M20: 58556.963 | N20: 58649.058 | O20: 234247.4 | Q20: 55339 | R20: 54365 | S20: 57367 | T20: 57619 | U20: 224690 | W20: 54831 | X20: 54870 | Y20: 54535 | Z20: 56633.593 | AA20: 220869.59 | AC20: 45833 | AD20: 50358.078 | AE20: 52669.922 | AF20: 54848 | AG20: 203709 | AI20: 43775 | AJ20: 44209 | AK20: 46789 | AL20: 51317 | AM20: 186090 | AO20: 40235 | AP20: 37183 | AQ20: 40146 | AR20: 44823 | AS20: 162387 | AU20: 38171 | AV20: 37965 | AW20: 39791 | AX20: 43514 | AY20: 159441 | BA20: 36732 | BB20: 36218 | BC20: 35792 | BD20: 38395 | BE20: 147137 | BG20: 30763 | BH20: 30867 | BI20: 32370 | BJ20: 30970 | BK20: 124970 | BM20: 8722 | BN20: 29369 | BO20: 38091
B21: Management fees | D21: =SUM(G21:I21,N21) -> 999.997 | E21: =SUM(K21:M21,T21) -> 1000 | G21: 250 | H21: 250 | I21: 250 | K21: 250 | L21: 249.999 | M21: 250.001 | N21: 249.997 | O21: 999.997 | Q21: 250 | R21: 250 | S21: 250 | T21: 250 | U21: 1000 | W21: 250 | X21: 250 | Y21: 250 | Z21: 249.999 | AA21: 999.999 | AC21: 250 | AD21: 250 | AE21: 250 | AF21: 250 | AG21: 1000 | AI21: 250 | AJ21: 250 | AK21: 250 | AL21: 250 | AM21: 1000 | AO21: 250 | AP21: 250 | AQ21: 250 | AR21: 250 | AS21: 1000 | AU21: 250 | AV21: 250 | AW21: 250 | AX21: 250 | AY21: 1000 | BA21: 250 | BB21: 250 | BC21: 250 | BD21: 250 | BE21: 1000 | BG21: 250 | BH21: 250 | BI21: 250 | BJ21: 250 | BK21: 1000 | BM21: 83 | BN21: 250 | BO21: 333
B22: Amortization of intangibles | D22: =SUM(G22:I22,N22) -> 8642.941 | E22: =SUM(K22:M22,T22) -> 8684.534 | G22: 2171.178 | H22: 2169.083 | I22: 2131.502 | K22: 2171.178 | L22: 2171.178 | M22: 2171.178 | N22: 2171.178 | O22: 8684.712 | Q22: 2171 | R22: 2171 | S22: 2171 | T22: 2171 | U22: 8684 | W22: 2192 | X22: 2191 | Y22: 2178 | Z22: 2171.584 | AA22: 8732.584 | AC22: 2192 | AD22: 2191 | AE22: 2192 | AF22: 2192 | AG22: 8767 | AI22: 2213 | AJ22: 2213 | AK22: 2206 | AL22: 2192 | AM22: 8824 | AO22: 2186 | AP22: 2187 | AQ22: 2186 | AR22: 2213 | AS22: 8772 | AU22: 2186 | AV22: 2187 | AW22: 2186 | AX22: 2186 | AY22: 8745 | BA22: 2186 | BB22: 2186 | BC22: 2187 | BD22: 2186 | BE22: 8745 | BG22: 2322 | BH22: 2165 | BI22: 2186 | BJ22: 2186 | BK22: 8859 | BM22: 0 | BN22: 2730 | BO22: 2730
B23: Impairment of asset | D23: =SUM(G23:I23,N23) -> 0 | E23: =SUM(K23:M23,T23) -> 0 | G23: 0 | H23: 0 | I23: 0 | K23: 0 | L23: 0 | M23: 0 | N23: 0 | O23: 0 | Q23: 0 | R23: 0 | S23: 0 | T23: 0 | U23: 0 | W23: 0 | X23: 0 | Y23: 0 | Z23: 0 | AA23: 0 | AC23: 0 | AD23: 0 | AE23: 0 | AF23: 0 | AG23: 0 | AI23: 0 | AJ23: 0 | AK23: 0 | AL23: 0 | AM23: 0 | AO23: 0 | AP23: 0 | AQ23: 0 | AR23: 0 | AS23: 0 | AU23: 0 | AV23: 0 | AW23: 0 | AX23: 0 | AY23: 0 | BA23: 0 | BB23: 0 | BC23: 0 | BD23: 0 | BE23: 0 | BG23: 0 | BH23: 0 | BI23: 0 | BJ23: 0 | BK23: 0 | BM23: 0 | BN23: 0 | BO23: 0
B24: Income from operations | D24: =SUM(G24:I24,N24) -> 53266.095 | E24: =SUM(K24:M24,T24) -> 39637.835 | G24: 7709.532 | H24: 12249.694 | I24: 16462.672 | K24: 8573.969 | L24: 9752.032 | M24: 16268.834 | N24: 16844.197 | O24: 51439.032 | Q24: 8167 | R24: 10699 | S24: 14937 | T24: 5043 | U24: 38846 | W24: 7670 | X24: 10582 | Y24: 13400 | Z24: 15047.286 | AA24: 46699.286 | AC24: 5905 | AD24: 12305 | AE24: 12091 | AF24: 13230 | AG24: 43531 | AI24: 5836 | AJ24: 11969 | AK24: 10088 | AL24: 11481 | AM24: 39374 | AO24: 4585 | AP24: 4701 | AQ24: 8683 | AR24: 12117 | AS24: 30086 | AU24: 2338 | AV24: 5073 | AW24: 5977 | AX24: 9020 | AY24: 22408 | BA24: -617 | BB24: 2020 | BC24: 1740 | BD24: 773 | BE24: 3916 | BG24: -9485 | BH24: -4804 | BI24: -253 | BJ24: 7420 | BK24: -7122 | BM24: -1794 | BN24: -8359 | BO24: -10153
B25: Other Expense (Income) | D25: =SUM(G25:I25,N25) -> 329.271 | E25: =SUM(K25:M25,T25) -> -144.757 | G25: 105.392 | H25: 69.601 | I25: 10.224 | K25: 178.602 | L25: -168.781 | M25: -182.578 | N25: 144.054 | O25: -28.703 | Q25: 41 | R25: 181 | S25: 86 | T25: 28 | U25: 334 | W25: -5 | X25: -48 | Y25: 172 | Z25: -339.773 | AA25: -220.773 | AC25: -505 | AD25: -21 | AE25: 775 | AF25: -237 | AG25: 12 | AI25: 85 | AJ25: -192 | AK25: 74 | AL25: 466 | AM25: 433 | AO25: 470 | AP25: 899 | AQ25: 327 | AR25: 122 | AS25: 1818 | AU25: 92 | AV25: 151 | AW25: -28 | AX25: 71 | AY25: 286 | BA25: -170 | BB25: 324 | BC25: 270 | BD25: 251 | BE25: 675 | BG25: 90 | BH25: 188 | BI25: -120 | BJ25: 46 | BK25: 204 | BM25: 2124 | BN25: -1533 | BO25: 591
B26: Interest expense (net) | D26: =SUM(G26:I26,N26) -> -8.313 | E26: =SUM(K26:M26,T26) -> -13.562 | G26: -0.989 | H26: -0.882 | I26: -0.959 | K26: 1.054 | L26: -2.996 | M26: -0.62 | N26: -5.483 | O26: -8.045 | Q26: -3 | R26: 1 | S26: -2 | T26: -11 | U26: -14 | W26: 0 | X26: -3 | Y26: -2 | Z26: -3.465 | AA26: -8.465 | AC26: 26 | AD26: -16 | AE26: 2 | AF26: -12 | AG26: 0 | AI26: 0 | AJ26: 7 | AK26: 1 | AL26: 8 | AM26: 16 | AO26: 26 | AP26: 14 | AQ26: 3 | AR26: -24 | AS26: 19 | AU26: -4 | AV26: 6 | AW26: 0 | AX26: -26 | AY26: -24 | BA26: 8 | BB26: -3 | BC26: 8 | BD26: 1 | BE26: 14 | BG26: 29 | BH26: 21 | BI26: 1 | BJ26: -1 | BK26: 50 | BM26: 6 | BN26: 34 | BO26: 40
B27: Intercompany Interest | D27: =SUM(G27:I27,N27) -> 11319.511 | E27: =SUM(K27:M27,T27) -> 14161.568 | G27: 3001.03 | H27: 2515.751 | I27: 2147.479 | K27: 3344.019 | L27: 3747.415 | M27: 3818.134 | N27: 3655.251 | O27: 14564.819 | Q27: 3526 | R27: 3253 | S27: 3334 | T27: 3252 | U27: 13366 | W27: 4799 | X27: 5423 | Y27: 5476 | Z27: 4545.976 | AA27: 20243.976 | AC27: 2920 | AD27: 3078 | AE27: 3503 | AF27: 4260 | AG27: 13761 | AI27: 2984 | AJ27: 2799 | AK27: 2960 | AL27: 3125 | AM27: 11868 | AO27: 3820 | AP27: 3514 | AQ27: 3436 | AR27: 3315 | AS27: 14085 | AU27: 4565 | AV27: 4545 | AW27: 4390 | AX27: 4067 | AY27: 17567 | BA27: 4099 | BB27: 4339 | BC27: 4466 | BD27: 4582 | BE27: 17486 | BG27: 3528 | BH27: 3507 | BI27: 3662 | BJ27: 3824 | BK27: 14521 | BM27: 1206 | BN27: 3641 | BO27: 4847
B28: Provision (benefit) for income taxes | D28: =SUM(G28:I28,N28) -> 7952.312 | E28: =SUM(K28:M28,T28) -> 5202.131 | G28: -265.369 | H28: 2058.416 | I28: 2971.813 | K28: 1143.871 | L28: 1318.573 | M28: 3005.687 | N28: 3187.452 | O28: 8655.583 | Q28: 1203 | R28: 1807 | S28: 1782 | T28: -266 | U28: 4526 | W28: 726 | X28: 1344 | Y28: 1920 | Z28: 1004.376 | AA28: 4994.376 | AC28: 819 | AD28: 2274 | AE28: 1906 | AF28: 2126 | AG28: 7125 | AI28: 768 | AJ28: 2259 | AK28: 1830 | AL28: 2048 | AM28: 6905 | AO28: -1864 | AP28: 287 | AQ28: 1522 | AR28: 1863 | AS28: 1808 | AU28: -445 | AV28: 756 | AW28: 431 | AX28: 1778 | AY28: 2520 | BA28: -1779 | BB28: 458 | BC28: 735 | BD28: -1594 | BE28: -2180 | BG28: -5384 | BH28: -3695 | BI28: -1326 | BJ28: -2087 | BK28: -12492 | BM28: -1963 | BN28: -3227 | BO28: -5190
B29: Net Income | D29: =SUM(G29:I29,N29) -> 33673.314 | E29: =SUM(K29:M29,T29) -> 20432.455 | G29: 4869.468 | H29: 7606.808 | I29: 11334.115 | K29: 3906.423 | L29: 4857.821 | M29: 9628.211 | N29: 9862.923 | O29: 28255.378 | Q29: 3400 | R29: 5457 | S29: 9737 | T29: 2040 | U29: 20634 | W29: 2150 | X29: 3866 | Y29: 5834 | Z29: 9840.172 | AA29: 21690.172 | AC29: 2645 | AD29: 6990 | AE29: 5905 | AF29: 7093 | AG29: 22633 | AI29: 1999 | AJ29: 7096 | AK29: 5223 | AL29: 5834 | AM29: 20152 | AO29: 2133 | AP29: -13 | AQ29: 3395 | AR29: 6841 | AS29: 12356 | AU29: -1870 | AV29: -385 | AW29: 1184 | AX29: 3130 | AY29: 2059 | BA29: -2775 | BB29: -3098 | BC29: -3739 | BD29: -2467 | BE29: -12079 | BG29: -7748 | BH29: -4825 | BI29: -2470 | BJ29: 5638 | BK29: -9405 | BM29: -3167 | BN29: -7274 | BO29: -10441
B30: Adjusted for: | AD30: 0 | AE30: 0 | AF30: 0
B31: Provision (benefit) for income taxes | D31: =SUM(G31:I31,N31) -> 7952.312 | E31: =SUM(K31:M31,T31) -> 5202.131 | G31: -265.369 | H31: 2058.416 | I31: 2971.813 | K31: 1143.871 | L31: 1318.573 | M31: 3005.687 | N31: 3187.452 | O31: 8655.583 | Q31: 1203 | R31: 1807 | S31: 1782 | T31: -266 | U31: 4526 | W31: 726 | X31: 1344 | Y31: 1920 | Z31: 1004.376 | AA31: 4994.376 | AC31: 819 | AD31: 2274 | AE31: 1906 | AF31: 2126 | AG31: 7125 | AI31: 768 | AJ31: 2259 | AK31: 1830 | AL31: 2048 | AM31: 6905 | AO31: -1864 | AP31: 287 | AQ31: 1522 | AR31: 1863 | AS31: 1808 | AU31: -445 | AV31: 756 | AW31: 431 | AX31: 1778 | AY31: 2520 | BA31: -1779 | BB31: 458 | BC31: 735 | BD31: -1594 | BE31: -2180 | BG31: -5384 | BH31: -3695 | BI31: -1326 | BJ31: -2087 | BK31: -12492 | BM31: -1963 | BN31: -3227 | BO31: -5190
B32: Interest expense (net) | D32: =SUM(G32:I32,N32) -> -8.313 | E32: =SUM(K32:M32,T32) -> -13.562 | G32: -0.989 | H32: -0.882 | I32: -0.959 | K32: 1.054 | L32: -2.996 | M32: -0.62 | N32: -5.483 | O32: -8.045 | Q32: -3 | R32: 1 | S32: -2 | T32: -11 | U32: -14 | W32: -1 | X32: -2 | Y32: -1 | Z32: -4.465 | AA32: -8.465 | AC32: 26 | AD32: -16 | AE32: 2 | AF32: -12 | AG32: 0 | AI32: 0 | AJ32: 7 | AK32: 1 | AL32: 8 | AM32: 16 | AO32: 26 | AP32: 14 | AQ32: 3 | AR32: -24 | AS32: 19 | AU32: -4 | AV32: 6 | AW32: 0 | AX32: -26 | AY32: -24 | BA32: 8 | BB32: -3 | BC32: 8 | BD32: 1 | BE32: 14 | BG32: 29 | BH32: 21 | BI32: 1 | BJ32: 2 | BK32: 53 | BM32: 6 | BN32: 34 | BO32: 40
B33: Intercompany Interest | D33: =SUM(G33:I33,N33) -> 11319.511 | E33: =SUM(K33:M33,T33) -> 14161.568 | G33: 3001.03 | H33: 2515.751 | I33: 2147.479 | K33: 3344.019 | L33: 3747.415 | M33: 3818.134 | N33: 3655.251 | O33: 14564.819 | Q33: 3526 | R33: 3253 | S33: 3334 | T33: 3252 | U33: 13366 | W33: 4799 | X33: 5423 | Y33: 5476 | Z33: 4545.976 | AA33: 20243.976 | AC33: 2920 | AD33: 3078 | AE33: 3503 | AF33: 4260 | AG33: 13761 | AI33: 2984 | AJ33: 2799 | AK33: 2960 | AL33: 3125 | AM33: 11868 | AO33: 3820 | AP33: 3514 | AQ33: 3436 | AR33: 3315 | AS33: 14085 | AU33: 4565 | AV33: 4545 | AW33: 4390 | AX33: 4067 | AY33: 17567 | BA33: 4099 | BB33: 4339 | BC33: 4466 | BD33: 4582 | BE33: 17486 | BG33: 3528 | BH33: 3507 | BI33: 3662 | BJ33: 3824 | BK33: 14521 | BM33: 1206 | BN33: 3641 | BO33: 4847
B34: Depreciation and Amortization | D34: =SUM(G34:I34,N34) -> 21437.667 | E34: =SUM(K34:M34,T34) -> 21987 | G34: 6252 | H34: 5045 | I34: 4916.667 | K34: 5698 | L34: 5458 | M34: 5369 | N34: 5224 | O34: 21749 | Q34: 5799 | R34: 5635 | S34: 5543 | T34: 5462 | U34: 22439 | W34: 6378 | X34: 6768 | Y34: 6499 | Z34: 6069.46 | AA34: 25714.46 | AC34: 5412 | AD34: 5536 | AE34: 5700 | AF34: 6094 | AG34: 22742 | AI34: 5358 | AJ34: 5343 | AK34: 5792 | AL34: 5555 | AM34: 22048 | AO34: 5152 | AP34: 5286 | AQ34: 5295 | AR34: 5352 | AS34: 21085 | AU34: 5157 | AV34: 5298 | AW34: 5275 | AX34: 5401 | AY34: 21131 | BA34: 5372 | BB34: 5187 | BC34: 5323 | BD34: 5595 | BE34: 21477 | BG34: 17532 | BH34: 13012 | BI34: 4338 | BJ34: 5052 | BK34: 39934 | BM34: 5192 | BN34: 18222 | BO34: 23414
B35: Amortization of debt issuance cost | D35: =SUM(G35:I35,N35) -> 276.333 | E35: =SUM(K35:M35,T35) -> 295 | G35: 74 | H35: 74 | I35: 54.333 | K35: 74 | L35: 73 | M35: 74 | N35: 74 | O35: 295 | Q35: 74 | R35: 73 | S35: 74 | T35: 74 | U35: 295 | W35: 74 | X35: 73 | Y35: 74 | Z35: 73.54 | AA35: 294.54 | AC35: 42 | AD35: 48 | AE35: 66 | AF35: 74 | AG35: 230 | AI35: 97 | AJ35: 96 | AK35: 76 | AL35: 38 | AM35: 307 | AO35: 101 | AP35: 100 | AQ35: 99 | AR35: 98 | AS35: 398 | AU35: 101 | AV35: 102 | AW35: 104 | AX35: 102 | AY35: 409 | BA35: 109 | BB35: 106 | BC35: 104 | BD35: 102 | BE35: 421 | BG35: 123 | BH35: 117 | BI35: 111 | BJ35: 108 | BK35: 459 | BM35: 45 | BN35: 135 | BO35: 180
B36: EBITDA | D36: =+D29+SUM(D31:D35) -> 74650.824 | E36: =+E29+SUM(E31:E35) -> 62064.592 | G36: 13931.14 | H36: 17297.093 | I36: 21423.448 | K36: 14167.367 | L36: 15451.813 | M36: 21894.412 | N36: 21998.143 | O36: 73511.735 | Q36: 13999 | R36: 16226 | S36: 20468 | T36: 10551 | U36: 61246 | W36: 14126 | X36: 17472 | Y36: 19802 | Z36: 21528.887 | AA36: 72928.887 | AC36: 11864 | AD36: 17910 | AE36: 17082 | AF36: 19635 | AG36: 66491 | AI36: 11206 | AJ36: 17600 | AK36: 15882 | AL36: 16608 | AM36: 61296 | AO36: 9368 | AP36: 9188 | AQ36: 13750 | AR36: 17445 | AS36: 49751 | AU36: 7504 | AV36: 10322 | AW36: 11384 | AX36: 14452 | AY36: 43662 | BA36: 5034 | BB36: 6989 | BC36: 6897 | BD36: 6219 | BE36: 25139 | BG36: 8080 | BH36: 8137 | BI36: 4316 | BJ36: 12537 | BK36: 33070 | BM36: 1319 | BN36: 11531 | BO36: 12850
B37: (Gain) Loss on sale of fixed assets | D37: =SUM(G37:I37,N37) -> 0 | E37: =SUM(K37:M37,T37) -> 0 | I37: 0 | AC37: 0 | AD37: 0 | AE37: 0 | AF37: 0 | AI37: 0 | AJ37: 0 | AK37: 0 | AL37: 0 | AM37: 0 | AO37: 0 | AP37: 0 | AQ37: 0 | AR37: 0 | AS37: 0 | AU37: 0 | AV37: 0 | AW37: 0 | AX37: 0 | AY37: 0 | BA37: 0 | BB37: 0 | BC37: -259 | BD37: 65 | BE37: -194 | BG37: 0 | BH37: 0 | BI37: 0 | BJ37: -160 | BK37: -160 | BM37: 0 | BN37: 0 | BO37: 0
B38: Non-controlling shareholder compensation | D38: =SUM(G38:I38,N38) -> 2464 | E38: =SUM(K38:M38,T38) -> 2237 | G38: 600 | H38: 697 | I38: 489 | K38: 545 | L38: 622 | M38: 571 | N38: 678 | O38: 2416 | Q38: 534 | R38: 552 | S38: 544 | T38: 499 | U38: 2129 | W38: 252 | X38: 478 | Y38: 258 | Z38: 203 | AA38: 1191 | AC38: 411 | AD38: 418 | AE38: 381 | AF38: 301 | AG38: 1511 | AI38: 628 | AJ38: 659 | AK38: 639 | AL38: 502 | AM38: 2428 | AO38: 515 | AP38: 640 | AQ38: 715 | AR38: 619 | AS38: 2489 | AU38: 559 | AV38: 637 | AW38: 546 | AX38: 618 | AY38: 2360 | BA38: 612 | BB38: 623 | BC38: 668 | BD38: 280 | BE38: 2183 | BG38: 544 | BH38: 621 | BI38: 621 | BJ38: 515 | BK38: 2301 | BM38: 0 | BN38: 473 | BO38: 473
B39: Impairment Expense | D39: =SUM(G39:I39,N39) -> 0 | E39: =SUM(K39:M39,T39) -> 0 | G39: 0 | H39: 0 | I39: 0 | K39: 0 | L39: 0 | M39: 0 | N39: 0 | O39: 0 | Q39: 0 | R39: 0 | S39: 0 | T39: 0 | U39: 0 | W39: 0 | X39: 0 | Y39: 0 | Z39: 0 | AA39: 0 | AC39: 0 | AD39: 0 | AE39: 0 | AF39: 0 | AG39: 0 | AI39: 0 | AJ39: 0 | AK39: 0 | AL39: 0 | AM39: 0 | AO39: 0 | AP39: 0 | AQ39: 0 | AR39: 0 | AS39: 0 | AU39: 0 | AV39: 0 | AW39: 0 | AX39: 0 | AY39: 0 | BA39: 0 | BB39: 0 | BC39: 0 | BD39: 0 | BE39: 0 | BG39: 0 | BH39: 0 | BI39: 0 | BJ39: 0 | BK39: 0 | BM39: 0 | BN39: 0 | BO39: 0
B40: Successful acquisition expense | D40: =SUM(G40:I40,N40) -> 0 | E40: =SUM(K40:M40,T40) -> 0 | G40: 0 | H40: 0 | I40: 0 | K40: 0 | L40: 0 | M40: 0 | N40: 0 | O40: 0 | Q40: 0 | R40: 0 | S40: 0 | T40: 0 | U40: 0 | W40: 0 | X40: 0 | Y40: 0 | Z40: 0 | AA40: 0 | AC40: 0 | AD40: 0 | AE40: 0 | AF40: 0 | AG40: 0 | AI40: 0 | AJ40: 0 | AK40: 0 | AL40: 0 | AM40: 0 | AO40: 0 | AP40: 0 | AQ40: 0 | AR40: 0 | AS40: 0 | AU40: 0 | AV40: 0 | AW40: 0 | AX40: 0 | AY40: 0 | BA40: 0 | BB40: 0 | BC40: 0 | BD40: 0 | BE40: 0 | BG40: 0 | BH40: 0 | BI40: 0 | BJ40: 0 | BK40: 0 | BM40: 2063 | BN40: 0 | BO40: 2063
B41: Increase (decrease) in earn out probability | D41: =SUM(G41:I41,N41) -> 0 | E41: =SUM(K41:M41,T41) -> 0 | G41: 0 | H41: 0 | I41: 0 | K41: 0 | L41: 0 | M41: 0 | N41: 0 | O41: 0 | Q41: 0 | R41: 0 | S41: 0 | T41: 0 | U41: 0 | W41: 0 | X41: 0 | Y41: 0 | Z41: 0 | AA41: 0 | AC41: 0 | AD41: 0 | AE41: 0 | AF41: 0 | AG41: 0 | AI41: 0 | AJ41: 0 | AK41: 0 | AL41: 0 | AM41: 0 | AO41: 0 | AP41: 0 | AQ41: 0 | AR41: 0 | AS41: 0 | AU41: 0 | AV41: 0 | AW41: 0 | AX41: 0 | AY41: 0 | BA41: 0 | BB41: 0 | BC41: 0 | BD41: 0 | BE41: 0 | BG41: 0 | BH41: 0 | BI41: 0 | BJ41: 0 | BK41: 0 | BM41: 0 | BN41: 0 | BO41: 0
B42: Integration service fee | D42: =SUM(G42:I42,N42) -> 0 | E42: =SUM(K42:M42,T42) -> 0 | G42: 0 | H42: 0 | I42: 0 | K42: 0 | L42: 0 | M42: 0 | N42: 0 | O42: 0 | Q42: 0 | R42: 0 | S42: 0 | T42: 0 | U42: 0 | W42: 0 | X42: 0 | Y42: 0 | Z42: 0 | AA42: 0 | AC42: 0 | AD42: 0 | AE42: 0 | AF42: 0 | AG42: 0 | AI42: 0 | AJ42: 0 | AK42: 0 | AL42: 0 | AM42: 0 | AO42: 0 | AP42: 0 | AQ42: 0 | AR42: 0 | AS42: 0 | AU42: 0 | AV42: 0 | AW42: 0 | AX42: 0 | AY42: 0 | BA42: 0 | BB42: 0 | BC42: 0 | BD42: 0 | BE42: 0 | BG42: 875 | BH42: 875 | BI42: 583 | BJ42: 0 | BK42: 2333 | BM42: 292 | BN42: 875 | BO42: 1167
B43: Other | D43: =SUM(G43:I43,N43) -> 54.419 | E43: =SUM(K43:M43,T43) -> -439.662 | G43: 32 | H43: -4 | I43: -44 | K43: 104.967 | L43: -242.416 | M43: -256.213 | N43: 70.419 | O43: -323.243 | Q43: -34 | R43: 107 | S43: 13 | T43: -46 | U43: 40 | W43: -77 | X43: -124 | Y43: 98 | Z43: -412.313 | AA43: -515.313 | AC43: -548 | AD43: -68 | AE43: 709 | AF43: -310 | AG43: -217 | AI43: -12 | AJ43: -289 | AK43: 272 | AL43: 427 | AM43: 398 | AO43: 370 | AP43: 798 | AQ43: 230 | AR43: 22 | AS43: 1420 | AU43: -8 | AV43: 47 | AW43: -131 | AX43: -30 | AY43: -122 | BA43: 0 | BB43: 0 | BC43: 0 | BD43: 4175 | BE43: 4175 | BG43: 0 | BH43: 0 | BI43: 0 | BJ43: 0 | BK43: 0 | BM43: 0 | BN43: 0 | BO43: 0
B44: Adjusted EBITDA | D44: =+D36+SUM(D37:D43) -> 77169.243 | E44: =+E36+SUM(E37:E43) -> 63861.93 | G44: 14563.14 | H44: 17990.093 | I44: 21868.448 | K44: 14817.334 | L44: 15831.397 | M44: 22209.199 | N44: 22746.562 | O44: 75604.492 | Q44: 14499 | R44: 16885 | S44: 21025 | T44: 11004 | U44: 63415 | W44: 14301 | X44: 17826 | Y44: 20158 | Z44: 21319.574 | AA44: 73604.574 | AC44: 11727 | AD44: 18260 | AE44: 18172 | AF44: 19626 | AG44: 67785 | AI44: 11822 | AJ44: 17970 | AK44: 16793 | AL44: 17537 | AM44: 64122 | AO44: 10253 | AP44: 10626 | AQ44: 14695 | AR44: 18086 | AS44: 53660 | AU44: 8055 | AV44: 11006 | AW44: 11799 | AX44: 15040 | AY44: 45900 | BA44: 5646 | BB44: 7612 | BC44: 7306 | BD44: 10739 | BE44: 31303 | BG44: 9499 | BH44: 9633 | BI44: 5520 | BJ44: 12892 | BK44: 37544 | BM44: 3674 | BN44: 12879 | BO44: 16553
B47: Total Assets | G47: 540684.05 | H47: 525427.65 | I47: 544140.02 | K47: 573882.8 | L47: 580491.3 | M47: 586199.31 | N47: 579394.55 | Q47: 519751 | R47: 537977 | S47: 555550 | T47: 563903 | W47: 610357 | X47: 599942 | Y47: 579138.77 | Z47: 539389.25 | AC47: 502565 | AD47: 536292 | AE47: 564310 | AF47: 594660 | AI47: 494020 | AJ47: 498211 | AK47: 490964 | AL47: 499623 | AO47: 505019 | AP47: 507808 | AQ47: 510639 | AR47: 499902 | AU47: 501077 | AV47: 505133 | AW47: 510701 | AX47: 502359 | BA47: 476282 | BB47: 472411 | BC47: 472231 | BD47: 470782 | BG47: 431953 | BH47: 437945 | BI47: 448726 | BJ47: 474741 | BM47: 442051 | BN47: 452081
B49: Intercompany Liabilities (Inc Accrued Int) | G49: 118257.01 | H49: 93837.596 | I49: 75113.026 | K49: 145996.79 | L49: 165961.25 | M49: 164514.73 | N49: 141667.88 | Q49: 129739 | R49: 121808 | S49: 125388 | T49: 132259 | W49: 216054 | X49: 212831 | Y49: 197222.99 | Z49: 145672.41 | AC49: 171147 | AD49: 175699 | AE49: 179848 | AF49: 192426 | AI49: 140839 | AJ49: 131305 | AK49: 180482 | AL49: 164994 | AO49: 184074 | AP49: 178457 | AQ49: 170906 | AR49: 154365 | AU49: 202460 | AV49: 198765 | AW49: 197130 | AX49: 185585 | BA49: 203497 | BB49: 203420 | BC49: 204397 | BD49: 203862 | BG49: 171941 | BH49: 175337 | BI49: 185800 | BJ49: 199568 | BM49: 178081 | BN49: 174728
B50: Other Liabilities | G50: 139204.09 | H50: 140924.3 | I50: 167240.39 | K50: 172216.51 | L50: 153386.93 | M50: 150436.15 | N50: 156183.78 | Q50: 154080 | R50: 174603 | S50: 178273 | T50: 177305 | W50: 176725 | X50: 165389 | Y50: 154344.47 | Z50: 159182.97 | AC50: 136957 | AD50: 158509 | AE50: 176367 | AF50: 187108 | AI50: 126073 | AJ50: 132899 | AK50: 125504 | AL50: 143256 | AO50: 108238 | AP50: 116451 | AQ50: 122683 | AR50: 121203 | AU50: 94235 | AV50: 101739 | AW50: 107176 | AX50: 106890 | BA50: 59386 | BB50: 58066 | BC50: 60004 | BD50: 61227 | BG50: 44499 | BH50: 51299 | BI50: 53466 | BJ50: 59600 | BM50: 34541 | BN50: 54675
B51: Total Liabilities | G51: 257461.1 | H51: 234761.9 | I51: 242353.42 | K51: 318213.3 | L51: 319348.18 | M51: 314950.88 | N51: 297851.66 | Q51: 283819 | R51: 296411 | S51: 303661 | T51: 309564 | W51: 392779 | X51: 378220 | Y51: 351567.46 | Z51: 304855.37 | AC51: 308104 | AD51: 334208 | AE51: 356215 | AF51: 379534 | AI51: 266912 | AJ51: 264204 | AK51: 305986 | AL51: 308250 | AO51: 292312 | AP51: 294908 | AQ51: 293589 | AR51: 275568 | AU51: 296695 | AV51: 300504 | AW51: 304306 | AX51: 292475 | BA51: 262883 | BB51: 261486 | BC51: 264401 | BD51: 265089 | BG51: 216440 | BH51: 226636 | BI51: 239266 | BJ51: 259168 | BM51: 212622 | BN51: 229403
B53: Total Equity | G53: 283222.95 | H53: 290665.75 | I53: 301786.61 | K53: 255669.5 | L53: 261143.12 | M53: 271248.43 | N53: 281542.89 | Q53: 235932 | R53: 241566 | S53: 251889 | T53: 254339 | W53: 217578 | X53: 221722 | Y53: 227571.31 | Z53: 234533.88 | AC53: 194461 | AD53: 202084 | AE53: 208095 | AF53: 215126 | AI53: 227108 | AJ53: 234007 | AK53: 184978 | AL53: 191373 | AO53: 212707 | AP53: 212900 | AQ53: 217050 | AR53: 224334 | AU53: 204382 | AV53: 204629 | AW53: 206395 | AX53: 209884 | BA53: 213399 | BB53: 210925 | BC53: 207830 | BD53: 205693 | BG53: 215513 | BH53: 211309 | BI53: 209460 | BJ53: 215573 | BM53: 229429 | BN53: 222678
B55: Maintenance capital expenditures | G55: 514 | H55: 791 | I55: -113 | K55: 966 | L55: 1358 | M55: 1708 | N55: 1122 | O55: 5154 | Q55: 569 | R55: 294 | S55: 412 | T55: 966 | U55: 2241 | W55: 232 | X55: 1432 | Y55: 413.267 | Z55: 196.733 | AA55: 2274 | AC55: 764 | AD55: 5986 | AE55: 5949 | AG55: 8287 | AI55: 499 | AJ55: 369 | AK55: 1032 | AL55: 691 | AM55: 2591 | AO55: 174 | AP55: 610 | AQ55: 113 | AR55: 365 | AS55: 1262 | AU55: 212 | AV55: 1124 | AW55: 211 | AX55: 696 | AY55: 2243 | BA55: 1362 | BB55: 1067 | BC55: 200 | BD55: -307 | BE55: 2322 | BG55: 1462 | BH55: 469 | BI55: 983 | BJ55: 20 | BK55: 2934 | BM55: 540 | BN55: 1298 | BO55: 1838
B57: Growth capital expenditures | G57: 568 | H57: 1549 | I57: 192 | K57: 652 | L57: 1405 | M57: 1175 | N57: 1171 | O57: 4403 | Q57: 406 | R57: 782 | S57: 1403 | T57: 1092 | U57: 3683 | W57: 5183 | X57: 3635 | Y57: 976.756 | Z57: 620.244 | AA57: 10415 | AC57: 3782 | AG57: 17887 | AI57: 1962 | AJ57: 2122 | AK57: 1593 | AL57: 1669 | AM57: 7346 | AO57: 2651 | AP57: 1756 | AQ57: 1991 | AR57: 1875 | AS57: 8273 | AU57: 845 | AV57: 2331 | AW57: 2245 | AX57: 2157 | AY57: 7578 | BA57: 6211 | BB57: 8268 | BC57: 4730 | BD57: 1986 | BE57: 21195 | BG57: 3919 | BH57: 6531 | BI57: 6971 | BJ57: 6681 | BK57: 24102 | BM57: 294 | BN57: 1391 | BO57: 1685
B59: CODI Equity Ownership Interest
B60: Primary | O60: 0.978 | U60: 0.976 | AA60: 0.972 | AG60: 0.977 | AL60: 0.976 | AR60: 0.976 | AX60: 0.976 | BD60: 0.975 | BJ60: 0.975 | BN60: 0.975
B61: Fully Diluted | O61: 0.876 | U61: 0.869 | AA61: 0.889 | AG61: 0.883 | AL61: 0.884 | AR61: 0.881 | AX61: 0.889 | BD61: 0.887 | BJ61: 0.855 | BN61: 0.851
B63: GP | D63: 0 | E63: 0 | G63: 0 | H63: 0 | I63: 0 | K63: 0 | L63: 0 | M63: 0 | N63: 0 | O63: 0 | Q63: 0 | R63: 0 | S63: 0 | T63: 0 | U63: 0 | W63: 0 | X63: 0 | Y63: 0 | Z63: 0 | AA63: 0 | AC63: 0 | AD63: 0 | AE63: 0 | AF63: 0 | AG63: 0 | AI63: 0 | AJ63: 0 | AK63: 0 | AL63: 0 | AM63: 0 | AO63: 0 | AP63: 0 | AQ63: 0 | AR63: 0 | AS63: 0 | AU63: 0 | AV63: 0 | AW63: 0 | AX63: 0 | AY63: 0 | BA63: 0 | BB63: 0 | BC63: 0 | BD63: 0 | BE63: 0 | BG63: 0 | BH63: 0 | BI63: 0 | BJ63: 0 | BK63: 0 | BM63: 0 | BN63: 0 | BO63: 0
B64: Inc from Cont | D64: 0 | E64: 0 | G64: 0 | H64: 0 | I64: 0 | K64: 0 | L64: 0 | M64: 0 | N64: 0 | O64: 0 | Q64: 0 | R64: 0 | S64: 0 | T64: 0 | U64: 0 | W64: 0 | X64: 0 | Y64: 0 | Z64: 0 | AA64: 0 | AC64: 0 | AD64: -0.07799 | AE64: 0.07799 | AF64: 0 | AG64: 0 | AI64: 0 | AJ64: 0 | AK64: 0 | AL64: 0 | AM64: 0 | AO64: 0 | AP64: 0 | AQ64: 0 | AR64: 0 | AS64: 0 | AU64: 0 | AV64: 0 | AW64: 0 | AX64: 0 | AY64: 0 | BA64: 0 | BB64: 0 | BC64: 0 | BD64: 0 | BE64: 0 | BG64: 0 | BH64: 0 | BI64: 0 | BJ64: 0 | BK64: 0 | BM64: 0 | BN64: 0 | BO64: 0
B65: Net Income | D65: 0 | E65: 0 | G65: 0 | H65: 0 | I65: 0 | K65: 0 | L65: 0 | M65: 0 | N65: 0 | O65: 0 | Q65: 0 | R65: 0 | S65: 0 | T65: 0 | U65: 0 | W65: 0 | X65: 0 | Y65: 0 | Z65: 0 | AA65: 0 | AC65: 0 | AD65: 0 | AE65: 0 | AF65: 0 | AG65: 0 | AI65: 0 | AJ65: 0 | AK65: 0 | AL65: 0 | AM65: 0 | AO65: 0 | AP65: 0 | AQ65: 0 | AR65: 0 | AS65: 0 | AU65: 0 | AV65: 0 | AW65: 0 | AX65: 0 | AY65: 0 | BA65: 0 | BB65: 0 | BC65: 0 | BD65: 0 | BE65: 0 | BG65: 0 | BH65: 0 | BI65: 0 | BJ65: 0 | BK65: 0 | BM65: 0 | BN65: 0 | BO65: 0
B66: EBITDA | D66: -1 | E66: 2 | G66: -1 | H66: 2 | I66: 0.448 | K66: 0 | L66: 0 | M66: 0 | N66: 0 | O66: 0 | Q66: 0 | R66: 0 | S66: 0 | T66: 0 | U66: 0 | W66: 0 | X66: 0 | Y66: 0 | Z66: 0.172 | AA66: 0.172 | AC66: 0 | AD66: 0 | AE66: 0 | AF66: 0 | AG66: 0 | AI66: 0 | AJ66: 0 | AK66: 0 | AL66: 0 | AM66: 0 | AO66: 0 | AP66: 0 | AQ66: 0 | AR66: 0 | AS66: 0 | AU66: 0 | AV66: 0 | AW66: 0 | AX66: 0 | AY66: 0 | BA66: 0 | BB66: 0 | BC66: 0 | BD66: 0 | BE66: 0 | BG66: 0 | BH66: 0 | BI66: 0 | BJ66: 0 | BK66: 0 | BM66: 0 | BN66: 0 | BO66: 0
B67: Adj EBTIDA | D67: 0 | E67: 0 | G67: 0 | H67: 0 | I67: 0.448 | K67: 0 | L67: 0 | M67: 0 | N67: 0 | O67: 0 | Q67: 0 | R67: 0 | S67: 0 | T67: 0 | U67: 0 | W67: 0 | X67: 0 | Y67: 0 | Z67: 0 | AA67: 0 | AC67: 0 | AD67: 0 | AE67: 0 | AF67: 0 | AG67: 0 | AI67: 0 | AJ67: 0 | AK67: 0 | AL67: 0 | AM67: 0 | AO67: 0 | AP67: 0 | AQ67: 0 | AR67: 0 | AS67: 0 | AU67: 0 | AV67: 0 | AW67: 0 | AX67: 0 | AY67: 0 | BA67: 0 | BB67: 0 | BC67: 0 | BD67: 0 | BE67: 0 | BG67: 0 | BH67: 0 | BI67: 0 | BJ67: 0 | BK67: 0 | BM67: 0 | BN67: 0 | BO67: 0
B68: Total Liab | D68: 0 | E68: 0 | G68: 0 | H68: 0 | I68: 0 | K68: 0 | L68: 0 | M68: 0 | N68: 0 | O68: 0 | Q68: 0 | R68: 0 | S68: 0 | T68: 0 | U68: 0 | W68: 0 | X68: 0 | Y68: 0 | Z68: 0 | AA68: 0 | AC68: 0 | AD68: 0 | AE68: 0 | AF68: 0 | AG68: 0 | AI68: 0 | AJ68: 0 | AK68: 0 | AL68: 0 | AM68: 0 | AO68: 0 | AP68: 0 | AQ68: 0 | AR68: 0 | AS68: 0 | AU68: 0 | AV68: 0 | AW68: 0 | AX68: 0 | AY68: 0 | BA68: 0 | BB68: 0 | BC68: 0 | BD68: 0 | BE68: 0 | BG68: 0 | BH68: 0 | BI68: 0 | BJ68: 0 | BK68: 0 | BM68: 0 | BN68: 0 | BO68: 0
B69: B/S | D69: -7.0000126e-05 | E69: 0 | G69: -7.0000126e-05 | H69: 0 | I69: 0 | K69: -0.0010700001 | L69: 0 | M69: 0 | N69: 0 | O69: -7.0000067e-05 | Q69: 0 | R69: 0 | S69: 0 | T69: 0 | U69: 0 | W69: 0 | X69: 0 | Y69: 0 | Z69: 0 | AA69: -0.00207 | AC69: 0 | AD69: 0 | AE69: 0 | AF69: 0 | AG69: 0 | AI69: 0 | AJ69: 0 | AK69: 0 | AL69: 0 | AM69: 0 | AO69: 0 | AP69: 0 | AQ69: 0 | AR69: 0 | AS69: 0 | AU69: 0 | AV69: 0 | AW69: 0 | AX69: 0 | AY69: 0 | BA69: 0 | BB69: 0 | BC69: 0 | BD69: 0 | BE69: 0 | BG69: 0 | BH69: 0 | BI69: 0 | BJ69: 0 | BK69: 0 | BM69: 0 | BN69: 0 | BO69: 0

Sheet Arnold Magnetic
B1: Purchase Price (March 2012) | C1: 128.8
B2: Initial Equity Contribution | C2: 49.5
B3: Noncontrolling Interest | C3: 1.7
B4: Initial Debt Contribution | C4: 77.6
B6: Add-on acquisition (equity) March 21 | C6: 35.4
B13: Arnold Magnetic
E14: Current | F14: Prior | H14: 2026 | L14: 2025 | R14: 2024 | X14: 2023 | AD14: 2022 | AJ14: 2021 | AP14: 2020 | AV14: 2019 | BB14: 2018 | BH14: 2017 | BN14: 2016 | BT14: 2015 | BZ14: 2014 | CF14: 2013 | CL14: 2012
E15: TTM | F15: TTM | H15: Q1 | I15: Q2 | J15: Q3 | L15: Q1 | M15: Q2 | N15: Q3 | O15: Q4 | P15: FY 2025 | R15: Q1 | S15: Q2 | T15: Q3 | U15: Q4 | V15: FY 2024 | X15: Q1 | Y15: Q2 | Z15: Q3 | AA15: Q4 | AB15: FY 2023 | AD15: Q1 | AE15: Q2 | AF15: Q3 | AG15: Q4 | AH15: FY 2022 | AJ15: Q1 | AK15: Q2 | AL15: Q3 | AM15: Q4 | AN15: FY 2021 | AP15: Q1 | AQ15: Q2 | AR15: Q3 | AS15: Q4 | AT15: FY 2020 | AV15: Q1 | AW15: Q2 | AX15: Q3 | AY15: Q4 | AZ15: FY 2019 | BB15: Q1 | BC15: Q2 | BD15: Q3 | BE15: Q4 | BF15: FY 2018 | BH15: Q1 | BI15: Q2 | BJ15: Q3 | BK15: Q4 | BL15: FY 2017 | BN15: Q1 | BO15: Q2 | BP15: Q3 | BQ15: Q4 | BR15: FY 2016 | BT15: Q1 | BU15: Q2 | BV15: Q3 | BW15: Q4 | BX15: FY 2015 | BZ15: Q1 | CA15: Q2 | CB15: Q3 | CC15: Q4 | CD15: FY 2014 | CF15: Q1 | CG15: Q2 | CH15: Q3 | CI15: Q4 | CJ15: FY 2013 | CL15: Q1 | CM15: Q2 | CN15: Q3 | CO15: Q4 | CP15: FY 2012
B17: Net Sales | E17: =SUM(H17:J17,O17) -> 171899.72 | F17: =SUM(L17:N17,U17) -> 151418.39 | H17: 40183.183 | I17: 43221.628 | J17: 47653.893 | L17: 34008.197 | M17: 38431.308 | N17: 37686.886 | O17: 40841.015 | P17: 150967.41 | R17: 41287 | S17: 43155 | T17: 46103 | U17: 41292 | V17: 171837 | X17: 40090 | Y17: 40138 | Z17: 41818 | AA17: 44632.103 | AB17: 166678.1 | AD17: 38165 | AE17: 38777 | AF17: 39377 | AG17: 37496 | AH17: 153815 | AJ17: 32485 | AK17: 32556 | AL17: 36852 | AM17: 38048 | AN17: 139941 | AP17: 29558 | AQ17: 24270 | AR17: 22619 | AS17: 22543 | AT17: 98990 | AV17: 30028 | AW17: 29481 | AX17: 30895 | AY17: 29544 | AZ17: 119948 | BB17: 29399 | BC17: 31196 | BD17: 29891 | BE17: 27374 | BF17: 117860 | BH17: 26496 | BI17: 26436 | BJ17: 26489 | BK17: 26159 | BL17: 105580 | BN17: 27383 | BO17: 28496 | BP17: 26912 | BQ17: 25388 | BR17: 108179 | BT17: 31188 | BU17: 29360 | BV17: 32590 | BW17: 26856 | BX17: 119994 | BZ17: 30679 | CA17: 32767 | CB17: 31456 | CC17: 28303 | CD17: 123205 | CF17: 30373 | CG17: 32651 | CH17: 32381 | CI17: 31201 | CJ17: 126606 | CL17: 11297 | CM17: 32539 | CN17: 31951 | CO17: 28397 | CP17: 104184
B18: Cost of Sales | E18: =SUM(H18:J18,O18) -> 124910.98 | F18: =SUM(L18:N18,U18) -> 117612.2 | H18: 29609.78 | I18: 31855.163 | J18: 32599.65 | L18: 26987.097 | M18: 29249.244 | N18: 28233.854 | O18: 30846.392 | P18: 115316.59 | R18: 29482 | S18: 30709 | T18: 32400 | U18: 33142 | V18: 125733 | X18: 28049 | Y18: 27685 | Z18: 29921 | AA18: 31211.699 | AB18: 116866.7 | AD18: 28184 | AE18: 26502 | AF18: 26634 | AG18: 28111 | AH18: 109431 | AJ18: 23112 | AK18: 23994 | AL18: 25896 | AM18: 27476 | AN18: 100478 | AP18: 21644 | AQ18: 18121 | AR18: 17631 | AS18: 18065 | AT18: 75461 | AV18: 22789 | AW18: 21629 | AX18: 22561 | AY18: 21789 | AZ18: 88768 | BB18: 21689 | BC18: 22411 | BD18: 22303 | BE18: 21076 | BF18: 87479 | BH18: 20226 | BI18: 19485 | BJ18: 19136 | BK18: 20016 | BL18: 78863 | BN18: 21499 | BO18: 21810 | BP18: 20520 | BQ18: 20646 | BR18: 84475 | BT18: 24180 | BU18: 23116 | BV18: 24648 | BW18: 21615 | BX18: 93559 | BZ18: 23433 | CA18: 24960 | CB18: 24284 | CC18: 22963 | CD18: 95640 | CF18: 23467 | CG18: 24241 | CH18: 24660 | CI18: 24416 | CJ18: 96784 | CL18: 10165 | CM18: 26594 | CN18: 25060 | CO18: 22306 | CP18: 84125
B19: Gross Profit | E19: =E17-E18 -> 46988.734 | F19: =F17-F18 -> 33806.196 | H19: 10573.403 | I19: 11366.465 | J19: 15054.243 | L19: 7021.1 | M19: 9182.064 | N19: 9453.032 | O19: 9994.623 | P19: 35650.819 | R19: 11805 | S19: 12446 | T19: 13703 | U19: 8150 | V19: 46104 | X19: 12041 | Y19: 12453 | Z19: 11897 | AA19: 13421.404 | AB19: 49812.404 | AD19: 9981 | AE19: 12275 | AF19: 12743 | AG19: 9385 | AH19: 44384 | AJ19: 9373 | AK19: 8562 | AL19: 10956 | AM19: 10572 | AN19: 39463 | AP19: 7914 | AQ19: 6149 | AR19: 4988 | AS19: 4478 | AT19: 23529 | AV19: 7239 | AW19: 7852 | AX19: 8334 | AY19: 7755 | AZ19: 31180 | BB19: 7710 | BC19: 8785 | BD19: 7588 | BE19: 6298 | BF19: 30381 | BH19: 6270 | BI19: 6951 | BJ19: 7353 | BK19: 6143 | BL19: 26717 | BN19: 5884 | BO19: 6686 | BP19: 6392 | BQ19: 4742 | BR19: 23704 | BT19: 7008 | BU19: 6244 | BV19: 7942 | BW19: 5241 | BX19: 26435 | BZ19: 7246 | CA19: 7807 | CB19: 7172 | CC19: 5340 | CD19: 27565 | CF19: 6906 | CG19: 8410 | CH19: 7721 | CI19: 6785 | CJ19: 29822 | CL19: 1132 | CM19: 5945 | CN19: 6891 | CO19: 6091 | CP19: 20059
B20: SG&A | E20: =SUM(H20:J20,O20) -> 28855.96 | F20: =SUM(L20:N20,U20) -> 37664.022 | H20: 7509.168 | I20: 7087.603 | J20: 8033.257 | L20: 7183.311 | M20: 8253.143 | N20: 7473.568 | O20: 6225.932 | P20: 29135.954 | R20: 6883 | S20: 6388 | T20: 7528 | U20: 14754 | V20: 35553 | X20: 6252 | Y20: 6089 | Z20: 6409 | AA20: 6474.006 | AB20: 25224.006 | AD20: 5622 | AE20: 6199 | AF20: 6531 | AG20: 6008 | AH20: 24360 | AJ20: 5442 | AK20: 5130 | AL20: 5409 | AM20: 6770 | AN20: 22751 | AP20: 5326 | AQ20: 3771 | AR20: 4547 | AS20: 4048 | AT20: 17692 | AV20: 4797 | AW20: 4690 | AX20: 4718 | AY20: 4844 | AZ20: 19049 | BB20: 4999 | BC20: 4857 | BD20: 4321 | BE20: 4859 | BF20: 19036 | BH20: 4797 | BI20: 4114 | BJ20: 4374 | BK20: 6298 | BL20: 19583 | BN20: 4252 | BO20: 3329 | BP20: 4536 | BQ20: 4485 | BR20: 16602 | BT20: 4248 | BU20: 3518 | BV20: 3879 | BW20: 3183 | BX20: 14828 | BZ20: 4823 | CA20: 4171 | CB20: 4017 | CC20: 3445 | CD20: 16456 | CF20: 4297 | CG20: 4161 | CH20: 4017 | CI20: 4345 | CJ20: 16820 | CL20: 5539 | CM20: 4073 | CN20: 3860 | CO20: 3815 | CP20: 17287
B21: Management fees | E21: =SUM(H21:J21,O21) -> 500 | F21: =SUM(L21:N21,U21) -> 500 | H21: 125 | I21: 125 | J21: 125 | L21: 125 | M21: 125.001 | N21: 124.999 | O21: 125 | P21: 500 | R21: 125 | S21: 125 | T21: 125 | U21: 125 | V21: 500 | X21: 125 | Y21: 125 | Z21: 125 | AA21: 125 | AB21: 500 | AD21: 125 | AE21: 125 | AF21: 125 | AG21: 125 | AH21: 500 | AJ21: 125 | AK21: 125 | AL21: 125 | AM21: 125 | AN21: 500 | AP21: 125 | AQ21: 125 | AR21: 125 | AS21: 125 | AT21: 500 | AV21: 125 | AW21: 125 | AX21: 125 | AY21: 125 | AZ21: 500 | BB21: 125 | BC21: 125 | BD21: 125 | BE21: 125 | BF21: 500 | BH21: 125 | BI21: 125 | BJ21: 125 | BK21: 125 | BL21: 500 | BN21: 125 | BO21: 125 | BP21: 125 | BQ21: 125 | BR21: 500 | BT21: 125 | BU21: 125 | BV21: 125 | BW21: 125 | BX21: 500 | BZ21: 125 | CA21: 125 | CB21: 125 | CC21: 125 | CD21: 500 | CF21: 125 | CG21: 125 | CH21: 125 | CI21: 125 | CJ21: 500 | CL21: 0 | CM21: 125 | CN21: 125 | CO21: 125 | CP21: 375
B22: Amortization of intangibles | E22: =SUM(H22:J22,O22) -> 2375.806 | F22: =SUM(L22:N22,U22) -> 2499.395 | H22: 607.702 | I22: 571.653 | J22: 571.653 | L22: 624.799 | M22: 624.798 | N22: 624.798 | O22: 624.798 | P22: 2499.193 | R22: 625 | S22: 625 | T22: 625 | U22: 625 | V22: 2500 | X22: 626 | Y22: 626 | Z22: 624 | AA22: 624.755 | AB22: 2500.755 | AD22: 946 | AE22: 626 | AF22: 626 | AG22: 626 | AH22: 2824 | AJ22: 810 | AK22: 810 | AL22: 811 | AM22: 1793 | AN22: 4224 | AP22: 810 | AQ22: 810 | AR22: 811 | AS22: 810 | AT22: 3241 | AV22: 840 | AW22: 810 | AX22: 810 | AY22: 810 | AZ22: 3270 | BB22: 861 | BC22: 858 | BD22: 855 | BE22: 855 | BF22: 3429 | BH22: 881 | BI22: 866 | BJ22: 854 | BK22: 862 | BL22: 3463 | BN22: 881 | BO22: 881 | BP22: 880 | BQ22: 881 | BR22: 3523 | BT22: 881 | BU22: 881 | BV22: 880 | BW22: 881 | BX22: 3523 | BZ22: 875 | CA22: 874 | CB22: 884 | CC22: 881 | CD22: 3514 | CF22: 875 | CG22: 964 | CH22: 875 | CI22: 874 | CJ22: 3588 | CL22: 274 | CM22: 892 | CN22: 875 | CO22: 874 | CP22: 2915
B23: Impairment of asset | E23: =SUM(H23:J23,O23) -> 0 | F23: =SUM(L23:N23,U23) -> 0 | H23: 0 | I23: 0 | J23: 0 | L23: 0 | M23: 0 | N23: 0 | O23: 0 | P23: 0 | R23: 0 | S23: 0 | T23: 0 | U23: 0 | V23: 0 | X23: 0 | Y23: 0 | Z23: 0 | AA23: 0 | AB23: 0 | AD23: 0 | AE23: 0 | AF23: 0 | AG23: 0 | AH23: 0 | AJ23: 0 | AK23: 0 | AL23: 0 | AM23: 0 | AN23: 0 | AP23: 0 | AQ23: 0 | AR23: 0 | AS23: 0 | AT23: 0 | AV23: 0 | AW23: 0 | AX23: 0 | AY23: 0 | AZ23: 0 | BB23: 0 | BC23: 0 | BD23: 0 | BE23: 0 | BF23: 0 | BH23: 8864 | BI23: 0 | BJ23: 0 | BK23: 0 | BL23: 8864 | BN23: 0 | BO23: 0 | BP23: 0 | BQ23: 16000 | BR23: 16000 | BT23: 0 | BU23: 0 | BV23: 0 | BW23: 0 | BX23: 0 | BZ23: 0 | CA23: 0 | CB23: 0 | CC23: 0 | CD23: 0 | CF23: 0 | CG23: 0 | CH23: 0 | CI23: 0 | CJ23: 0 | CL23: 0 | CM23: 0 | CN23: 0 | CO23: 0 | CP23: 0
B24: Income from operations | E24: =E19-SUM(E20:E23) -> 15256.968 | F24: =F19-SUM(F20:F23) -> -6857.221 | H24: 2331.533 | I24: 3582.209 | J24: 6324.333 | L24: -912.01 | M24: 179.122 | N24: 1229.667 | O24: 3018.893 | P24: 3515.672 | R24: 4172 | S24: 5308 | T24: 5425 | U24: -7354 | V24: 7551 | X24: 5038 | Y24: 5613 | Z24: 4739 | AA24: 6196.643 | AB24: 21586.643 | AD24: 3288 | AE24: 5325 | AF24: 5461 | AG24: 2626 | AH24: 16700 | AJ24: 2996 | AK24: 2497 | AL24: 4611 | AM24: 1884 | AN24: 11988 | AP24: 1653 | AQ24: 1443 | AR24: -495 | AS24: -505 | AT24: 2096 | AV24: 1477 | AW24: 2227 | AX24: 2681 | AY24: 1976 | AZ24: 8361 | BB24: 1725 | BC24: 2945 | BD24: 2287 | BE24: 459 | BF24: 7416 | BH24: -8397 | BI24: 1846 | BJ24: 2000 | BK24: -1142 | BL24: -5693 | BN24: 626 | BO24: 2351 | BP24: 851 | BQ24: -16749 | BR24: -12921 | BT24: 1754 | BU24: 1720 | BV24: 3058 | BW24: 1052 | BX24: 7584 | BZ24: 1423 | CA24: 2637 | CB24: 2146 | CC24: 889 | CD24: 7095 | CF24: 1609 | CG24: 3160 | CH24: 2704 | CI24: 1441 | CJ24: 8914 | CL24: -4681 | CM24: 855 | CN24: 2031 | CO24: 1277 | CP24: -518
B25: Other Expense (Income) | E25: =SUM(H25:J25,O25) -> 168.307 | F25: =SUM(L25:N25,U25) -> 109.575 | H25: 49.112 | I25: 61.921 | J25: 61.866 | L25: 19.406 | M25: 44.275 | N25: 24.894 | O25: -4.592 | P25: 83.983 | R25: 60 | S25: -52 | T25: 13 | U25: 21 | V25: 42 | X25: 40 | Y25: 33 | Z25: 48 | AA25: 40.502 | AB25: 161.502 | AD25: 43 | AE25: 40 | AF25: 39 | AG25: 22 | AH25: 144 | AJ25: 40 | AK25: 40 | AL25: -10 | AM25: 99 | AN25: 169 | AP25: 24 | AQ25: 24 | AR25: 28 | AS25: 27 | AT25: 103 | AV25: 19 | AW25: 23 | AX25: 20 | AY25: 25 | AZ25: 87 | BB25: 139 | BC25: 20 | BD25: 22 | BE25: 31 | BF25: 212 | BH25: 74 | BI25: 85 | BJ25: 108 | BK25: 121 | BL25: 388 | BN25: 88 | BO25: 86 | BP25: 85 | BQ25: 120 | BR25: 379 | BT25: 93 | BU25: 97 | BV25: -108 | BW25: 102 | BX25: 184 | BZ25: 78 | CA25: 141 | CB25: 60 | CC25: 335 | CD25: 614 | CF25: 91 | CG25: 122 | CH25: 89 | CI25: 107 | CJ25: 409 | CL25: 32 | CM25: 104 | CN25: 68 | CO25: 110 | CP25: 314
B26: Interest expense (net) | E26: =SUM(H26:J26,O26) -> 535.729 | F26: =SUM(L26:N26,U26) -> 595.374 | H26: 148.036 | I26: 139.651 | J26: 134.371 | L26: 142.68 | M26: 152.941 | N26: 148.753 | O26: 113.671 | P26: 558.045 | R26: -35 | S26: 115 | T26: 140 | U26: 151 | V26: 371 | X26: 4 | Y26: 6 | Z26: 6 | AA26: -11 | AB26: 5 | AD26: 6 | AE26: 6 | AF26: 8 | AG26: 6 | AH26: 26 | AJ26: 0 | AK26: 0 | AL26: 5 | AM26: 1 | AN26: 6 | AP26: 0 | AQ26: 0 | AR26: 0 | AS26: 0 | AT26: 0 | AV26: 0 | AW26: -1 | AX26: 0 | AY26: 0 | AZ26: -1 | BB26: 0 | BC26: 0 | BD26: 0 | BE26: 0 | BF26: 0 | BH26: 0 | BI26: 0 | BJ26: 0 | BK26: 0 | BL26: 0 | BN26: -1 | BO26: 0 | BP26: -1 | BQ26: 2 | BR26: 0 | BT26: 1 | BU26: -2 | BV26: 6 | BW26: 8 | BX26: 13 | BZ26: -1 | CA26: -1 | CB26: -1 | CC26: 1 | CD26: -2 | CF26: 5 | CG26: 1 | CH26: 5 | CI26: 11 | CJ26: 22 | CL26: -1 | CM26: -3 | CN26: 0 | CO26: 2 | CP26: -2
B27: Intercompany Interest | E27: =SUM(H27:J27,O27) -> 8537.853 | F27: =SUM(L27:N27,U27) -> 7994.493 | H27: 2116.975 | I27: 2136.885 | J27: 2127.865 | L27: 1915.459 | M27: 2118.229 | N27: 2152.805 | O27: 2156.128 | P27: 8342.621 | R27: 1700 | S27: 1797 | T27: 1816 | U27: 1808 | V27: 7121 | X27: 1649 | Y27: 1723 | Z27: 1706 | AA27: 1727.742 | AB27: 6805.742 | AD27: 1267 | AE27: 1278 | AF27: 1402 | AG27: 1571 | AH27: 5518 | AJ27: 1462 | AK27: 1353 | AL27: 1313 | AM27: 1327 | AN27: 5455 | AP27: 1467 | AQ27: 1415 | AR27: 1418 | AS27: 1430 | AT27: 5730 | AV27: 1584 | AW27: 1614 | AX27: 1579 | AY27: 1518 | AZ27: 6295 | BB27: 1630 | BC27: 1515 | BD27: 1515 | BE27: 1553 | BF27: 6213 | BH27: 1711 | BI27: 1715 | BJ27: 1768 | BK27: 1802 | BL27: 6996 | BN27: 1687 | BO27: 1682 | BP27: 1677 | BQ27: 1675 | BR27: 6721 | BT27: 1740 | BU27: 1747 | BV27: 1763 | BW27: 1746 | BX27: 6996 | BZ27: 1796 | CA27: 1819 | CB27: 1820 | CC27: 1784 | CD27: 7219 | CF27: 1834 | CG27: 1890 | CH27: 1872 | CI27: 1836 | CJ27: 7432 | CL27: 578 | CM27: 1903 | CN27: 1908 | CO27: 1883 | CP27: 6272
B28: Provision (benefit) for income taxes | E28: =SUM(H28:J28,O28) -> 3489.85 | F28: =SUM(L28:N28,U28) -> 976.28 | H28: 12.054 | I28: 695.704 | J28: 2239.764 | L28: -1383.431 | M28: 11198.822 | N28: -8643.111 | O28: 542.328 | P28: 1714.608 | R28: 796 | S28: 1190 | T28: 1196 | U28: -196 | V28: 2986 | X28: 1040 | Y28: 1348 | Z28: 876 | AA28: 921.338 | AB28: 4185.338 | AD28: 1012 | AE28: 1219 | AF28: 537 | AG28: 561 | AH28: 3329 | AJ28: 536 | AK28: 468 | AL28: 1058 | AM28: -717 | AN28: 1345 | AP28: -454 | AQ28: -852 | AR28: 1250 | AS28: -142 | AT28: -198 | AV28: -263 | AW28: 717 | AX28: 1225 | AY28: -399 | AZ28: 1280 | BB28: -135 | BC28: 2481 | BD28: 100 | BE28: -715 | BF28: 1731 | BH28: 365 | BI28: 183 | BJ28: -278 | BK28: -2607 | BL28: -2337 | BN28: 390 | BO28: -697 | BP28: 2793 | BQ28: 275 | BR28: 2761 | BT28: -6 | BU28: -131 | BV28: -197 | BW28: -78 | BX28: -412 | BZ28: 197 | CA28: -412 | CB28: 1379 | CC28: -2129 | CD28: -965 | CF28: 132 | CG28: -329 | CH28: 61 | CI28: -399 | CJ28: -535 | CL28: -646 | CM28: -452 | CN28: -681 | CO28: -167 | CP28: -1946
B29: Net Income | E29: =E24-SUM(E25:E28) -> 2525.229 | F29: =F24-SUM(F25:F28) -> -16532.943 | H29: 5.356 | I29: 548.048 | J29: 1760.467 | L29: -1606.124 | M29: -13335.145 | N29: 7546.326 | O29: 211.358 | P29: -7183.585 | R29: 1651 | S29: 2258 | T29: 2260 | U29: -9138 | V29: -2969 | X29: 2305 | Y29: 2503 | Z29: 2103 | AA29: 3523.118 | AB29: 10434.118 | AD29: 960 | AE29: 2782 | AF29: 3475 | AG29: 466 | AH29: 7683 | AJ29: 958 | AK29: 636 | AL29: 2245 | AM29: 1174 | AN29: 5013 | AP29: 616 | AQ29: 856 | AR29: -3191 | AS29: -1820 | AT29: -3539 | AV29: 137 | AW29: -126 | AX29: -143 | AY29: 832 | AZ29: 700 | BB29: 91 | BC29: -1071 | BD29: 650 | BE29: -410 | BF29: -740 | BH29: -10547 | BI29: -137 | BJ29: 402 | BK29: -458 | BL29: -10740 | BN29: -1538 | BO29: 1280 | BP29: -3703 | BQ29: -18821 | BR29: -22782 | BT29: -74 | BU29: 9 | BV29: 1594 | BW29: -726 | BX29: 803 | BZ29: -647 | CA29: 1090 | CB29: -1112 | CC29: 898 | CD29: 229 | CF29: -453 | CG29: 1476 | CH29: 677 | CI29: -114 | CJ29: 1586 | CL29: -4644 | CM29: -697 | CN29: 736 | CO29: -551 | CP29: -5156
B30: Adjusted for: | Z30: 0 | AA30: 0 | AE30: 0 | AF30: 0 | AG30: 0 | AH30: 0
B31: Provision (benefit) for income taxes | E31: =SUM(H31:J31,O31) -> 3489.85 | F31: =SUM(L31:N31,U31) -> 976.28 | H31: 12.054 | I31: 695.704 | J31: 2239.764 | L31: -1383.431 | M31: =M28 -> 11198.822 | N31: =N28 -> -8643.111 | O31: 542.328 | P31: 1714.608 | R31: 796 | S31: 1190 | T31: 1196 | U31: -196 | V31: 2986 | X31: 1040 | Y31: 1348 | Z31: 876 | AA31: 921.338 | AB31: 4185.338 | AD31: 1012 | AE31: 1219 | AF31: 537 | AG31: 561 | AH31: 3329 | AJ31: 536 | AK31: 468 | AL31: 1058 | AM31: -717 | AN31: 1345 | AP31: -454 | AQ31: -852 | AR31: 1250 | AS31: -142 | AT31: -198 | AV31: -263 | AW31: 717 | AX31: 1225 | AY31: -399 | AZ31: 1280 | BB31: -135 | BC31: 2481 | BD31: 100 | BE31: -715 | BF31: 1731 | BH31: 365 | BI31: 183 | BJ31: -278 | BK31: -2607 | BL31: -2337 | BN31: 390 | BO31: -697 | BP31: 2793 | BQ31: 275 | BR31: 2761 | BT31: -6 | BU31: -131 | BV31: -197 | BW31: -78 | BX31: -412 | BZ31: 197 | CA31: -412 | CB31: 1379 | CC31: -2129 | CD31: -965 | CF31: 132 | CG31: -329 | CH31: 61 | CI31: -399 | CJ31: -535 | CL31: -646 | CM31: -452 | CN31: -681 | CO31: -167 | CP31: -1946
B32: Interest expense (net) | E32: =SUM(H32:J32,O32) -> 535.729 | F32: =SUM(L32:N32,U32) -> 595.374 | H32: 148.036 | I32: 139.651 | J32: 134.371 | L32: 142.68 | M32: =M26 -> 152.941 | N32: =N26 -> 148.753 | O32: 113.671 | P32: 558.045 | R32: -35 | S32: 115 | T32: 139 | U32: 151 | V32: 371 | X32: 5 | Y32: 5 | Z32: 6 | AA32: -11.341 | AB32: 4.659 | AD32: 6 | AE32: 7 | AF32: 7 | AG32: 6 | AH32: 26 | AJ32: 0 | AK32: 0 | AL32: 5 | AM32: 1 | AN32: 6 | AP32: 0 | AQ32: 0 | AR32: 0 | AS32: 0 | AT32: 0 | AV32: 0 | AW32: -1 | AX32: 0 | AY32: 0 | AZ32: -1 | BB32: 0 | BC32: 0 | BD32: 0 | BE32: 0 | BF32: 0 | BH32: 0 | BI32: 0 | BJ32: 0 | BK32: 0 | BL32: 0 | BN32: -1 | BO32: 0 | BP32: -1 | BQ32: 2 | BR32: 0 | BT32: 1 | BU32: -2 | BV32: 6 | BW32: 8 | BX32: 13 | BZ32: -1 | CA32: -1 | CB32: -1 | CC32: 1 | CD32: -2 | CF32: -1 | CG32: 7 | CH32: 5 | CI32: 11 | CJ32: 22 | CL32: -1 | CM32: -2 | CN32: -1 | CO32: 2 | CP32: -2
B33: Intercompany Interest | E33: =SUM(H33:J33,O33) -> 8537.853 | F33: =SUM(L33:N33,U33) -> 7994.493 | H33: 2116.975 | I33: 2136.885 | J33: 2127.865 | L33: 1915.459 | M33: =M27 -> 2118.229 | N33: =N27 -> 2152.805 | O33: 2156.128 | P33: 8342.621 | R33: 1700 | S33: 1797 | T33: 1816 | U33: 1808 | V33: 7121 | X33: 1649 | Y33: 1723 | Z33: 1706 | AA33: 1727.742 | AB33: 6805.742 | AD33: 1267 | AE33: 1278 | AF33: 1402 | AG33: 1571 | AH33: 5518 | AJ33: 1462 | AK33: 1353 | AL33: 1313 | AM33: 1327 | AN33: 5455 | AP33: 1467 | AQ33: 1415 | AR33: 1418 | AS33: 1430 | AT33: 5730 | AV33: 1584 | AW33: 1614 | AX33: 1579 | AY33: 1518 | AZ33: 6295 | BB33: 1630 | BC33: 1515 | BD33: 1515 | BE33: 1553 | BF33: 6213 | BH33: 1711 | BI33: 1715 | BJ33: 1768 | BK33: 1802 | BL33: 6996 | BN33: 1687 | BO33: 1682 | BP33: 1677 | BQ33: 1675 | BR33: 6721 | BT33: 1740 | BU33: 1747 | BV33: 1763 | BW33: 1746 | BX33: 6996 | BZ33: 1796 | CA33: 1819 | CB33: 1820 | CC33: 1784 | CD33: 7219 | CF33: 1834 | CG33: 1890 | CH33: 1872 | CI33: 1836 | CJ33: 7432 | CL33: 578 | CM33: 1903 | CN33: 1908 | CO33: 1883 | CP33: 6272
B34: Depreciation and Amortization | E34: =SUM(H34:J34,O34) -> 10773.929 | F34: =SUM(L34:N34,U34) -> 10489 | H34: 2736 | I34: =2603+1 -> 2604 | J34: 2585.929 | L34: 2557 | M34: 2682 | N34: 2760 | O34: 2848 | P34: 10847 | R34: 2145 | S34: 2252 | T34: 2328 | U34: 2490 | V34: 9215 | X34: 1978 | Y34: 2063 | Z34: 2085 | AA34: 2152.755 | AB34: 8278.755 | AD34: 2185 | AE34: 1862 | AF34: 1895 | AG34: 1936 | AH34: 7878 | AJ34: 1721 | AK34: 2016 | AL34: 1965 | AM34: 3026 | AN34: 8728 | AP34: 1631 | AQ34: 1641 | AR34: 1697 | AS34: 1741 | AT34: 6710 | AV34: 1622 | AW34: 1580 | AX34: 1616 | AY34: 1641 | AZ34: 6459 | BB34: 1516 | BC34: 1568 | BD34: 1572 | BE34: 1573 | BF34: 6229 | BH34: 2045 | BI34: 1465 | BJ34: 1452 | BK34: 1466 | BL34: 6428 | BN34: 2237 | BO34: 2273 | BP34: 2268 | BQ34: 2301 | BR34: 9079 | BT34: 2189 | BU34: 2190 | BV34: 2183 | BW34: 2204 | BX34: 8766 | BZ34: 2097 | CA34: 2114 | CB34: 2152 | CC34: 2165 | CD34: 8528 | CF34: 1979 | CG34: 2080 | CH34: 2017 | CI34: 2059 | CJ34: 8135 | CL34: 2104 | CM34: 3420 | CN34: 1909 | CO34: 1940 | CP34: 9373
B35: Amortization of debt issuance cost | E35: =SUM(H35:J35,O35) -> 210.071 | F35: =SUM(L35:N35,U35) -> 84 | H35: 48 | I35: =59+1 -> 60 | J35: 61.071 | L35: 21 | M35: 21 | N35: 21 | O35: 41 | P35: 104 | R35: 8 | S35: 9 | T35: 12 | U35: 21 | V35: 50 | X35: 41 | Y35: 40 | Z35: 41 | AA35: 40.245 | AB35: 162.245 | AD35: 41 | AE35: 40.783 | AF35: 41.217 | AG35: 40 | AH35: 163 | AJ35: 40 | AK35: 40 | AL35: 40 | AM35: 40 | AN35: 160 | AP35: 24 | AQ35: 24 | AR35: 23 | AS35: 24 | AT35: 95 | AV35: 22 | AW35: 21 | AX35: 22 | AY35: 21 | AZ35: 86 | BB35: 86 | BC35: 24 | BD35: 23 | BE35: 22 | BF35: 155 | BH35: 85 | BI35: 84 | BJ35: 107 | BK35: 117 | BL35: 393 | BN35: 86 | BO35: 86 | BP35: 85 | BQ35: 85 | BR35: 342 | BT35: 88 | BU35: 87 | BV35: 86 | BW35: 87 | BX35: 348 | BZ35: 90 | CA35: 89 | CB35: 89 | CC35: 88 | CD35: 356 | CF35: 94 | CG35: 93 | CH35: 91 | CI35: 91 | CJ35: 369 | CL35: 34 | CM35: 102 | CN35: 98 | CO35: 96 | CP35: 330
B36: EBITDA | E36: =E29+SUM(E31:E35) -> 26072.661 | F36: =F29+SUM(F31:F35) -> 3606.204 | H36: 5066.421 | I36: =SUM(I29:I35) -> 6184.288 | J36: 8909.467 | L36: 1646.584 | M36: =SUM(M29:M35) -> 2837.847 | N36: =SUM(N29:N35) -> 3985.773 | O36: 5912.485 | P36: 14382.689 | R36: 6265 | S36: 7621 | T36: 7751 | U36: -4864 | V36: 16774 | X36: 7018 | Y36: 7682 | Z36: 6817 | AA36: 8353.739 | AB36: 29870.739 | AD36: 5471 | AE36: 7189 | AF36: 7357 | AG36: 4580 | AH36: 24597 | AJ36: 4717 | AK36: 4513 | AL36: 6626 | AM36: 4851 | AN36: 20707 | AP36: 3284 | AQ36: 3084 | AR36: 1197 | AS36: 1233 | AT36: 8798 | AV36: 3102 | AW36: 3805 | AX36: 4299 | AY36: 3613 | AZ36: 14819 | BB36: 3188 | BC36: 4517 | BD36: 3860 | BE36: 2023 | BF36: 13588 | BH36: -6341 | BI36: 3310 | BJ36: 3451 | BK36: 320 | BL36: 740 | BN36: 2861 | BO36: 4624 | BP36: 3119 | BQ36: -14483 | BR36: -3879 | BT36: 3938 | BU36: 3900 | BV36: 5435 | BW36: 3241 | BX36: 16514 | BZ36: 3532 | CA36: 4699 | CB36: 4327 | CC36: 2807 | CD36: 15365 | CF36: 3585 | CG36: 5217 | CH36: 4723 | CI36: 3484 | CJ36: 17009 | CL36: -2575 | CM36: 4274 | CN36: 3969 | CO36: 3203 | CP36: 8871
B37: (Gain) Loss on sale of fixed assets | J37: 0 | X37: 0 | Y37: 0 | Z37: 0 | AA37: 0 | AD37: 0 | AE37: 0 | AG37: 0 | AH37: 0 | AJ37: 0 | AK37: 0 | AL37: 0 | AM37: 0 | AN37: 0 | AP37: 0 | AQ37: 0 | AR37: 0 | AS37: 0 | AT37: 0 | AV37: 0 | AW37: 0 | AX37: 0 | AY37: 0 | AZ37: 0 | BB37: 49 | BC37: -1 | BD37: 0 | BE37: 7 | BF37: 55 | BH37: -9 | BI37: 0 | BJ37: 0 | BK37: 2 | BL37: -7 | BN37: 1 | BO37: 0 | BP37: -1 | BQ37: 5 | BR37: 5 | BT37: 0 | BU37: 0 | BV37: -183 | BW37: 18 | BX37: -165 | BZ37: -12 | CA37: 51 | CB37: -28 | CC37: 313 | CD37: 324 | CF37: -2 | CG37: 26 | CH37: -3 | CI37: 19 | CJ37: 40 | CL37: 0 | CM37: 0 | CN37: 2 | CO37: 16 | CP37: 18
B38: Non-controlling shareholder compensation | E38: =SUM(H38:J38,O38) -> 133 | F38: =SUM(L38:N38,U38) -> 17 | H38: 26 | I38: 26 | J38: 27 | L38: 4 | M38: 4 | N38: 4 | O38: 54 | P38: 66 | R38: 4 | S38: 5 | T38: 4 | U38: 5 | V38: 18 | X38: 9 | Y38: 9 | Z38: 8 | AA38: 1 | AB38: 27 | AD38: 13 | AE38: 12 | AF38: 13 | AG38: 2 | AH38: 40 | AJ38: 0 | AK38: 8 | AL38: 8 | AM38: 22 | AN38: 38 | AP38: 16 | AQ38: 20 | AR38: -2 | AS38: -54 | AT38: -20 | AV38: -15 | AW38: 23 | AX38: 24 | AY38: 24 | AZ38: 56 | BB38: 36 | BC38: 41 | BD38: 40 | BE38: -284 | BF38: -167 | BH38: 51 | BI38: 49 | BJ38: 49 | BK38: 42 | BL38: 191 | BN38: 55 | BO38: 40 | BP38: 97 | BQ38: -8 | BR38: 184 | BT38: 34 | BU38: 34 | BV38: 34 | BW38: 34 | BX38: 136 | BZ38: 37 | CA38: 29 | CB38: 34 | CC38: 34 | CD38: 134 | CF38: 35 | CG38: 36 | CH38: 37 | CI38: 37 | CJ38: 145 | CL38: 0 | CM38: 0 | CN38: 35 | CO38: 34 | CP38: 69
B39: Impairment expense | E39: =SUM(H39:J39,O39) -> 0 | F39: =SUM(L39:N39,U39) -> 0 | H39: 0 | I39: 0 | J39: 0 | L39: 0 | M39: 0 | N39: 0 | O39: 0 | P39: 0 | R39: 0 | S39: 0 | T39: 0 | U39: 0 | V39: 0 | X39: 0 | Y39: 0 | Z39: 0 | AA39: 0 | AB39: 0 | AD39: 0 | AE39: 0 | AF39: 0 | AG39: 0 | AH39: 0 | AJ39: 0 | AK39: 0 | AL39: 0 | AM39: 0 | AN39: 0 | AP39: 0 | AQ39: 0 | AR39: 0 | AS39: 0 | AT39: 0 | AV39: 0 | AW39: 0 | AX39: 0 | AY39: 0 | AZ39: 0 | BB39: 0 | BC39: 0 | BD39: 0 | BE39: 0 | BF39: 0 | BH39: 8864 | BI39: 0 | BJ39: 0 | BK39: 0 | BL39: 8864 | BN39: 0 | BO39: 0 | BP39: 0 | BQ39: 16000 | BR39: 16000 | BT39: 0 | BU39: 0 | BV39: 0 | BW39: 0 | BX39: 0 | BZ39: 0 | CA39: 0 | CB39: 0 | CC39: 0 | CD39: 0 | CF39: 0 | CG39: 0 | CH39: 0 | CI39: 0 | CJ39: 0 | CL39: 0 | CM39: 0 | CN39: 0 | CO39: 0 | CP39: 0
B40: Successful acquisition expense | E40: =SUM(H40:J40,O40) -> 0 | F40: =SUM(L40:N40,U40) -> 0 | H40: 0 | I40: 0 | J40: 0 | L40: 0 | M40: 0 | N40: 0 | O40: 0 | P40: 0 | R40: 0 | S40: 0 | T40: 0 | U40: 0 | V40: 0 | X40: 0 | Y40: 0 | Z40: 0 | AA40: 0 | AB40: 0 | AD40: 0 | AE40: 0 | AF40: 0 | AG40: 0 | AH40: 0 | AJ40: 299 | AK40: 11 | AL40: 0 | AM40: 0 | AN40: 310 | AP40: 0 | AQ40: 0 | AR40: 0 | AS40: 0 | AT40: 0 | AV40: 0 | AW40: 0 | AX40: 0 | AY40: 0 | AZ40: 0 | BB40: 0 | BC40: 0 | BD40: 0 | BE40: 0 | BF40: 0 | BH40: 0 | BI40: 0 | BJ40: 0 | BK40: 0 | BL40: 0 | BN40: 0 | BO40: 0 | BP40: 0 | BQ40: 0 | BR40: 0 | BT40: 0 | BU40: 0 | BV40: 0 | BW40: 0 | BX40: 0 | BZ40: 0 | CA40: 0 | CB40: 0 | CC40: 0 | CD40: 0 | CF40: 0 | CG40: 0 | CH40: 0 | CI40: 0 | CJ40: 0 | CL40: 4225 | CM40: 129 | CN40: 123 | CO40: 62 | CP40: 4539
B41: Increase (decrease) in earn out probability | E41: =SUM(H41:J41,O41) -> 0 | F41: =SUM(L41:N41,U41) -> 0 | H41: 0 | I41: 0 | J41: 0 | L41: 0 | M41: 0 | N41: 0 | O41: 0 | P41: 0 | R41: 0 | S41: 0 | T41: 0 | U41: 0 | V41: 0 | X41: 0 | Y41: 0 | Z41: 0 | AA41: 0 | AB41: 0 | AD41: 0 | AE41: 0 | AF41: 0 | AG41: 0 | AH41: 0 | AJ41: 0 | AK41: 0 | AL41: 0 | AM41: 0 | AN41: 0 | AP41: 0 | AQ41: 0 | AR41: 0 | AS41: 0 | AT41: 0 | AV41: 0 | AW41: 0 | AX41: 0 | AY41: 0 | AZ41: 0 | BB41: 0 | BC41: 0 | BD41: 0 | BE41: 0 | BF41: 0 | BH41: 0 | BI41: 0 | BJ41: 0 | BK41: 0 | BL41: 0 | BN41: 0 | BO41: 0 | BP41: 0 | BQ41: 0 | BR41: 0 | BT41: 0 | BU41: 0 | BV41: 0 | BW41: 0 | BX41: 0 | BZ41: 0 | CA41: 0 | CB41: 0 | CC41: 0 | CD41: 0 | CF41: 0 | CG41: 0 | CH41: 0 | CI41: 0 | CJ41: 0 | CL41: 0 | CM41: 0 | CN41: 0 | CO41: 0 | CP41: 0
B42: Integration Service Fee | E42: =SUM(H42:J42,O42) -> 0 | F42: =SUM(L42:N42,U42) -> 0 | H42: 0 | I42: 0 | J42: 0 | L42: 0 | M42: 0 | N42: 0 | O42: 0 | P42: 0 | R42: 0 | S42: 0 | T42: 0 | U42: 0 | V42: 0 | X42: 0 | Y42: 0 | Z42: 0 | AA42: 0 | AB42: 0 | AD42: 0 | AE42: 0 | AF42: 0 | AG42: 0 | AH42: 0 | AJ42: 0 | AK42: 0 | AL42: 0 | AM42: 0 | AN42: 0 | AP42: 0 | AQ42: 0 | AR42: 0 | AS42: 0 | AT42: 0 | AV42: 0 | AW42: 0 | AX42: 0 | AY42: 0 | AZ42: 0 | BB42: 0 | BC42: 0 | BD42: 0 | BE42: 0 | BF42: 0 | BH42: 0 | BI42: 0 | BJ42: 0 | BK42: 0 | BL42: 0 | BN42: 0 | BO42: 0 | BP42: 0 | BQ42: 0 | BR42: 0 | BT42: 0 | BU42: 0 | BV42: 0 | BW42: 0 | BX42: 0 | BZ42: 0 | CA42: 0 | CB42: 0 | CC42: 0 | CD42: 0 | CF42: 0 | CG42: 0 | CH42: 0 | CI42: 0 | CJ42: 0 | CL42: 0 | CM42: 0 | CN42: 0 | CO42: 0 | CP42: 0
B43: Other | E43: =SUM(H43:J43,O43) -> 86.193 | F43: =SUM(L43:N43,U43) -> 11930.116 | H43: -1 | I43: 3 | J43: 1 | L43: 913.253 | M43: 1318.122 | N43: 152.741 | O43: 83.193 | P43: 2467.309 | R43: 51.651 | S43: -60.651 | T43: 880 | U43: 9546 | V43: 10417 | X43: -2 | Y43: -7 | Z43: 8 | AA43: -4.459 | AB43: -5.459 | AD43: 0 | AE43: 0 | AF43: 0 | AG43: -20 | AH43: -20 | AJ43: 0 | AK43: 0 | AL43: -51 | AM43: 59 | AN43: 8 | AP43: 0 | AQ43: 0 | AR43: -1 | AS43: 10 | AT43: 9 | AV43: -2 | AW43: 0 | AX43: -1 | AY43: 4 | AZ43: 1 | BB43: 0 | BC43: 0 | BD43: 0 | BE43: 0 | BF43: 0 | BH43: 0 | BI43: 0 | BJ43: 0 | BK43: 0 | BL43: 0 | BN43: 0 | BO43: 0 | BP43: 0 | BQ43: 0 | BR43: 0 | BT43: 0 | BU43: 0 | BV43: 0 | BW43: 0 | BX43: 0 | BZ43: 0 | CA43: 0 | CB43: 0 | CC43: 0 | CD43: 0 | CF43: 0 | CG43: 0 | CH43: 0 | CI43: 0 | CJ43: 0 | CL43: 0 | CM43: 0 | CN43: 0 | CO43: 0 | CP43: 0
B44: Adjusted EBITDA | E44: =E36+SUM(E38:E43) -> 26291.854 | F44: =F36+SUM(F38:F43) -> 15553.32 | H44: 5091.421 | I44: =SUM(I36:I43) -> 6213.288 | J44: 8937.467 | L44: 2563.837 | M44: =SUM(M36:M43) -> 4159.969 | N44: =SUM(N36:N43) -> 4142.514 | O44: 6049.678 | P44: 16915.998 | R44: 6320.651 | S44: 7565.349 | T44: 8635 | U44: 4687 | V44: 27209 | X44: 7025 | Y44: 7684 | Z44: 6833 | AA44: 8350.28 | AB44: 29892.28 | AD44: 5484 | AE44: 7201 | AF44: 7370 | AG44: 4562 | AH44: 24617 | AJ44: 5016 | AK44: 4532 | AL44: 6583 | AM44: 4932 | AN44: 21063 | AP44: 3300 | AQ44: 3104 | AR44: 1194 | AS44: 1189 | AT44: 8787 | AV44: 3085 | AW44: 3828 | AX44: 4322 | AY44: 3641 | AZ44: 14876 | BB44: 3273 | BC44: 4557 | BD44: 3900 | BE44: 1746 | BF44: 13476 | BH44: 2565 | BI44: 3359 | BJ44: 3500 | BK44: 364 | BL44: 9788 | BN44: 2917 | BO44: 4664 | BP44: 3215 | BQ44: 1514 | BR44: 12310 | BT44: 3972 | BU44: 3934 | BV44: 5286 | BW44: 3293 | BX44: 16485 | BZ44: 3557 | CA44: 4779 | CB44: 4333 | CC44: 3154 | CD44: 15823 | CF44: 3618 | CG44: 5279 | CH44: 4757 | CI44: 3540 | CJ44: 17194 | CL44: 1650 | CM44: 4403 | CN44: 4129 | CO44: 3315 | CP44: 13497
AH45: 0
AH46: 0
B47: Total Assets | H47: 191124.1 | I47: 193676.63 | J47: 198054.57 | L47: 190714.93 | M47: 191467.03 | N47: 188511.26 | O47: 190550.49 | R47: 175939 | S47: 185979 | T47: 194752 | U47: 189682 | X47: 170701 | Y47: 168739 | Z47: 173497.4 | AA47: 175574.12 | AD47: 159846 | AE47: 163043 | AF47: 163241 | AG47: 167542 | AJ47: 155351 | AK47: 153926 | AL47: 157740 | AM47: 160702 | AP47: 118176 | AQ47: 115962 | AR47: 113777 | AS47: 115518 | AV47: 123109 | AW47: 117561 | AX47: 119244 | AY47: 118152 | BB47: 111291 | BC47: 110533 | BD47: 111762 | BE47: 109345 | BH47: 107282 | BI47: 109378 | BJ47: 111183 | BK47: 108421 | BN47: 138610 | BO47: 134920 | BP47: 132818 | BQ47: 114914 | BT47: 145710 | BU47: 147094 | BV47: 146786 | BW47: 138985 | BZ47: 152741 | CA47: 153157 | CB47: 150369 | CC47: 144812 | CF47: 156319 | CG47: 157019 | CH47: 156856 | CI47: 153727 | CL47: 169114 | CM47: 166151 | CN47: 160079 | CO47: 155902
AG48: 0
B49: Intercompany Liabilities (Inc Accrued Int) | H49: 91841.235 | I49: 90510.793 | J49: 91479.689 | L49: 88445.412 | M49: 87564.423 | N49: 87202.485 | O49: 90683.256 | R49: 67769 | S49: 69028 | T49: 69434 | U49: 75708 | X49: 69927 | Y49: 64665 | Z49: 65738 | AA49: 65302.477 | AD49: 70251 | AE49: 70212 | AF49: 68726 | AG49: 68143 | AJ49: 76567 | AK49: 65410 | AL49: 70727 | AM49: 69006 | AP49: 76753 | AQ49: 74011 | AR49: 74331 | AS49: 75915 | AV49: 77056 | AW49: 74571 | AX49: 75669 | AY49: 73831 | BB49: 73375 | BC49: 71838 | BD49: 72668 | BE49: 72944 | BH49: 72493 | BI49: 72401 | BJ49: 72875 | BK49: 70641 | BN49: 71371 | BO49: 69064 | BP49: 68227 | BQ49: 68440 | BT49: 74565 | BU49: 73170 | BV49: 73792 | BW49: 71048 | BZ49: 77877 | CA49: 77285 | CB49: 75598 | CC49: 73504 | CF49: 81159 | CG49: 80865 | CH49: 77777 | CI49: 77545 | CL49: 84342 | CM49: 83569 | CN49: 81799 | CO49: 79008
B50: Other Liabilities | H50: 37698.335 | I50: 40341.873 | J50: 42519.69 | L50: 36853.187 | M50: 50058.334 | N50: 39701.835 | O50: 37610.263 | R50: 37768 | S50: 45511 | T50: 49121 | U50: 49132 | X50: 38731 | Y50: 39522 | Z50: 42106.395 | AA50: 39505.067 | AD50: 35516 | AE50: 36290 | AF50: 36050 | AG50: 39602 | AJ50: 30679 | AK50: 39266 | AL50: 35864 | AM50: 39090 | AP50: 28967 | AQ50: 28865 | AR50: 28668 | AS50: 28491 | AV50: 34049 | AW50: 32282 | AX50: 34300 | AY50: 32383 | BB50: 23696 | BC50: 26456 | BD50: 26355 | BE50: 24919 | BH50: 23503 | BI50: 24914 | BJ50: 25148 | BK50: 24973 | BN50: 23067 | BO50: 21790 | BP50: 24391 | BQ50: 24993 | BT50: 25571 | BU50: 27464 | BV50: 25755 | BW50: 21648 | BZ50: 26855 | CA50: 26647 | CB50: 27556 | CC50: 25553 | CF50: 30222 | CG50: 29451 | CH50: 30954 | CI50: 27546 | CL50: 38100 | CM50: 37424 | CN50: 31937 | CO50: 30825
B51: Total Liabilities | H51: 129539.57 | I51: 130852.67 | J51: 133999.38 | L51: 125298.6 | M51: 137622.76 | N51: 126904.32 | O51: 128293.52 | R51: 105537 | S51: 114539 | T51: 118555 | U51: 124840 | X51: 108658 | Y51: 104187 | Z51: 107844.4 | AA51: 104807.54 | AD51: 105767 | AE51: 106502 | AF51: 104776 | AG51: 107745 | AJ51: 107246 | AK51: 104676 | AL51: 106591 | AM51: 108096 | AP51: 105720 | AQ51: 102876 | AR51: 102999 | AS51: 104406 | AV51: 111105 | AW51: 106853 | AX51: 109969 | AY51: 106214 | BB51: 97071 | BC51: 98294 | BD51: 99023 | BE51: 97863 | BH51: 95996 | BI51: 97315 | BJ51: 98023 | BK51: 95614 | BN51: 94438 | BO51: 90854 | BP51: 92618 | BQ51: 93433 | BT51: 100136 | BU51: 100634 | BV51: 99547 | BW51: 92696 | BZ51: 104732 | CA51: 103932 | CB51: 103154 | CC51: 99057 | CF51: 111381 | CG51: 110316 | CH51: 108731 | CI51: 105091 | CL51: 122442 | CM51: 120993 | CN51: 113736 | CO51: 109833
AG52: 0
B53: Total Equity | H53: 61584.53 | I53: 62823.966 | J53: 64055.189 | L53: 65416.33 | M53: 53844.277 | N53: 61606.937 | O53: 62256.973 | R53: 70402 | S53: 71440 | T53: 76197 | U53: 64842 | X53: 62043 | Y53: 64552 | Z53: 65652.999 | AA53: 70766.575 | AD53: 54079 | AE53: 56541 | AF53: 58465 | AG53: 59797 | AJ53: 48105 | AK53: 49250 | AL53: 51149 | AM53: 52606 | AP53: 12456 | AQ53: 13086 | AR53: 10778 | AS53: 11112 | AV53: 12004 | AW53: 10708 | AX53: 9275 | AY53: 11938 | BB53: 14220 | BC53: 12239 | BD53: 12739 | BE53: 11482 | BH53: 11286 | BI53: 12063 | BJ53: 13160 | BK53: 12807 | BN53: 44172 | BO53: 44066 | BP53: 40200 | BQ53: 21481 | BT53: 45574 | BU53: 46460 | BV53: 47239 | BW53: 46289 | BZ53: 48009 | CA53: 49225 | CB53: 47215 | CC53: 45755 | CF53: 44938 | CG53: 46703 | CH53: 48125 | CI53: 48636 | CL53: 46672 | CM53: 45158 | CN53: 46343 | CO53: 46069
B55: Maintenance capital expenditures | H55: 1153 | I55: 1912 | J55: 2749.105 | L55: 4343 | M55: 1938 | N55: 1178 | O55: 992 | P55: 8451 | R55: 1874 | S55: 3798 | T55: 7644 | U55: 9784 | V55: 23100 | X55: 1053 | Y55: 1155 | Z55: 2328 | AA55: 4348 | AB55: 8884 | AD55: 965 | AE55: 1052 | AF55: 3163 | AG55: 7172 | AH55: =SUM(AD55:AG55) -> 12352 | AJ55: 1001 | AK55: 1220 | AL55: 1996 | AM55: 3007 | AN55: 7224 | AP55: 1060 | AQ55: 570 | AR55: 1131 | AS55: 2123 | AT55: 4884 | AV55: 1112 | AW55: 694 | AX55: 1068 | AY55: 988 | AZ55: 3862 | BB55: 1252 | BC55: 871 | BD55: 1037 | BE55: 1548 | BF55: 4708 | BH55: 668 | BI55: 992 | BJ55: 888 | BK55: 2303 | BL55: 4851 | BN55: 670 | BO55: 384 | BP55: 571 | BQ55: 2176 | BR55: 3801 | BT55: 260 | BU55: 715 | BV55: 1063 | BW55: 580 | BX55: 2618 | BZ55: 891 | CA55: 573 | CB55: 794 | CC55: 820 | CD55: 3078 | CF55: 488 | CG55: 602 | CH55: 812 | CI55: 937 | CJ55: 2839 | CL55: 111 | CM55: 612 | CN55: 645 | CO55: 1014 | CP55: 2382
AH56: 0
B57: Growth capital expenditures | H57: 0 | I57: 0 | J57: 0 | L57: 0 | M57: 0 | N57: 0 | O57: 0 | P57: 0 | R57: 0 | S57: 0 | T57: 0 | U57: 0 | V57: 0 | X57: 0 | Y57: 0 | Z57: 0 | AA57: 0 | AB57: 0 | AD57: 0 | AH57: 0 | AJ57: 0 | AK57: 0 | AL57: 0 | AM57: 0 | AN57: 0 | AP57: 0 | AQ57: 0 | AR57: 0 | AS57: 0 | AT57: 0 | AV57: 0 | AW57: 0 | AX57: 0 | AY57: 0 | AZ57: 0 | BB57: 0 | BC57: 0 | BD57: 0 | BE57: 0 | BF57: 0 | BH57: 0 | BI57: 0 | BJ57: 0 | BK57: 0 | BL57: 0 | BN57: 0 | BO57: 0 | BP57: 0 | BQ57: 0 | BR57: 0
B59: CODI Equity Ownership Interest
B60: Primary | P60: 0.98 | V60: 0.98 | AB60: 0.98 | AH60: 0.98 | AM60: 0.98 | AS60: 0.967 | AY60: 0.967 | BE60: 0.967 | BK60: 0.967 | BQ60: 0.967 | BW60: 0.967 | CC60: 0.967 | CI60: 0.967 | CO60: 0.967
B61: Fully Diluted | P61: 0.828 | V61: 0.858 | AB61: 0.855 | AH61: 0.855 | AM61: 0.855 | AS61: 0.811 | AY61: 0.802 | BE61: 0.794 | BK61: 0.847 | BQ61: 0.847 | BW61: 0.873 | CC61: 0.875 | CI61: 0.872 | CO61: 0.879
B63: GP | E63: 0 | F63: 0 | H63: 0 | I63: 0 | J63: 0 | L63: 0 | M63: 0 | N63: 0 | O63: 0 | P63: 0 | R63: 0 | S63: 0 | T63: 0 | U63: 0 | V63: 0 | X63: 0 | Y63: 0 | Z63: 0 | AA63: -1 | AB63: -1 | AD63: 0 | AE63: 0 | AF63: 0 | AG63: 0 | AH63: 0 | AJ63: 0 | AK63: 0 | AL63: 0 | AM63: 0 | AN63: 0 | AP63: 0 | AQ63: 0 | AR63: 0 | AS63: 0 | AT63: 0 | AV63: 0 | AW63: 0 | AX63: 0 | AY63: 0 | AZ63: 0 | BB63: 0 | BC63: 0 | BD63: 0 | BE63: 0 | BF63: 0 | BH63: 0 | BI63: 0 | BJ63: 0 | BK63: 0 | BL63: 0 | BN63: 0 | BO63: 0 | BP63: 0 | BQ63: 0 | BR63: 0 | BT63: 0 | BU63: 0 | BV63: 0 | BW63: 0 | BX63: 0 | BZ63: 0 | CA63: 0 | CB63: 0 | CC63: 0 | CD63: 0 | CF63: 0 | CG63: 0 | CH63: 0 | CI63: 0 | CJ63: 0 | CL63: 0 | CM63: 0 | CN63: 0 | CO63: 0 | CP63: 0
B64: Inc from Cont | E64: 0 | F64: 0 | H64: 0 | I64: 0 | J64: 0 | L64: 0 | M64: 0 | N64: 0 | O64: 0 | P64: 0 | R64: 0 | S64: 0 | T64: 0 | U64: 0 | V64: 0 | X64: 0 | Y64: 0 | Z64: 0 | AA64: 1 | AB64: 1 | AD64: 0 | AE64: 0 | AF64: 0 | AG64: 0 | AH64: 0 | AJ64: 0 | AK64: 0 | AL64: 0 | AM64: 0 | AN64: 0 | AP64: 0 | AQ64: 0 | AR64: 0 | AS64: 0 | AT64: 0 | AV64: 0 | AW64: 0 | AX64: 0 | AY64: 0 | AZ64: 0 | BB64: 0 | BC64: 0 | BD64: 0 | BE64: 0 | BF64: 0 | BH64: 0 | BI64: 0 | BJ64: 0 | BK64: 0 | BL64: 0 | BN64: 0 | BO64: 0 | BP64: 0 | BQ64: 0 | BR64: 0 | BT64: 0 | BU64: 0 | BV64: 0 | BW64: 0 | BX64: 0 | BZ64: 0 | CA64: 0 | CB64: 0 | CC64: 0 | CD64: 0 | CF64: 0 | CG64: 0 | CH64: 0 | CI64: 0 | CJ64: 0 | CL64: 0 | CM64: 0 | CN64: 0 | CO64: 0 | CP64: 0
B65: Net Income | E65: 0 | F65: 0 | H65: 0 | I65: 0 | J65: -5.0022209e-12 | L65: 0 | M65: 0 | N65: 0 | O65: 0 | P65: 0 | R65: 0 | S65: 0 | T65: 0 | U65: 0 | V65: 0 | X65: 0 | Y65: 0 | Z65: 0 | AA65: -5.057 | AB65: -5.057 | AD65: 0 | AE65: 0 | AF65: 0 | AG65: 0 | AH65: 0 | AJ65: 0 | AK65: 0 | AL65: 0 | AM65: 0 | AN65: 0 | AP65: 0 | AQ65: 0 | AR65: 0 | AS65: 0 | AT65: 0 | AV65: 0 | AW65: 0 | AX65: 0 | AY65: 0 | AZ65: 0 | BB65: 0 | BC65: 0 | BD65: 0 | BE65: 0 | BF65: 0 | BH65: 0 | BI65: 0 | BJ65: 0 | BK65: 0 | BL65: 0 | BN65: 0 | BO65: 0 | BP65: 0 | BQ65: 0 | BR65: 0 | BT65: 0 | BU65: 0 | BV65: 0 | BW65: 0 | BX65: 0 | BZ65: 0 | CA65: 0 | CB65: 0 | CC65: 0 | CD65: 0 | CF65: 0 | CG65: 0 | CH65: 0 | CI65: 0 | CJ65: 0 | CL65: 0 | CM65: 0 | CN65: 0 | CO65: 0 | CP65: 0
B66: EBITDA | E66: 0 | F66: 0 | H66: 0 | I66: 0 | J66: -0.533 | L66: 0 | M66: 0 | N66: 0 | O66: 0 | P66: 0 | R66: 0 | S66: 0 | T66: 0 | U66: 0 | V66: 0 | X66: 0 | Y66: 0 | Z66: 0 | AA66: 0.118 | AB66: 0.118 | AD66: 0 | AE66: -0.217 | AF66: 0.217 | AG66: 0 | AH66: 0 | AJ66: 0 | AK66: 0 | AL66: 0 | AM66: 0 | AN66: 0 | AP66: 0 | AQ66: 0 | AR66: 0 | AS66: 0 | AT66: 0 | AV66: 0 | AW66: 0 | AX66: 0 | AY66: 0 | AZ66: 0 | BB66: 0 | BC66: 0 | BD66: 0 | BE66: 0 | BF66: 0 | BH66: 0 | BI66: 0 | BJ66: 0 | BK66: 0 | BL66: 0 | BN66: 0 | BO66: 0 | BP66: 0 | BQ66: 0 | BR66: 0 | BT66: 0 | BU66: 0 | BV66: 0 | BW66: 0 | BX66: 0 | BZ66: 0 | CA66: 0 | CB66: 0 | CC66: 0 | CD66: 0 | CF66: 0 | CG66: 0 | CH66: 0 | CI66: 0 | CJ66: 0 | CL66: 0 | CM66: 0 | CN66: 0 | CO66: 0 | CP66: 0
B67: Adj EBTIDA | E67: 0 | F67: 0 | H67: 0 | I67: 0 | J67: -0.533 | L67: 0 | M67: 0 | N67: 0 | O67: 0 | P67: 0 | R67: 0 | S67: 0 | T67: 0 | U67: 0 | V67: 0 | X67: 0 | Y67: 0 | Z67: 0 | AA67: 0 | AB67: 0 | AD67: 0 | AE67: 0 | AF67: 0 | AG67: 0 | AH67: 0 | AJ67: 0 | AK67: 0 | AL67: 0 | AM67: 0 | AN67: 0 | AP67: 0 | AQ67: 0 | AR67: 0 | AS67: 0 | AT67: 0 | AV67: 0 | AW67: 0 | AX67: 0 | AY67: 0 | AZ67: 0 | BB67: 0 | BC67: 0 | BD67: 0 | BE67: 0 | BF67: 0 | BH67: 0 | BI67: 0 | BJ67: 0 | BK67: 0 | BL67: 0 | BN67: 0 | BO67: 0 | BP67: 0 | BQ67: 0 | BR67: 0 | BT67: 0 | BU67: 0 | BV67: 0 | BW67: 0 | BX67: 0 | BZ67: 0 | CA67: 0 | CB67: 0 | CC67: 0 | CD67: 0 | CF67: 0 | CG67: 0 | CH67: 0 | CI67: 0 | CJ67: 0 | CL67: 0 | CM67: 0 | CN67: 0 | CO67: 0 | CP67: 0
B68: Total Liab | E68: 0 | F68: 0 | H68: 0 | I68: 0 | J68: 0 | L68: 0 | M68: 0 | N68: 0 | O68: 0 | P68: 0 | R68: 0 | S68: 0 | T68: 0 | U68: 0 | V68: 0 | X68: 0 | Y68: 0 | Z68: 0 | AA68: 0 | AB68: 0 | AD68: 0 | AE68: 0 | AF68: 0 | AG68: 0 | AH68: 0 | AJ68: 0 | AK68: 0 | AL68: 0 | AM68: 0 | AN68: 0 | AP68: 0 | AQ68: 0 | AR68: 0 | AS68: 0 | AT68: 0 | AV68: 0 | AW68: 0 | AX68: 0 | AY68: 0 | AZ68: 0 | BB68: 0 | BC68: 0 | BD68: 0 | BE68: 0 | BF68: 0 | BH68: 0 | BI68: 0 | BJ68: 0 | BK68: 0 | BL68: 0 | BN68: 0 | BO68: 0 | BP68: 0 | BQ68: 0 | BR68: 0 | BT68: 0 | BU68: 0 | BV68: 0 | BW68: 0 | BX68: 0 | BZ68: 0 | CA68: 0 | CB68: 0 | CC68: 0 | CD68: 0 | CF68: 0 | CG68: 0 | CH68: 0 | CI68: 0 | CJ68: 0 | CL68: 0 | CM68: 0 | CN68: 0 | CO68: 0 | CP68: 0
B69: B/S | E69: -0.00017 | F69: 0 | H69: -0.00017 | I69: 0 | J69: 0 | L69: -0.00016999997 | M69: 0 | N69: 0 | O69: 0 | P69: -0.00016999997 | R69: 0 | S69: 0 | T69: 0 | U69: 0 | V69: 0 | X69: 0 | Y69: 0 | Z69: 0 | AA69: 0 | AB69: -2.9999996e-05 | AD69: 0 | AE69: 0 | AF69: 0 | AG69: 0 | AH69: 0 | AJ69: 0 | AK69: 0 | AL69: 0 | AM69: 0 | AN69: 0 | AP69: 0 | AQ69: 0 | AR69: 0 | AS69: 0 | AT69: 0 | AV69: 0 | AW69: 0 | AX69: 0 | AY69: 0 | AZ69: 0 | BB69: 0 | BC69: 0 | BD69: 0 | BE69: 0 | BF69: 0 | BH69: 0 | BI69: 0 | BJ69: 0 | BK69: 0 | BL69: 0 | BN69: 0 | BO69: 0 | BP69: 0 | BQ69: 0 | BR69: 0 | BT69: 0 | BU69: 0 | BV69: 0 | BW69: 0 | BX69: 0 | BZ69: 0 | CA69: 0 | CB69: 0 | CC69: 0 | CD69: 0 | CF69: 0 | CG69: 0 | CH69: 0 | CI69: 0 | CJ69: 0 | CL69: 0 | CM69: 0 | CN69: 0 | CO69: 0 | CP69: 0

Sheet Rimports
B1: Purchase Price (October 2014) | C1: 160
B2: Initial Equity Contribution | C2: 75
B3: Initial Debt Contribution | C3: 85
B5: Add-on acquisition (debt) January 2016 | C5: 35.8
B6: Add-on acquisition (debt) August 2017 | C6: 3.2
B7: Recapitalization January 2018 Equity distribution | C7: -50.8
B8: Recapitalization January 2018 Debt proceeds | C8: 56.8
B9: Sterno Equity purchase February 2018 | C9: 3.4
B10: Sterno Equity purchase March 2018 | C10: 2.6
B11: Add-on acquisition (debt) February 18 | C11: 154.4
B13: Rimports
B14: Includes Sterno food service product division through the date of sale, May 1, 2026.
E15: Current | F15: Prior | H15: 2026 | L15: 2025 | R15: 2024 | X15: 2023 | AD15: 2022 | AJ15: 2021 | AP15: 2020 | AV15: 2019 | BB15: 2018 | BH15: 2017 | BN15: 2016 | BT15: 2015 | BZ15: 2014
E16: TTM | F16: TTM | H16: Q1 | I16: Q2 | J16: Q3 | L16: Q1 | M16: Q2 | N16: Q3 | O16: Q4 | P16: FY 2025 | R16: Q1 | S16: Q2 | T16: Q3 | U16: Q4 | V16: FY 2024 | X16: Q1 | Y16: Q2 | Z16: Q3 | AA16: Q4 | AB16: FY 2023 | AD16: Q1 | AE16: Q2 | AF16: Q3 | AG16: Q4 | AH16: FY 2022 | AJ16: Q1 | AK16: Q2 | AL16: Q3 | AM16: Q4 | AN16: FY 2021 | AP16: Q1 | AQ16: Q2 | AR16: Q3 | AS16: Q4 | AT16: FY 2020 | AV16: Q1 | AW16: Q2 | AX16: Q3 | AY16: Q4 | AZ16: FY 2019 | BB16: Q1 | BC16: Q2 | BD16: Q3 | BE16: Q4 | BF16: FY 2018 | BH16: Q1 | BI16: Q2 | BJ16: Q3 | BK16: Q4 | BL16: FY 2017 | BN16: Q1 | BO16: Q2 | BP16: Q3 | BQ16: Q4 | BR16: FY 2016 | BT16: Q1 | BU16: Q2 | BV16: Q3 | BW16: Q4 | BX16: FY 2015 | BZ16: Q1 | CA16: Q2 | CB16: Q3 | CC16: Q4 | CD16: FY 2014
A18: Net Sales | B18: Net Sales | E18: =SUM(H18:J18,O18) -> 233589.64 | F18: =SUM(L18:N18,U18) -> 310980.09 | H18: 65049.997 | I18: 44345.724 | J18: 35008.448 | L18: 65380.758 | M18: 77505.284 | N18: 73460.05 | O18: 89185.469 | P18: 305531.56 | R18: 64860 | S18: 73767 | T18: 85187 | U18: 94634 | V18: 318448 | X18: 75019 | Y18: 74615 | Z18: 80185 | AA18: 94010.515 | AB18: 323829.52 | AD18: 76920 | AE18: 84188.943 | AF18: 88636.057 | AG18: 102406 | AH18: 352151 | AJ18: 77315 | AK18: 89256 | AL18: 100827 | AM18: 107729 | AN18: 375127 | AP18: 83032 | AQ18: 77363 | AR18: 97737 | AS18: 111849 | AT18: 369981 | AV18: 91195 | AW18: 86466 | AX18: 111471 | AY18: 106312 | AZ18: 395444 | BB18: 65232 | BC18: 87970 | BD18: 113868 | BE18: 114005 | BF18: 381075 | BH18: 52528 | BI18: 57868 | BJ18: 52697 | BK18: 63017 | BL18: 226110 | BN18: 43969 | BO18: 57141 | BP18: 55582 | BQ18: 62125 | BR18: 218817 | BT18: 28604 | BU18: 38366 | BV18: 31710 | BW18: 41311 | BX18: 139991 | BZ18: 0 | CA18: 0 | CB18: 0 | CC18: 36711 | CD18: 36711
A19: Cost of Goods Sold | B19: Cost of Sales | E19: =SUM(H19:J19,O19) -> 161434.99 | F19: =SUM(L19:N19,U19) -> 222531.3 | H19: 46604.307 | I19: 28132.245 | J19: 26744.873 | L19: 48082.693 | M19: 55051.379 | N19: 51133.225 | O19: 59953.562 | P19: 214220.86 | R19: 47147 | S19: 53791 | T19: 64064 | U19: 68264 | V19: 233265 | X19: 58459 | Y19: 55136 | Z19: 60436 | AA19: 71285.101 | AB19: 245316.1 | AD19: 62424 | AE19: 64088 | AF19: 74167 | AG19: 84046 | AH19: 284725 | AJ19: 61034 | AK19: 70096 | AL19: 83200 | AM19: 88787 | AN19: 303117 | AP19: 64432 | AQ19: 60167 | AR19: 76888 | AS19: 90291 | AT19: 291778 | AV19: 68842 | AW19: 63799 | AX19: 84501 | AY19: 76303 | AZ19: 293445 | BB19: 49412 | BC19: 69483 | BD19: 87204 | BE19: 84006 | BF19: 290105 | BH19: 39026 | BI19: 42084 | BJ19: 38865 | BK19: 50380 | BL19: 170355 | BN19: 33123 | BO19: 40857 | BP19: 39744 | BQ19: 44998 | BR19: 158722 | BT19: 22389 | BU19: 28645 | BV19: 23390 | BW19: 29948 | BX19: 104372 | BZ19: 0 | CA19: 0 | CB19: 0 | CC19: 30134 | CD19: 30134
A20: Gross Profit | B20: Gross Profit | E20: =E18-E19 -> 72154.651 | F20: =F18-F19 -> 88448.795 | H20: 18445.69 | I20: 16213.479 | J20: 8263.575 | L20: 17298.065 | M20: 22453.905 | N20: 22326.825 | O20: 29231.907 | P20: 91310.702 | R20: 17713 | S20: 19976 | T20: 21123 | U20: 26370 | V20: 85183 | X20: 16560 | Y20: 19479 | Z20: 19749 | AA20: 22725.414 | AB20: 78513.414 | AD20: 14496 | AE20: 20100.745 | AF20: 14469.255 | AG20: 18360 | AH20: 67426 | AJ20: 16281 | AK20: 19160 | AL20: 17627 | AM20: 18942 | AN20: 72010 | AP20: 18600 | AQ20: 17196 | AR20: 20849 | AS20: 21558 | AT20: 78203 | AV20: 22353 | AW20: 22667 | AX20: 26970 | AY20: 30009 | AZ20: 101999 | BB20: 15820 | BC20: 18487 | BD20: 26664 | BE20: 29999 | BF20: 90970 | BH20: 13502 | BI20: 15784 | BJ20: 13832 | BK20: 12637 | BL20: 55755 | BN20: 10846 | BO20: 16284 | BP20: 15838 | BQ20: 17127 | BR20: 60095 | BT20: 6215 | BU20: 9721 | BV20: 8320 | BW20: 11363 | BX20: 35619 | BZ20: 0 | CA20: 0 | CB20: 0 | CC20: 6577 | CD20: 6577
A21: G&A Expenses | B21: SG&A | E21: =SUM(H21:J21,O21) -> 31594.462 | F21: =SUM(L21:N21,U21) -> 38244.133 | H21: 8761.253 | I21: 6494.61 | J21: 5153.63 | L21: 8205.504 | M21: 8610.212 | N21: 9778.417 | O21: 11184.969 | P21: 37779.102 | R21: 8691 | S21: 7869 | T21: 9915 | U21: 11650 | V21: 38125 | X21: 7830 | Y21: 8154 | Z21: 9073 | AA21: 11655.093 | AB21: 36712.093 | AD21: 7194 | AE21: 7879.084 | AF21: 7417.916 | AG21: 8103 | AH21: 30594 | AJ21: 7619 | AK21: 8204 | AL21: 9017 | AM21: 8016 | AN21: 32856 | AP21: 8953 | AQ21: 8855 | AR21: 8797 | AS21: 8314 | AT21: 34919 | AV21: 10092 | AW21: 10162 | AX21: 9855 | AY21: 9631 | AZ21: 39740 | BB21: 9053 | BC21: 10493 | BD21: 10577 | BE21: 5969 | BF21: 36092 | BH21: 7866 | BI21: 8540 | BJ21: 7466 | BK21: 4790 | BL21: 28662 | BN21: 6790 | BO21: 8222 | BP21: 8556 | BQ21: 9914 | BR21: 33482 | BT21: 3622 | BU21: 4169 | BV21: 3985 | BW21: 4820 | BX21: 16596 | BZ21: 0 | CA21: 0 | CB21: 0 | CC21: 6293 | CD21: 6293
A22: Management Fee | B22: Management fees | E22: =SUM(H22:J22,O22) -> 499.086 | F22: =SUM(L22:N22,U22) -> 500 | H22: 125 | I22: 124.085 | J22: 125.001 | L22: 125 | M22: 125.001 | N22: 124.999 | O22: 125 | P22: 500 | R22: 125 | S22: 125 | T22: 125 | U22: 125 | V22: 500 | X22: 125 | Y22: 125 | Z22: 125 | AA22: 125.001 | AB22: 500.001 | AD22: 125 | AE22: 125 | AF22: 125 | AG22: 125 | AH22: 500 | AJ22: 125 | AK22: 125 | AL22: 125 | AM22: 125 | AN22: 500 | AP22: 125 | AQ22: 125 | AR22: 125 | AS22: 125 | AT22: 500 | AV22: 125 | AW22: 125 | AX22: 125 | AY22: 125 | AZ22: 500 | BB22: 125 | BC22: 125 | BD22: 125 | BE22: 125 | BF22: 500 | BH22: 125 | BI22: 125 | BJ22: 125 | BK22: 125 | BL22: 500 | BN22: 125 | BO22: 125 | BP22: 125 | BQ22: 125 | BR22: 500 | BT22: 125 | BU22: 125 | BV22: 125 | BW22: 125 | BX22: 500 | BZ22: 0 | CA22: 0 | CB22: 0 | CC22: 125 | CD22: 125
A23: Amort Expense | B23: Amortization of intangibles | E23: =SUM(H23:J23,O23) -> 9343.201 | F23: =SUM(L23:N23,U23) -> 10600.211 | H23: 2337.487 | I23: 2198.788 | J23: 2198.188 | L23: 2608.737 | M23: 2608.737 | N23: 2608.737 | O23: 2608.738 | P23: 10434.949 | R23: 4112 | S23: 4112 | T23: 4112 | U23: 2774 | V23: 15111 | X23: 4112 | Y23: 4112 | Z23: 4113 | AA23: 4111.947 | AB23: 16448.947 | AD23: 4143 | AE23: 4142.21 | AF23: 4131.79 | AG23: 4114 | AH23: 16531 | AJ23: 4253 | AK23: 4253 | AL23: 4253 | AM23: 6018 | AN23: 18777 | AP23: 4253 | AQ23: 4253 | AR23: 4253 | AS23: 4253 | AT23: 17012 | AV23: 4154 | AW23: 4265 | AX23: 4265 | AY23: 4265 | AZ23: 16949 | BB23: 1891 | BC23: 5141 | BD23: 4328 | BE23: 4288 | BF23: 15648 | BH23: 1859 | BI23: 1799 | BJ23: 1829 | BK23: 1912 | BL23: 7399 | BN23: 1519 | BO23: 1790 | BP23: 1621 | BQ23: 2384 | BR23: 7314 | BT23: 812 | BU23: 1504 | BV23: 1503 | BW23: 1504 | BX23: 5323 | BZ23: 0 | CA23: 0 | CB23: 0 | CC23: 1971 | CD23: 1971
A24: Impairment of Assets | B24: Impairment of asset | E24: =SUM(H24:J24,O24) -> 0 | F24: =SUM(L24:N24,U24) -> 0 | H24: 0 | I24: 0 | J24: 0 | L24: 0 | M24: 0 | N24: 0 | O24: 0 | P24: 0 | R24: 0 | S24: 0 | T24: 0 | U24: 0 | V24: 0 | X24: 0 | Y24: 0 | Z24: 0 | AA24: 0 | AB24: 0 | AD24: 0 | AE24: 0 | AF24: 0 | AG24: 0 | AH24: 0 | AJ24: 0 | AK24: 0 | AL24: 0 | AM24: 0 | AN24: 0 | AP24: 0 | AQ24: 0 | AR24: 0 | AS24: 0 | AT24: 0 | AV24: 0 | AW24: 0 | AX24: 0 | AY24: 0 | AZ24: 0 | BB24: 0 | BC24: 0 | BD24: 0 | BE24: 0 | BF24: 0 | BH24: 0 | BI24: 0 | BJ24: 0 | BK24: 0 | BL24: 0 | BN24: 0 | BO24: 0 | BP24: 0 | BQ24: 0 | BR24: 0 | BT24: 0 | BU24: 0 | BV24: 0 | BW24: 0 | BX24: 0 | BZ24: 0 | CA24: 0 | CB24: 0 | CC24: 0 | CD24: 0
A25: Operating Income / (Loss) | B25: Income from operations | E25: =E20-SUM(E21:E24) -> 30717.902 | F25: =F20-SUM(F21:F24) -> 39104.451 | H25: 7221.95 | I25: 7395.996 | J25: 786.756 | L25: 6358.824 | M25: 11109.955 | N25: 9814.672 | O25: 15313.2 | P25: 42596.651 | R25: 4785 | S25: 7870 | T25: 6971 | U25: 11821 | V25: 31447 | X25: 4493 | Y25: 7088 | Z25: 6438 | AA25: 6833.373 | AB25: 24852.373 | AD25: 3034 | AE25: 7954.451 | AF25: 2794.549 | AG25: 6018 | AH25: 19801 | AJ25: 4284 | AK25: 6578 | AL25: 4232 | AM25: 4783 | AN25: 19877 | AP25: 5269 | AQ25: 3963 | AR25: 7674 | AS25: 8866 | AT25: 25772 | AV25: 7982 | AW25: 8115 | AX25: 12725 | AY25: 15988 | AZ25: 44810 | BB25: 4751 | BC25: 2728 | BD25: 11634 | BE25: 19617 | BF25: 38730 | BH25: 3652 | BI25: 5320 | BJ25: 4412 | BK25: 5810 | BL25: 19194 | BN25: 2412 | BO25: 6147 | BP25: 5536 | BQ25: 4704 | BR25: 18799 | BT25: 1656 | BU25: 3923 | BV25: 2707 | BW25: 4914 | BX25: 13200 | BZ25: 0 | CA25: 0 | CB25: 0 | CC25: -1812 | CD25: -1812
A26: Other Income / (Expense) | B26: Other Expense (Income) | E26: =SUM(H26:J26,O26) -> -63.693 | F26: =SUM(L26:N26,U26) -> -417.023 | H26: -79.294 | I26: 152.629 | J26: -56.594 | L26: -85.912 | M26: -78.342 | N26: -100.769 | O26: -80.434 | P26: -345.457 | R26: -160 | S26: -153 | T26: -66 | U26: -152 | V26: -531 | X26: -380 | Y26: -194 | Z26: -249 | AA26: -200.254 | AB26: -1023.254 | AD26: -142 | AE26: -355.136 | AF26: -349.864 | AG26: -432 | AH26: -1279 | AJ26: 57 | AK26: -262 | AL26: -340 | AM26: -193 | AN26: -738 | AP26: -112 | AQ26: 420 | AR26: 118 | AS26: 164 | AT26: 590 | AV26: 182 | AW26: 128 | AX26: 43 | AY26: -15 | AZ26: 338 | BB26: 129 | BC26: 312 | BD26: -90 | BE26: 171 | BF26: 522 | BH26: 275 | BI26: -5 | BJ26: 17 | BK26: -133 | BL26: 154 | BN26: 47 | BO26: 243 | BP26: 261 | BQ26: 980 | BR26: 1531 | BT26: 58 | BU26: 56 | BV26: 56 | BW26: 53 | BX26: 223 | BZ26: 0 | CA26: 0 | CB26: 0 | CC26: 88 | CD26: 88
A27: Interest (Expense) | B27: Interest expense (net) | E27: =SUM(H27:J27,O27) -> -106.073 | F27: =SUM(L27:N27,U27) -> 0.254 | H27: 1.457 | I27: -107.198 | J27: -0.332 | L27: 0.001 | M27: 0.253 | N27: 0 | O27: 0 | P27: 0.254 | R27: 0 | S27: 0 | T27: 0 | U27: 0 | V27: 0 | X27: 0 | Y27: 0 | Z27: 0 | AA27: 0 | AB27: 0 | AD27: 0 | AE27: 0.255 | AF27: -0.255 | AG27: 0 | AH27: 0 | AJ27: 0 | AK27: 0 | AL27: 0 | AM27: 0 | AN27: 0 | AP27: 0 | AQ27: 0 | AR27: 0 | AS27: 1 | AT27: 1 | AV27: 0 | AW27: 0 | AX27: 4 | AY27: 0 | AZ27: 4 | BB27: 0 | BC27: 0 | BD27: 0 | BE27: 1 | BF27: 1 | BH27: 0 | BI27: 0 | BJ27: 0 | BK27: 0 | BL27: 0 | BN27: 12 | BO27: 0 | BP27: 0 | BQ27: 0 | BR27: 12 | BT27: 0 | BU27: 0 | BV27: 0 | BW27: 0 | BX27: 0 | BZ27: 0 | CA27: 0 | CB27: 0 | CC27: 0 | CD27: 0
A28: I/C Interest Inc / (Exp) | B28: Intercompany Interest | E28: =SUM(H28:J28,O28) -> 3220.985 | F28: =SUM(L28:N28,U28) -> 9227.738 | H28: 1121.665 | I28: 309.924 | J28: 12.698 | L28: 2269.295 | M28: 2200.601 | N28: 1991.842 | O28: 1776.698 | P28: 8238.436 | R28: 3500 | S28: 3256 | T28: 2944 | U28: 2766 | V28: 12466 | X28: 4470 | Y28: 4352 | Z28: 4063 | AA28: 3768.752 | AB28: 16653.752 | AD28: 4313 | AE28: 4361.644 | AF28: 4547.356 | AG28: 4931 | AH28: 18153 | AJ28: 4725 | AK28: 4772 | AL28: 4449 | AM28: 4376 | AN28: 18322 | AP28: 5011 | AQ28: 4574 | AR28: 4602 | AS28: 4831 | AT28: 19018 | AV28: 5873 | AW28: 5700 | AX28: 5653 | AY28: 5407 | AZ28: 22633 | BB28: 3520 | BC28: 5628 | BD28: 5895 | BE28: 6131 | BF28: 21174 | BH28: 1210 | BI28: 1297 | BJ28: 1208 | BK28: 1181 | BL28: 4896 | BN28: 1981 | BO28: 2023 | BP28: 1892 | BQ28: 1496 | BR28: 7392 | BT28: 1718 | BU28: 1765 | BV28: 1708 | BW28: 1657 | BX28: 6848 | BZ28: 0 | CA28: 0 | CB28: 0 | CC28: 1645 | CD28: 1645
A29: Income Tax Expense | B29: Provision (benefit) for income taxes | E29: =SUM(H29:J29,O29) -> 6375.664 | F29: =SUM(L29:N29,U29) -> 7403.553 | H29: 1486.895 | I29: 1958.161 | J29: 234.157 | L29: 996.841 | M29: 2199.824 | N29: 1926.888 | O29: 2696.451 | P29: 7820.004 | R29: 453 | S29: 1202 | T29: 939 | U29: 2280 | V29: 4874 | X29: 108 | Y29: 761 | Z29: 643 | AA29: -405.621 | AB29: 1106.379 | AD29: -893 | AE29: 1163 | AF29: -1199 | AG29: 450 | AH29: -479 | AJ29: -475 | AK29: 735 | AL29: -58 | AM29: 2407 | AN29: 2609 | AP29: 3 | AQ29: 105 | AR29: 54 | AS29: 2181 | AT29: 2343 | AV29: 481 | AW29: 679 | AX29: 1260 | AY29: 2968 | AZ29: 5388 | BB29: -443 | BC29: -856 | BD29: 2136 | BE29: 3745 | BF29: 4582 | BH29: 711 | BI29: 1123 | BJ29: 1200 | BK29: 398 | BL29: 3432 | BN29: 344 | BO29: 1426 | BP29: 1083 | BQ29: 600 | BR29: 3453 | BT29: -31 | BU29: 850 | BV29: 304 | BW29: 1227 | BX29: 2350 | BZ29: 0 | CA29: 0 | CB29: 0 | CC29: -1537 | CD29: -1537
A30: Net Income / (Loss) | B30: Net Income | E30: =E25-SUM(E26:E29) -> 21291.019 | F30: =F25-SUM(F26:F29) -> 22889.929 | H30: 4691.227 | I30: 5082.48 | J30: 596.827 | L30: 3178.599 | M30: 6787.619 | N30: 5996.711 | O30: 10920.485 | P30: 26883.414 | R30: 992 | S30: 3565 | T30: 3154 | U30: 6927 | V30: 14638 | X30: 295 | Y30: 2169 | Z30: 1981 | AA30: 3670.496 | AB30: 8115.496 | AD30: -244 | AE30: 2784.36 | AF30: -203.36 | AG30: 1069 | AH30: 3406 | AJ30: -23 | AK30: 1333 | AL30: 181 | AM30: -1807 | AN30: -316 | AP30: 367 | AQ30: -1136 | AR30: 2900 | AS30: 1689 | AT30: 3820 | AV30: 1446 | AW30: 1608 | AX30: 5765 | AY30: 7628 | AZ30: 16447 | BB30: 1545 | BC30: -2356 | BD30: 3693 | BE30: 9569 | BF30: 12451 | BH30: 1456 | BI30: 2905 | BJ30: 1987 | BK30: 4364 | BL30: 10712 | BN30: 28 | BO30: 2455 | BP30: 2300 | BQ30: 1628 | BR30: 6411 | BT30: -89 | BU30: 1252 | BV30: 639 | BW30: 1977 | BX30: 3779 | BZ30: 0 | CA30: 0 | CB30: 0 | CC30: -2008 | CD30: -2008
B31: Adjusted for: | Y31: 0 | Z31: 0 | AA31: 0 | AE31: 0 | AF31: 0 | AG31: 0 | AH31: 0
A32: Provision (benefit) for income taxes | B32: Provision (benefit) for income taxes | E32: =SUM(H32:J32,O32) -> 6375.664 | F32: =SUM(L32:N32,U32) -> 7403.553 | H32: 1486.895 | I32: 1958.161 | J32: 234.157 | L32: 996.841 | M32: 2199.824 | N32: 1926.888 | O32: 2696.451 | P32: 7820.004 | R32: 453 | S32: 1202 | T32: 939 | U32: 2280 | V32: 4874 | X32: 108 | Y32: 761 | Z32: 643 | AA32: -406 | AB32: 1106 | AD32: -893 | AE32: 1163 | AF32: -1199 | AG32: 449 | AH32: -480 | AJ32: -475 | AK32: 735 | AL32: -58 | AM32: 2407 | AN32: 2609 | AP32: 3 | AQ32: 105 | AR32: 54 | AS32: 2181 | AT32: 2343 | AV32: 481 | AW32: 679 | AX32: 1260 | AY32: 2968 | AZ32: 5388 | BB32: -443 | BC32: -856 | BD32: 2136 | BE32: 3745 | BF32: 4582 | BH32: 711 | BI32: 1123 | BJ32: 1200 | BK32: 398 | BL32: 3432 | BN32: 344 | BO32: 1426 | BP32: 1083 | BQ32: 600 | BR32: 3453 | BT32: -31 | BU32: 850 | BV32: 304 | BW32: 1227 | BX32: 2350 | BZ32: 0 | CA32: 0 | CB32: 0 | CC32: -1537 | CD32: -1537
A33: Interest expense, net | B33: Interest expense (net) | E33: =SUM(H33:J33,O33) -> -106.073 | F33: =SUM(L33:N33,U33) -> 0.254 | H33: 1.457 | I33: -107.198 | J33: -0.332 | L33: 0.001 | M33: 0.253 | N33: 0 | O33: 0 | P33: 0.254 | R33: 0 | S33: 0 | T33: 0 | U33: 0 | V33: 0 | X33: 0 | Y33: 0 | Z33: 0 | AA33: 0 | AB33: 0 | AD33: 0 | AE33: 0.255 | AF33: -0.255 | AG33: 0 | AH33: 0 | AJ33: 0 | AK33: 0 | AL33: 0 | AM33: 0 | AN33: 0 | AP33: 0 | AQ33: 0 | AR33: 0 | AS33: 1 | AT33: 1 | AV33: 0 | AW33: 0 | AX33: 4 | AY33: 0 | AZ33: 4 | BB33: 0 | BC33: 0 | BD33: 0 | BE33: 1 | BF33: 1 | BH33: 0 | BI33: 0 | BJ33: 0 | BK33: 0 | BL33: 0 | BN33: 12 | BO33: 0 | BP33: 0 | BQ33: 0 | BR33: 12 | BT33: 0 | BU33: 0 | BV33: 0 | BW33: 0 | BX33: 0 | BZ33: 0 | CA33: 0 | CB33: 0 | CC33: 0 | CD33: 0
A34: Intercompany interest | B34: Intercompany Interest | E34: =SUM(H34:J34,O34) -> 3220.985 | F34: =SUM(L34:N34,U34) -> 9227.738 | H34: 1121.665 | I34: 309.924 | J34: 12.698 | L34: 2269.295 | M34: 2200.601 | N34: 1991.842 | O34: 1776.698 | P34: 8238.436 | R34: 3500 | S34: 3256 | T34: 2944 | U34: 2766 | V34: 12466 | X34: 4470 | Y34: 4352 | Z34: 4063 | AA34: 3768.752 | AB34: 16653.752 | AD34: 4313 | AE34: 4361.644 | AF34: 4547.356 | AG34: 4931 | AH34: 18153 | AJ34: 4725 | AK34: 4772 | AL34: 4449 | AM34: 4376 | AN34: 18322 | AP34: 5011 | AQ34: 4574 | AR34: 4603 | AS34: 4830 | AT34: 19018 | AV34: 5873 | AW34: 5701 | AX34: 5652 | AY34: 5407 | AZ34: 22633 | BB34: 3520 | BC34: 5628 | BD34: 5895 | BE34: 6131 | BF34: 21174 | BH34: 1210 | BI34: 1297 | BJ34: 1208 | BK34: 1181 | BL34: 4896 | BN34: 1981 | BO34: 2023 | BP34: 1892 | BQ34: 1496 | BR34: 7392 | BT34: 1718 | BU34: 1765 | BV34: 1708 | BW34: 1657 | BX34: 6848 | BZ34: 0 | CA34: 0 | CB34: 0 | CC34: 1645 | CD34: 1645
A35: Depreciation and amortization | B35: Depreciation and Amortization | E35: =SUM(H35:J35,O35) -> 13439.828 | F35: =SUM(L35:N35,U35) -> 14087 | H35: 3500 | I35: 3156 | J35: 3001.828 | L35: 3462 | M35: 3495 | N35: 3522 | O35: 3782 | P35: 14261 | R35: 4921 | S35: 4940 | T35: 4946 | U35: 3608 | V35: 18415 | X35: 4914 | Y35: 4893 | Z35: 4871 | AA35: 4863.118 | AB35: 19541.118 | AD35: 5003 | AE35: 4974 | AF35: 4957 | AG35: 4908 | AH35: 19842 | AJ35: 5185 | AK35: 5181 | AL35: 5609 | AM35: 6943 | AN35: 22918 | AP35: 5623 | AQ35: 5641 | AR35: 5649 | AS35: 5146 | AT35: 22059 | AV35: 5372 | AW35: 5545 | AX35: 5538 | AY35: 5580 | AZ35: 22035 | BB35: 2899 | BC35: 10971 | BD35: 7584 | BE35: 5515 | BF35: 26969 | BH35: 2947 | BI35: 2893 | BJ35: 2873 | BK35: 2860 | BL35: 11573 | BN35: 3460 | BO35: 2571 | BP35: 2396 | BQ35: 3131 | BR35: 11558 | BT35: 1464 | BU35: 2156 | BV35: 2155 | BW35: 2188 | BX35: 7963 | BZ35: 0 | CA35: 0 | CB35: 0 | CC35: 4642 | CD35: 4642
A36: Amort (Exp) - Loan Orig Fee | B36: Amortization of debt issuance cost | E36: =SUM(H36:J36,O36) -> 287.172 | F36: =SUM(L36:N36,U36) -> 58 | H36: 14 | I36: 253 | J36: 5.172 | L36: 14 | M36: 15 | N36: 14 | O36: 15 | P36: 58 | R36: 14 | S36: 15 | T36: 14 | U36: 15 | V36: 58 | X36: 113 | Y36: 112 | Z36: 113 | AA36: 79.882 | AB36: 417.882 | AD36: 113 | AE36: 112.3 | AF36: 112.7 | AG36: 113 | AH36: 451 | AJ36: 113 | AK36: 112 | AL36: 113 | AM36: 113 | AN36: 451 | AP36: 113 | AQ36: 112 | AR36: 113 | AS36: 113 | AT36: 451 | AV36: 113 | AW36: 112 | AX36: 113 | AY36: 113 | AZ36: 451 | BB36: 89 | BC36: 108 | BD36: 107 | BE36: 112 | BF36: 416 | BH36: 266 | BI36: 4 | BJ36: 12 | BK36: 13 | BL36: 295 | BN36: 52 | BO36: 74 | BP36: 64 | BQ36: 841 | BR36: 1031 | BT36: 59 | BU36: 56 | BV36: 55 | BW36: 53 | BX36: 223 | BZ36: 0 | CA36: 0 | CB36: 0 | CC36: 65 | CD36: 65
A37: EBITDA | B37: EBITDA | E37: =E30+SUM(E32:E36) -> 44508.595 | F37: =F30+SUM(F32:F36) -> 53666.474 | H37: 10815.244 | I37: 10652.367 | J37: 3850.35 | L37: 9920.736 | M37: 14698.297 | N37: 13451.441 | O37: 19190.634 | P37: 57261.108 | R37: 9880 | S37: 12978 | T37: 11997 | U37: 15596 | V37: 50451 | X37: 9900 | Y37: 12287 | Z37: 11671 | AA37: 11975.752 | AB37: 45833.752 | AD37: 8292 | AE37: 13395.559 | AF37: 8214.441 | AG37: 11470 | AH37: 41372 | AJ37: 9525 | AK37: 12133 | AL37: 10294 | AM37: 12032 | AN37: 43984 | AP37: 11117 | AQ37: 9296 | AR37: 13319 | AS37: 13960 | AT37: 47692 | AV37: 13285 | AW37: 13645 | AX37: 18332 | AY37: 21696 | AZ37: 66958 | BB37: 7610 | BC37: 13495 | BD37: 19415 | BE37: 25073 | BF37: 65593 | BH37: 6590 | BI37: 8222 | BJ37: 7280 | BK37: 8816 | BL37: 30908 | BN37: 5877 | BO37: 8549 | BP37: 7735 | BQ37: 7696 | BR37: 29857 | BT37: 3121 | BU37: 6079 | BV37: 4861 | BW37: 7102 | BX37: 21163 | BZ37: 0 | CA37: 0 | CB37: 0 | CC37: 2807 | CD37: 2807
A38: G/(L) on Sale of Fixed Assets | B38: (Gain) Loss on sale of fixed assets | J38: 0 | Y38: 0 | Z38: 0 | AA38: 0 | AD38: 0 | AE38: 0 | AF38: 0 | AG38: 0 | AH38: 0 | AJ38: 0 | AK38: 0 | AL38: 0 | AM38: 0 | AN38: 0 | AP38: 0 | AQ38: 0 | AR38: 0 | AS38: 0 | AT38: 0 | AV38: 0 | AW38: 0 | AX38: 0 | AY38: 0 | AZ38: 0 | BB38: 0 | BC38: 0 | BD38: 0 | BE38: 19 | BF38: 19 | BH38: 0 | BI38: 455 | BJ38: 31 | BK38: -270 | BL38: 216 | BN38: 0 | BO38: 0 | BP38: 0 | BQ38: 0 | BR38: 0 | BT38: 0 | BU38: 0 | BV38: 0 | BW38: 0 | BX38: 0 | BZ38: 0 | CA38: 0 | CB38: 0 | CC38: 0 | CD38: 0
A39: Non-controlling shareholder compensation | B39: Non-controlling shareholder compensation | E39: =SUM(H39:J39,O39) -> 655 | F39: =SUM(L39:N39,U39) -> 1095 | H39: 207 | I39: 108 | J39: 0 | L39: 277 | M39: 272 | N39: 269 | O39: 340 | P39: 1158 | R39: 329 | S39: -210 | T39: 235 | U39: 277 | V39: 631 | X39: 171 | Y39: 151 | Z39: 240 | AA39: 298 | AB39: 860 | AD39: 174 | AE39: 240 | AF39: 232.712 | AG39: 197.264 | AH39: 843.976 | AJ39: 254 | AK39: 329 | AL39: 330 | AM39: 329 | AN39: 1242 | AP39: 278 | AQ39: 148 | AR39: 225 | AS39: 515 | AT39: 1166 | AV39: 420 | AW39: 55 | AX39: 391 | AY39: 317 | AZ39: 1183 | BB39: 541 | BC39: 500 | BD39: 455 | BE39: 405 | BF39: 1901 | BH39: 185 | BI39: 185 | BJ39: 185 | BK39: 185 | BL39: 740 | BN39: 134 | BO39: 153 | BP39: 185 | BQ39: 189 | BR39: 661 | BT39: 125 | BU39: 125 | BV39: 125 | BW39: 144 | BX39: 519 | BZ39: 0 | CA39: 0 | CB39: 0 | CC39: 124 | CD39: 124
A40: Impairment expense | B40: Impairment expense | E40: =SUM(H40:J40,O40) -> 0 | F40: =SUM(L40:N40,U40) -> 0 | H40: 0 | I40: 0 | J40: 0 | L40: 0 | M40: 0 | N40: 0 | R40: 0 | S40: 0 | T40: 0 | X40: 0 | Y40: 0 | Z40: 0 | AA40: 0 | AB40: 0 | AD40: 0 | AE40: 0 | AF40: 0 | AG40: 0 | AH40: 0 | AJ40: 0 | AK40: 0 | AL40: 0 | AM40: 0 | AN40: 0 | AP40: 0 | AQ40: 0 | AR40: 0 | AS40: 0 | AT40: 0 | AV40: 0 | AW40: 0 | AX40: 0 | AY40: 0 | AZ40: 0 | BB40: 0 | BC40: 0 | BD40: 0 | BE40: 0 | BF40: 0 | BH40: 0 | BI40: 0 | BJ40: 0 | BK40: 0 | BL40: 0 | BN40: 0 | BO40: 0 | BP40: 0 | BQ40: 0 | BR40: 0 | BT40: 0 | BU40: 0 | BV40: 0 | BW40: 0 | BX40: 0 | BZ40: 0 | CA40: 0 | CB40: 0 | CC40: 0 | CD40: 0
A41: Acquisition expenses | B41: Successful acquisition expense | E41: =SUM(H41:J41,O41) -> 0 | F41: =SUM(L41:N41,U41) -> 0 | H41: 0 | I41: 0 | J41: 0 | L41: 0 | M41: 0 | N41: 0 | R41: 0 | S41: 0 | T41: 0 | X41: 0 | Y41: 0 | Z41: 0 | AA41: 0 | AB41: 0 | AD41: 0 | AE41: 0 | AF41: 0 | AG41: 0 | AH41: 0 | AJ41: 0 | AK41: 0 | AL41: 0 | AM41: 0 | AN41: 0 | AP41: 0 | AQ41: 0 | AR41: 0 | AS41: 0 | AT41: 0 | AV41: 0 | AW41: 0 | AX41: 0 | AY41: 0 | AZ41: 0 | BB41: 632 | BC41: 0 | BD41: 0 | BE41: 0 | BF41: 632 | BH41: 0 | BI41: 0 | BJ41: 0 | BK41: 214 | BL41: 214 | BN41: 189 | BO41: 0 | BP41: 0 | BQ41: 0 | BR41: 189 | BT41: 0 | BU41: 0 | BV41: 0 | BW41: 285 | BX41: 285 | BZ41: 0 | CA41: 0 | CB41: 0 | CC41: 2765 | CD41: 2765
B42: Increase (decrease) in earn out probability | E42: =SUM(H42:J42,O42) -> 0 | F42: =SUM(L42:N42,U42) -> 0 | H42: 0 | I42: 0 | J42: 0 | L42: 0 | M42: 0 | N42: 0 | R42: 0 | S42: 0 | T42: 0 | X42: 0 | Y42: 0 | Z42: 0 | AA42: 0 | AB42: 0 | AD42: 0 | AE42: 0 | AF42: 0 | AG42: 0 | AH42: 0 | AJ42: 0 | AK42: 0 | AL42: 0 | AM42: 0 | AN42: 0 | AP42: 0 | AQ42: 0 | AR42: 0 | AS42: 0 | AT42: 0 | AV42: 0 | AW42: 0 | AX42: 0 | AY42: 0 | AZ42: 0 | BB42: 0 | BC42: 0 | BD42: 0 | BE42: -4800 | BF42: -4800 | BH42: 0 | BI42: 0 | BJ42: 0 | BK42: -956 | BL42: -956 | BN42: 0 | BO42: 0 | BP42: 0 | BQ42: 394 | BR42: 394 | BT42: 0 | BU42: 0 | BV42: 0 | BW42: 0 | BX42: 0 | BZ42: 0 | CA42: 0 | CB42: 0 | CC42: 0 | CD42: 0
A43: Integration services fee | B43: Integration service fee | E43: =SUM(H43:J43,O43) -> 0 | F43: =SUM(L43:N43,U43) -> 0 | H43: 0 | I43: 0 | J43: 0 | L43: 0 | M43: 0 | N43: 0 | R43: 0 | S43: 0 | T43: 0 | X43: 0 | Y43: 0 | Z43: 0 | AA43: 0 | AB43: 0 | AD43: 0 | AE43: 0 | AF43: 0 | AG43: 0 | AH43: 0 | AJ43: 0 | AK43: 0 | AL43: 0 | AM43: 0 | AN43: 0 | AP43: 0 | AQ43: 0 | AR43: 0 | AS43: 0 | AT43: 0 | AV43: 0 | AW43: 0 | AX43: 0 | AY43: 0 | AZ43: 0 | BB43: 0 | BC43: 0 | BD43: 0 | BE43: 0 | BF43: 0 | BH43: 0 | BI43: 0 | BJ43: 0 | BK43: 0 | BL43: 0 | BN43: 0 | BO43: 0 | BP43: 0 | BQ43: 0 | BR43: 0 | BT43: 375 | BU43: 375 | BV43: 375 | BW43: 0 | BX43: 1125 | BZ43: 0 | CA43: 0 | CB43: 0 | CC43: 375 | CD43: 375
A44: Other (income) expense | B44: Other | E44: =SUM(H44:J44,O44) -> 98.396 | F44: =SUM(L44:N44,U44) -> -117.511 | H44: 16 | I44: 15.326 | J44: 51 | L44: -31.408 | M44: 1.162 | N44: 1.735 | O44: 16.07 | P44: -12.441 | R44: 11 | S44: -37 | T44: 2 | U44: -89 | V44: -114 | X44: -60 | Y44: 42 | Z44: -14 | AA44: 24.864 | AB44: -7.136 | AD44: -255 | AE44: 310 | AF44: -29 | AG44: -426 | AH44: -400 | AJ44: -55 | AK44: -42 | AL44: -453 | AM44: 356 | AN44: -194 | AP44: -225 | AQ44: 307 | AR44: 4 | AS44: 54 | AT44: 140 | AV44: 70 | AW44: 15 | AX44: -69 | AY44: -128 | AZ44: -112 | BB44: 0 | BC44: 0 | BD44: 0 | BE44: 0 | BF44: 0 | BH44: 0 | BI44: 0 | BJ44: 0 | BK44: 0 | BL44: 0 | BN44: 0 | BO44: 0 | BP44: 0 | BQ44: 0 | BR44: 0 | BT44: 0 | BU44: 0 | BV44: 0 | BW44: 0 | BX44: 0 | BZ44: 0 | CA44: 0 | CB44: 0 | CC44: 0 | CD44: 0
A45: Adjusted EBITDA | B45: Adjusted EBITDA | E45: =E37+SUM(E39:E44) -> 45261.991 | F45: =F37+SUM(F39:F44) -> 54643.963 | H45: 11038.244 | I45: 10775.693 | J45: 3901.35 | L45: 10167.328 | M45: 14971.459 | N45: 13722.176 | O45: 19546.704 | P45: 58406.667 | R45: 10220 | S45: 12731 | T45: 12234 | U45: 15784 | V45: 50968 | X45: 10011 | Y45: 12480 | Z45: 11897 | AA45: 12298.616 | AB45: 46686.616 | AD45: 8211 | AE45: 13946 | AF45: 8418 | AG45: 11240.976 | AH45: 41815.976 | AJ45: 9724 | AK45: 12420 | AL45: 10171 | AM45: 12717 | AN45: 45032 | AP45: 11170 | AQ45: 9751 | AR45: 13548 | AS45: 14529 | AT45: 48998 | AV45: 13775 | AW45: 13715 | AX45: 18654 | AY45: 21885 | AZ45: 68029 | BB45: 8783 | BC45: 13995 | BD45: 19870 | BE45: 20697 | BF45: 63345 | BH45: 6775 | BI45: 8862 | BJ45: 7496 | BK45: 7989 | BL45: 31122 | BN45: 6200 | BO45: 8702 | BP45: 7920 | BQ45: 8279 | BR45: 31101 | BT45: 3621 | BU45: 6579 | BV45: 5361 | BW45: 7531 | BX45: 23092 | BZ45: 0 | CA45: 0 | CB45: 0 | CC45: 6071 | CD45: 6071
A48: Total Assets | B48: Total Assets | H48: 223059.97 | I48: 95051.73 | J48: 94793.712 | L48: 236097.15 | M48: 243681.71 | N48: 242978.22 | O48: 230203.51 | R48: 263209 | S48: 256851 | T48: 263683 | U48: 251979 | X48: 297662 | Y48: 287197 | Z48: 291539.28 | AA48: 279416.45 | AD48: 348926 | AE48: 348537.34 | AF48: 347506 | AG48: 319326 | AJ48: 361804 | AK48: 341220 | AL48: 349189 | AM48: 365519 | AP48: 350702 | AQ48: 347491 | AR48: 374911 | AS48: 370712 | AV48: 377474 | AW48: 369981 | AX48: 389421 | AY48: 374473 | BB48: 382825 | BC48: 358077 | BD48: 395042 | BE48: 375552 | BH48: 211958 | BI48: 211592 | BJ48: 206334 | BK48: 203448 | BN48: 221326 | BO48: 212727 | BP48: 211659 | BQ48: 213409 | BT48: 177324 | BU48: 177629 | BV48: 176706 | BW48: 174889 | BZ48: 0 | CA48: 0 | CB48: 0 | CC48: 180816
AG49: 0
A50: Long Term Debt, I/C (CODI) | B50: Intercompany Liabilities (Inc Accrued Int) | H50: 31213 | I50: 0 | J50: 112.698 | L50: 70214.435 | M50: 66714.758 | N50: 59713.965 | O50: 41714.843 | R50: 115735 | S50: 98887 | T50: 93961 | U50: 77163 | X50: 160747 | Y50: 144825 | Z50: 138250.97 | AA50: 123033.49 | AD50: 210715 | AE50: 195355 | AF50: 198404 | AG50: 169065 | AJ50: 239379 | AK50: 219440 | AL50: 208229 | AM50: 207800 | AP50: 232835 | AQ50: 220432 | AR50: 237214 | AS50: 231889 | AV50: 267844 | AW50: 250694 | AX50: 254409 | AY50: 242316 | BB50: 278392 | BC50: 266073 | BD50: 286096 | BE50: 263885 | BH50: 83728 | BI50: 79258 | BJ50: 75214 | BK50: 65224 | BN50: 109463 | BO50: 96996 | BP50: 92591 | BQ50: 85856 | BT50: 88317 | BU50: 83971 | BV50: 84055 | BW50: 75898 | BZ50: 0 | CA50: 0 | CB50: 0 | CC50: 85519
B51: Other Liabilities | H51: 58308.039 | I51: 30456.395 | J51: 29488.441 | L51: 59858.786 | M51: 65257.39 | N51: 65759.076 | O51: 59836.303 | R51: 57256 | S51: 64415 | T51: 74236 | U51: 72252 | X51: 56583 | Y51: 59609 | Z51: 68376.435 | AA51: 67438.015 | AD51: 61153 | AE51: 73561 | AF51: 69705 | AG51: 69555 | AJ51: 45975 | AK51: 43652 | AL51: 62411 | AM51: 80658 | AP51: 46438 | AQ51: 56388 | AR51: 63912 | AS51: 62758 | AV51: 54404 | AW51: 62351 | AX51: 71945 | AY51: 61091 | BB51: 63271 | BC51: 52785 | BD51: 65507 | BE51: 58489 | BH51: 42107 | BI51: 43121 | BJ51: 39735 | BK51: 42289 | BN51: 34286 | BO51: 35546 | BP51: 36398 | BQ51: 43071 | BT51: 15854 | BU51: 19128 | BV51: 17357 | BW51: 21576 | BZ51: 0 | CA51: 0 | CB51: 0 | CC51: 22180
A52: Total Liabilities | B52: Total Liabilities | H52: 89521.039 | I52: 30456.395 | J52: 29601.139 | L52: 130073.22 | M52: 131972.15 | N52: 125473.04 | O52: 101551.15 | R52: 172991 | S52: 163302 | T52: 168197 | U52: 149415 | X52: 217330 | Y52: 204434 | Z52: 206627.41 | AA52: 190471.51 | AD52: 271868 | AE52: 268916 | AF52: 268109 | AG52: 238620 | AJ52: 285354 | AK52: 263092 | AL52: 270640 | AM52: 288458 | AP52: 279273 | AQ52: 276820 | AR52: 301126 | AS52: 294647 | AV52: 322248 | AW52: 313045 | AX52: 326354 | AY52: 303407 | BB52: 341663 | BC52: 318858 | BD52: 351603 | BE52: 322374 | BH52: 125835 | BI52: 122379 | BJ52: 114949 | BK52: 107513 | BN52: 143749 | BO52: 132542 | BP52: 128989 | BQ52: 128927 | BT52: 104171 | BU52: 103099 | BV52: 101412 | BW52: 97474 | BZ52: 0 | CA52: 0 | CB52: 0 | CC52: 107699
AG53: 0
A54: Total Equity | B54: Total Equity | H54: 133538.93 | I54: 64595.335 | J54: 65192.573 | L54: 106023.93 | M54: 111709.56 | N54: 117505.18 | O54: 128652.36 | R54: 90218 | S54: 93549 | T54: 95486 | U54: 102564 | X54: 80332 | Y54: 82763 | Z54: 84911.865 | AA54: 88944.939 | AD54: 77058 | AE54: 79621.077 | AF54: 79397 | AG54: 80706 | AJ54: 76450 | AK54: 78128 | AL54: 78549 | AM54: 77061 | AP54: 71429 | AQ54: 70671 | AR54: 73785 | AS54: 76065 | AV54: 55226 | AW54: 56936 | AX54: 63067 | AY54: 71066 | BB54: 41162 | BC54: 39219 | BD54: 43439 | BE54: 53178 | BH54: 86123 | BI54: 89213 | BJ54: 91385 | BK54: 95935 | BN54: 77577 | BO54: 80185 | BP54: 82670 | BQ54: 84482 | BT54: 73153 | BU54: 74530 | BV54: 75294 | BW54: 77415 | BZ54: 0 | CA54: 0 | CB54: 0 | CC54: 73117
A56: Purchases - Maintenance CAP EX | B56: Maintenance capital expenditures | H56: 239 | I56: 934 | J56: 246 | L56: 304 | M56: 444 | N56: 1023 | O56: 1286 | P56: 3057 | R56: 814 | S56: 1004 | T56: 1538 | U56: 2234 | V56: 5590 | X56: 581 | Y56: 744 | Z56: 271 | AA56: 3441 | AB56: 5037 | AD56: 981 | AE56: 917 | AF56: 654 | AG56: 4200 | AH56: =SUM(AD56:AG56) -> 6752 | AJ56: 884 | AK56: 671 | AL56: 439 | AM56: 686 | AN56: 2680 | AP56: 326 | AQ56: 589 | AR56: 146 | AS56: 316 | AT56: 1377 | AV56: 452 | AW56: 769 | AX56: -289 | AY56: 899 | AZ56: 1831 | BB56: 384 | BC56: 658 | BD56: 1278 | BE56: 374 | BF56: 2694 | BH56: 367 | BI56: 699 | BJ56: 307 | BK56: 970 | BL56: 2343 | BN56: 538 | BO56: 411 | BP56: 459 | BQ56: 379 | BR56: 1787 | BT56: 161 | BU56: 466 | BV56: 420 | BW56: 881 | BX56: 1928 | BZ56: 0 | CA56: 0 | CB56: 0 | CC56: 126 | CD56: 126
A58: Purchases - Growth CAP EX | B58: Growth capital expenditures | H58: 44 | I58: 0 | J58: 99.731 | L58: 0 | M58: 0 | N58: 0 | O58: 0 | P58: 0 | R58: 0 | S58: 0 | T58: 0 | U58: 0 | V58: 0 | X58: 0 | Y58: 0 | Z58: 0 | AA58: 0 | AB58: 0 | AD58: 0 | AH58: 0 | AJ58: 0 | AK58: 0 | AL58: 0 | AM58: 0 | AN58: 0 | AP58: 447 | AQ58: 492 | AR58: 1924 | AS58: 1890 | AT58: 4753 | AV58: 420 | AW58: 526 | AX58: 2332 | AY58: 661 | AZ58: 3939 | BB58: 0 | BC58: 0 | BD58: 0 | BE58: 520 | BF58: 520 | BH58: 0 | BI58: 0 | BJ58: 0 | BK58: 0 | BL58: 0 | BN58: 722 | BO58: 133 | BP58: 160 | BQ58: 128 | BR58: 1143
B60: CODI Equity Ownership Interest
B61: Primary | P61: 0.984 | V61: 0.985 | AB61: 0.994 | AH61: 0.994 | AM61: 1 | AS61: 1 | AY61: 1 | BE61: 1 | BK61: 1 | BQ61: 1 | BW61: 1 | CC61: 1
B62: Fully Diluted | P62: 0.922 | V62: 0.916 | AB62: 0.876 | AH62: 0.907 | AM62: 0.871 | AS62: 0.885 | AY62: 0.885 | BE62: 0.889 | BK62: 0.895 | BQ62: 0.895 | BW62: 0.897 | CC62: 0.917
B64: GP | E64: 0 | F64: 0 | H64: 0 | I64: 0 | J64: 0 | L64: 0 | M64: 0 | N64: 0 | O64: 0 | P64: 0 | R64: 0 | S64: 0 | T64: 0 | U64: 0 | V64: 0 | X64: 0 | Y64: 0 | Z64: 0 | AA64: 0 | AB64: 0 | AD64: 0 | AE64: 0.198 | AF64: -0.198 | AG64: 0 | AH64: 0 | AJ64: 0 | AK64: 0 | AL64: 0 | AM64: 0 | AN64: 0 | AP64: 0 | AQ64: 0 | AR64: 0 | AS64: 0 | AT64: 0 | AV64: 0 | AW64: 0 | AX64: 0 | AY64: 0 | AZ64: 0 | BB64: 0 | BC64: 0 | BD64: 0 | BE64: 0 | BF64: 0 | BH64: 0 | BI64: 0 | BJ64: 0 | BK64: 0 | BL64: 0 | BN64: 0 | BO64: 0 | BP64: 0 | BQ64: 0 | BR64: 0 | BT64: 0 | BU64: 0 | BV64: 0 | BW64: 0 | BX64: 0 | BZ64: 0 | CA64: 0 | CB64: 0 | CC64: 0 | CD64: 0
B65: Inc from Cont | E65: 0 | F65: 0 | H65: 0 | I65: 0 | J65: -3.2969183e-12 | L65: 0 | M65: 0 | N65: 0 | O65: 0 | P65: 0 | R65: 0 | S65: 0 | T65: 0 | U65: 0 | V65: 0 | X65: 0 | Y65: 0 | Z65: 0 | AA65: 0 | AB65: 0 | AD65: 0 | AE65: 0 | AF65: 0 | AG65: 0 | AH65: 0 | AJ65: 0 | AK65: 0 | AL65: 0 | AM65: 0 | AN65: 0 | AP65: 0 | AQ65: 0 | AR65: 0 | AS65: 0 | AT65: 0 | AV65: 0 | AW65: 0 | AX65: 0 | AY65: 0 | AZ65: 0 | BB65: 0 | BC65: 0 | BD65: 0 | BE65: 0 | BF65: 0 | BH65: 0 | BI65: 0 | BJ65: 0 | BK65: 0 | BL65: 0 | BN65: 0 | BO65: 0 | BP65: 0 | BQ65: 0 | BR65: 0 | BT65: 0 | BU65: 0 | BV65: 0 | BW65: 0 | BX65: 0 | BZ65: 0 | CA65: 0 | CB65: 0 | CC65: 0 | CD65: 0
B66: Net Income | E66: 0 | F66: 0 | H66: 0 | I66: 0 | J66: -3.2969183e-12 | L66: 0 | M66: 0 | N66: 0 | O66: 0 | P66: 0 | R66: 0 | S66: 0 | T66: 0 | U66: 0 | V66: 0 | X66: 0 | Y66: 0 | Z66: 0 | AA66: 0 | AB66: 0 | AD66: 0 | AE66: 0.328 | AF66: -0.328 | AG66: 0 | AH66: 0 | AJ66: 0 | AK66: 0 | AL66: 0 | AM66: 0 | AN66: 0 | AP66: 0 | AQ66: 0 | AR66: 0 | AS66: 0 | AT66: 0 | AV66: 0 | AW66: 0 | AX66: 0 | AY66: 0 | AZ66: 0 | BB66: 0 | BC66: 0 | BD66: 0 | BE66: 0 | BF66: 0 | BH66: 0 | BI66: 0 | BJ66: 0 | BK66: 0 | BL66: 0 | BN66: 0 | BO66: 0 | BP66: 0 | BQ66: 0 | BR66: 0 | BT66: 0 | BU66: 0 | BV66: 0 | BW66: 0 | BX66: 0 | BZ66: 0 | CA66: 0 | CB66: 0 | CC66: 0 | CD66: 0
B67: EBITDA | E67: 0 | F67: 0 | H67: 0 | I67: 0 | J67: 1.35 | L67: 0 | M67: 0 | N67: 0 | O67: 0 | P67: 0 | R67: 0 | S67: 0 | T67: 0 | U67: 0 | V67: 0 | X67: 0 | Y67: 0 | Z67: 0 | AA67: 0.496 | AB67: 0.496 | AD67: 0 | AE67: 0 | AF67: 0 | AG67: 0 | AH67: 0 | AJ67: 0 | AK67: 0 | AL67: 0 | AM67: 0 | AN67: 0 | AP67: 0 | AQ67: 0 | AR67: 0 | AS67: 0 | AT67: 0 | AV67: 0 | AW67: 0 | AX67: 0 | AY67: 0 | AZ67: 0 | BB67: 0 | BC67: 0 | BD67: 0 | BE67: 0 | BF67: 0 | BH67: 0 | BI67: 0 | BJ67: 0 | BK67: 0 | BL67: 0 | BN67: 0 | BO67: 0 | BP67: 0 | BQ67: 0 | BR67: 0 | BT67: 0 | BU67: 0 | BV67: 0 | BW67: 0 | BX67: 0 | BZ67: 0 | CA67: 0 | CB67: 0 | CC67: 0 | CD67: 0
B68: Adj EBTIDA | E68: 0 | F68: 0 | H68: 0 | I68: 0 | J68: 1.35 | L68: -1 | M68: 0 | N68: 0 | O68: 0 | P68: 0 | R68: 0 | S68: 0 | T68: 0 | U68: 0 | V68: 0 | X68: 0 | Y68: 0 | Z68: 0 | AA68: 0 | AB68: 0 | AD68: 0 | AE68: -0.441 | AF68: 0.153 | AG68: 0.288 | AH68: 0 | AJ68: 0 | AK68: 0 | AL68: 0 | AM68: 0 | AN68: 0 | AP68: 0 | AQ68: 0 | AR68: 0 | AS68: 0 | AT68: 0 | AV68: 0 | AW68: 0 | AX68: 0 | AY68: 0 | AZ68: 0 | BB68: 0 | BC68: 0 | BD68: 0 | BE68: 0 | BF68: 0 | BH68: 0 | BI68: 0 | BJ68: 0 | BK68: 0 | BL68: 0 | BN68: 0 | BO68: 0 | BP68: 0 | BQ68: 0 | BR68: 0 | BT68: 0 | BU68: 0 | BV68: 0 | BW68: 0 | BX68: 0 | BZ68: 0 | CA68: 0 | CB68: 0 | CC68: 0 | CD68: 0
B69: Total Liab | E69: 0 | F69: 0 | H69: 0 | I69: 0 | J69: 0 | L69: 0 | M69: 0 | N69: 0 | O69: 0 | P69: 0 | R69: 0 | S69: 0 | T69: 0 | U69: 0 | V69: 0 | X69: 0 | Y69: 0 | Z69: 0 | AA69: 0 | AB69: 0 | AD69: 0 | AE69: 0 | AF69: 0 | AG69: 0 | AH69: 0 | AJ69: 0 | AK69: 0 | AL69: 0 | AM69: 0 | AN69: 0 | AP69: 0 | AQ69: 0 | AR69: 0 | AS69: 0 | AT69: 0 | AV69: 0 | AW69: 0 | AX69: 0 | AY69: 0 | AZ69: 0 | BB69: 0 | BC69: 0 | BD69: 0 | BE69: 0 | BF69: 0 | BH69: 0 | BI69: 0 | BJ69: 0 | BK69: 0 | BL69: 0 | BN69: 0 | BO69: 0 | BP69: 0 | BQ69: 0 | BR69: 0 | BT69: 0 | BU69: 0 | BV69: 0 | BW69: 0 | BX69: 0 | BZ69: 0 | CA69: 0 | CB69: 0 | CC69: 0 | CD69: 0
A70: Selling Expenses | B70: B/S | E70: -1.9999774e-05 | F70: 0 | H70: -1.9999774e-05 | I70: 0 | J70: 0 | L70: -1.9999774e-05 | M70: 0 | N70: 0 | O70: 0 | P70: -1.9999745e-05 | R70: 0 | S70: 0 | T70: 0 | U70: 0 | V70: 0 | X70: 0 | Y70: 0 | Z70: 0 | AA70: 0 | AB70: -0.0020199998 | AD70: 0 | AE70: 0.26598 | AF70: 0 | AG70: 0 | AH70: 0 | AJ70: 0 | AK70: 0 | AL70: 0 | AM70: 0 | AN70: 0 | AP70: 0 | AQ70: 0 | AR70: 0 | AS70: 0 | AT70: 0 | AV70: 0 | AW70: 0 | AX70: 0 | AY70: 0 | AZ70: 0 | BB70: 0 | BC70: 0 | BD70: 0 | BE70: 0 | BF70: 0 | BH70: 0 | BI70: 0 | BJ70: 0 | BK70: 0 | BL70: 0 | BN70: 0 | BO70: 0 | BP70: 0 | BQ70: 0 | BR70: 0 | BT70: 0 | BU70: 0 | BV70: 0 | BW70: 0 | BX70: 0 | BZ70: 0 | CA70: 0 | CB70: 0 | CC70: 0 | CD70: 0
A71: Interest Income
A72: Short Term Debt, I/C (CODI)
A73: I/C Accrued Interest (CODI)

Sheet Velocity Outdoor
B1: Purchase Price (June 2017) | C1: 150.4
B2: Initial Equity Contribution | C2: 62.2
B3: Noncontrolling Interest | C3: 0.7
B4: Initial Debt Contribution | C4: 87.5
B6: Add-on acquisition (debt) July 2017 | C6: 3
B7: Add-on acquisition (debt) September 2018 | C7: 33.9
B8: Add-on acquisition (equity) September 2018 | C8: 60.6
B9: Add-on acquisition (debt) July 2022 | C9: 20.5
B12: Velocity Outdoor
B13: Includes Crosman airgun product division through the date of sale, April 30, 2024.
E14: Current | F14: Prior | H14: 2026 | L14: 2025 | R14: 2024 | X14: 2023 | AD14: 2022 | AJ14: 2021 | AP14: 2020 | AV14: 2019 | BB14: 2018 | BH14: 2017
E15: TTM | F15: TTM | H15: Q1 | I15: Q2 | J15: Q3 | L15: Q1 | M15: Q2 | N15: Q3 | O15: Q4 | P15: FY 2025 | R15: Q1 | S15: Q2 | T15: Q3 | U15: Q4 | V15: FY 2024 | X15: Q1 | Y15: Q2 | Z15: Q3 | AA15: Q4 | AB15: FY 2023 | AD15: Q1 | AE15: Q2 | AF15: Q3 | AG15: Q4 | AH15: FY 2022 | AJ15: Q1 | AK15: Q2 | AL15: Q3 | AM15: Q4 | AN15: FY 2021 | AP15: Q1 | AQ15: Q2 | AR15: Q3 | AS15: Q4 | AT15: FY 2020 | AV15: Q1 | AW15: Q2 | AX15: Q3 | AY15: Q4 | AZ15: FY 2019 | BB15: Q1 | BC15: Q2 | BD15: Q3 | BE15: Q4 | BF15: FY 2018 | BH15: Q2 | BI15: Q3 | BJ15: Q4 | BK15: FY 2017
A17: Net Sales | B17: Net Sales | E17: =SUM(H17:J17,O17) -> 79615.444 | F17: =SUM(L17:N17,U17) -> 76461.713 | H17: 13826.391 | I17: 17109.357 | J17: 29717.89 | L17: 13200.668 | M17: 15213.161 | N17: 29039.884 | O17: 18961.806 | P17: 76415.519 | R17: 29899 | S17: 18711 | T17: 28809 | U17: 19008 | V17: 96427 | X17: 34040 | Y17: 37839 | Z17: 54468 | AA17: 45842.882 | AB17: 172189.88 | AD17: 51446 | AE17: 53846 | AF17: 75482 | AG17: 51464 | AH17: 232238 | AJ17: 65632 | AK17: 63358 | AL17: 76901 | AM17: 64535 | AN17: 270426 | AP17: 30390 | AQ17: 47221 | AR17: 70629 | AS17: 67756 | AT17: 215996 | AV17: 31137 | AW17: 29611 | AX17: 46647 | AY17: 40447 | AZ17: 147842 | BB17: 24407 | BC17: 35570 | BD17: 34289 | BE17: 37030 | BF17: 131296 | BH17: 9753 | BI17: 34449 | BJ17: 34185 | BK17: 78387
A18: Cost of Goods Sold | B18: Cost of Sales | E18: =SUM(H18:J18,O18) -> 52484.792 | F18: =SUM(L18:N18,U18) -> 53484.458 | H18: 9250.053 | I18: 12092.96 | J18: 18018.397 | L18: 9837.499 | M18: 10260.676 | N18: 19747.283 | O18: 13123.382 | P18: 52968.84 | R18: 23401 | S18: 13084 | T18: 19950 | U18: 13639 | V18: 70074 | X18: 26025 | Y18: 27838 | Z18: 38626 | AA18: 34540.293 | AB18: 127029.29 | AD18: 38074 | AE18: 38854 | AF18: 53168 | AG18: 39456 | AH18: 169552 | AJ18: 44476 | AK18: 43397 | AL18: 51464 | AM18: 45942 | AN18: 185279 | AP18: 22447 | AQ18: 34411 | AR18: 46949 | AS18: 45370 | AT18: 149177 | AV18: 21850 | AW18: 22080 | AX18: 33014 | AY18: 30238 | AZ18: 107182 | BB18: 17328 | BC18: 25346 | BD18: 25118 | BE18: 29132 | BF18: 96924 | BH18: 7312 | BI18: 29034 | BJ18: 25304 | BK18: 61650
A19: Gross Profit | B19: Gross Profit | E19: =E17-E18 -> 27130.652 | F19: =F17-F18 -> 22977.255 | H19: 4576.338 | I19: 5016.397 | J19: 11699.493 | L19: 3363.169 | M19: 4952.485 | N19: 9292.601 | O19: 5838.424 | P19: 23446.679 | R19: 6498 | S19: 5627 | T19: 8859 | U19: 5369 | V19: 26353 | X19: 8015 | Y19: 10001 | Z19: 15842 | AA19: 11302.589 | AB19: 45160.589 | AD19: 13372 | AE19: 14992 | AF19: 22314 | AG19: 12008 | AH19: 62686 | AJ19: 21156 | AK19: 19961 | AL19: 25437 | AM19: 18593 | AN19: 85147 | AP19: 7943 | AQ19: 12810 | AR19: 23680 | AS19: 22386 | AT19: 66819 | AV19: 9287 | AW19: 7531 | AX19: 13633 | AY19: 10209 | AZ19: 40660 | BB19: 7079 | BC19: 10224 | BD19: 9171 | BE19: 7898 | BF19: 34372 | BH19: 2441 | BI19: 5415 | BJ19: 8881 | BK19: 16737
A20: G&A Expenses | B20: SG&A | E20: =SUM(H20:J20,O20) -> 20035.896 | F20: =SUM(L20:N20,U20) -> 19843.993 | H20: 4387.861 | I20: 4584.334 | J20: 6016.221 | L20: 4878.8 | M20: 4552.183 | N20: 5071.01 | O20: 5047.48 | P20: 19549.473 | R20: 8219 | S20: 5848 | T20: 6063 | U20: 5342 | V20: 25472 | X20: 8770 | Y20: 9090 | Z20: 9335 | AA20: 9119.891 | AB20: 36314.891 | AD20: 7897 | AE20: 7154.323 | AF20: 9568.677 | AG20: 9248 | AH20: 33868 | AJ20: 7714 | AK20: 8453 | AL20: 10124 | AM20: 9499 | AN20: 35790 | AP20: 6699 | AQ20: 6404 | AR20: 10210 | AS20: 8950 | AT20: 32263 | AV20: 6543 | AW20: 5201 | AX20: 5747 | AY20: 7804 | AZ20: 25295 | BB20: 5471 | BC20: 5871 | BD20: 5993 | BE20: 5426 | BF20: 22761 | BH20: 2600 | BI20: 5120 | BJ20: 4611 | BK20: 12331
A21: Management Fee | B21: Management fees | E21: =SUM(H21:J21,O21) -> 500.004 | F21: =SUM(L21:N21,U21) -> 499.996 | H21: 125 | I21: 125 | J21: 125 | L21: 125 | M21: 125.001 | N21: 124.995 | O21: 125.004 | P21: 500 | R21: 125 | S21: 125 | T21: 125 | U21: 125 | V21: 500 | X21: 125 | Y21: 125 | Z21: 125 | AA21: 125 | AB21: 500 | AD21: 125 | AE21: 125 | AF21: 125 | AG21: 125 | AH21: 500 | AJ21: 125 | AK21: 125 | AL21: 125 | AM21: 125 | AN21: 500 | AP21: 125 | AQ21: 125 | AR21: 125 | AS21: 125 | AT21: 500 | AV21: 125 | AW21: 125 | AX21: 125 | AY21: 125 | AZ21: 500 | BB21: 125 | BC21: 125 | BD21: 125 | BE21: 125 | BF21: 500 | BH21: 40 | BI21: 125 | BJ21: 125 | BK21: 290
A22: Amort Expense | B22: Amortization of intangibles | E22: =SUM(H22:J22,O22) -> 4791.509 | F22: =SUM(L22:N22,U22) -> 4742.133 | H22: 1185.378 | I22: 1185.376 | J22: 1185.377 | L22: 1185.377 | M22: 1185.378 | N22: 1185.378 | O22: 1235.378 | P22: 4791.511 | R22: 2396 | S22: 1589 | T22: 1185 | U22: 1186 | V22: 6356 | X22: 2396 | Y22: 2396 | Z22: 2395 | AA22: 2396.056 | AB22: 9583.056 | AD22: 2283 | AE22: 2284 | AF22: 2395 | AG22: 2395 | AH22: 9357 | AJ22: 2283 | AK22: 2283 | AL22: 2283 | AM22: 2283 | AN22: 9132 | AP22: 2283 | AQ22: 2283 | AR22: 2283 | AS22: 2282 | AT22: 9131 | AV22: 2278 | AW22: 2279 | AX22: 2282 | AY22: 2283 | AZ22: 9122 | BB22: 1210 | BC22: 1209 | BD22: 1220 | BE22: 2622 | BF22: 6261 | BH22: 0 | BI22: 1557 | BJ22: 1251 | BK22: 2808
A23: Impairment of Assets | B23: Impairment of asset | E23: =SUM(H23:J23,O23) -> 0 | F23: =SUM(L23:N23,U23) -> 0 | H23: 0 | I23: 0 | J23: 0 | L23: 0 | M23: 0 | N23: 0 | O23: 0 | P23: 0 | R23: 8182 | S23: 0 | T23: 0 | U23: 0 | V23: 8182 | X23: 0 | Y23: 0 | Z23: 32568 | AA23: -977.762 | AB23: 31590.238 | AD23: 0 | AE23: 0 | AF23: 0 | AG23: 0 | AH23: 0 | AJ23: 0 | AK23: 0 | AL23: 0 | AM23: 0 | AN23: 0 | AP23: 0 | AQ23: 0 | AR23: 0 | AS23: 0 | AT23: 0 | AV23: 0 | AW23: 0 | AX23: 33381 | AY23: -500 | AZ23: 32881 | BB23: 0 | BC23: 0 | BD23: 0 | BE23: 0 | BF23: 0 | BH23: 0 | BI23: 0 | BJ23: 0 | BK23: 0
A24: Operating Income / (Loss) | B24: Income from operations | E24: =E19-SUM(E20:E23) -> 1803.243 | F24: =F19-SUM(F20:F23) -> -2108.867 | H24: -1121.901 | I24: -878.313 | J24: 4372.895 | L24: -2826.008 | M24: -910.077 | N24: 2911.218 | O24: -569.438 | P24: -1394.305 | R24: -12424 | S24: -1935 | T24: 1486 | U24: -1284 | V24: -14157 | X24: -3276 | Y24: -1610 | Z24: -28581 | AA24: 639.404 | AB24: -32827.596 | AD24: 3067 | AE24: 5428.677 | AF24: 10225.323 | AG24: 240 | AH24: 18961 | AJ24: 11034 | AK24: 9100 | AL24: 12905 | AM24: 6686 | AN24: 39725 | AP24: -1164 | AQ24: 3998 | AR24: 11062 | AS24: 11029 | AT24: 24925 | AV24: 341 | AW24: -74 | AX24: -27902 | AY24: 497 | AZ24: -27138 | BB24: 273 | BC24: 3019 | BD24: 1833 | BE24: -275 | BF24: 4850 | BH24: -199 | BI24: -1387 | BJ24: 2894 | BK24: 1308
A25: Other Income / (Expense) | B25: Other Expense (Income) | E25: =SUM(H25:J25,O25) -> -1504.524 | F25: =SUM(L25:N25,U25) -> -1635.532 | H25: -74.339 | I25: -230.786 | J25: 62.871 | L25: -122.326 | M25: -78.905 | N25: -263.301 | O25: -1262.27 | P25: -1726.802 | R25: -292 | S25: 26199 | T25: -159 | U25: -1171 | V25: 24577 | X25: -572 | Y25: -10 | Z25: -420 | AA25: -26.248 | AB25: -1028.248 | AD25: 282 | AE25: 49 | AF25: 1063 | AG25: 1367 | AH25: 2761 | AJ25: 2441 | AK25: 283 | AL25: 66 | AM25: 37 | AN25: 2827 | AP25: 39 | AQ25: 1141 | AR25: 38 | AS25: -60 | AT25: 1158 | AV25: 72 | AW25: 768 | AX25: 308 | AY25: 42 | AZ25: 1190 | BB25: 56 | BC25: 52 | BD25: 51 | BE25: 168 | BF25: 327 | BH25: 33 | BI25: 134 | BJ25: 24 | BK25: 191
A26: Interest (Expense) | B26: Interest expense (net) | E26: =SUM(H26:J26,O26) -> 18.509 | F26: =SUM(L26:N26,U26) -> 7.084 | H26: 6.34 | I26: 9.51 | J26: 9.469 | L26: -0.951 | M26: -12.27 | N26: 21.305 | O26: -6.81 | P26: 1.274 | R26: 44 | S26: 11 | T26: -1 | U26: -1 | V26: 52 | X26: 124 | Y26: 70 | Z26: 38 | AA26: 120.49 | AB26: 352.49 | AD26: 17 | AE26: 55 | AF26: 70 | AG26: 87 | AH26: 229 | AJ26: 44 | AK26: 46 | AL26: 35 | AM26: 40 | AN26: 165 | AP26: 35 | AQ26: 41 | AR26: 26 | AS26: 29 | AT26: 131 | AV26: 48 | AW26: 64 | AX26: 61 | AY26: 69 | AZ26: 242 | BB26: 73 | BC26: 75 | BD26: 87 | BE26: 46 | BF26: 281 | BH26: 4 | BI26: 19 | BJ26: 144 | BK26: 167
A27: I/C Interest Inc / (Exp) | B27: Intercompany Interest | E27: =SUM(H27:J27,O27) -> 6462.494 | F27: =SUM(L27:N27,U27) -> 6639.328 | H27: 1416.459 | I27: 1698.917 | J27: 1799.526 | L27: 1421.011 | M27: 1674.728 | N27: 1908.589 | O27: 1547.592 | P27: 6551.92 | R27: 3218 | S27: 2364 | T27: 2038 | U27: 1635 | V27: 9255 | X27: 3128 | Y27: 3309 | Z27: 3633 | AA27: 3439.725 | AB27: 13509.725 | AD27: 1853 | AE27: 2137 | AF27: 2997 | AG27: 3295 | AH27: 10282 | AJ27: 1818 | AK27: 1866 | AL27: 1902 | AM27: 1875 | AN27: 7461 | AP27: 2517 | AQ27: 2274 | AR27: 2154 | AS27: 1970 | AT27: 8915 | AV27: 2779 | AW27: 2820 | AX27: 2885 | AY27: 2710 | AZ27: 11194 | BB27: 1915 | BC27: 2062 | BD27: 2424 | BE27: 2897 | BF27: 9298 | BH27: 590 | BI27: 1971 | BJ27: 2029 | BK27: 4590
A28: Income Tax Expense | B28: Provision (benefit) for income taxes | E28: =SUM(H28:J28,O28) -> -55.141 | F28: =SUM(L28:N28,U28) -> -223.274 | H28: 63.874 | I28: 61.403 | J28: -44.27 | L28: 43.673 | M28: 69.457 | N28: -72.404 | O28: -136.148 | P28: -95.422 | R28: 579 | S28: 8717 | T28: -2223 | U28: -264 | V28: 6810 | X28: -1455 | Y28: -1499 | Z28: -2951 | AA28: 288.364 | AB28: -5616.636 | AD28: 202 | AE28: 754 | AF28: 1416 | AG28: -810 | AH28: 1562 | AJ28: 1506 | AK28: 1541 | AL28: 2334 | AM28: 856 | AN28: 6237 | AP28: -453 | AQ28: 6781 | AR28: -4942 | AS28: 2174 | AT28: 3560 | AV28: -693 | AW28: 45 | AX28: -1550 | AY28: -584 | AZ28: -2782 | BB28: -485 | BC28: 111 | BD28: -362 | BE28: 138 | BF28: -598 | BH28: 227 | BI28: -1189 | BJ28: -10312 | BK28: -11274
A29: Net Income / (Loss) | B29: Net Income | E29: =E24-SUM(E25:E28) -> -3118.095 | F29: =F24-SUM(F25:F28) -> -6896.473 | H29: -2534.235 | I29: -2417.357 | J29: 2545.299 | L29: -4167.415 | M29: -2563.087 | N29: 1317.029 | O29: -711.802 | P29: -6125.275 | R29: -15973 | S29: -39226 | T29: 1831 | U29: -1483 | V29: -54851 | X29: -4501 | Y29: -3480 | Z29: -28881 | AA29: -3182.927 | AB29: -40044.927 | AD29: 713 | AE29: 2434 | AF29: 4679 | AG29: -3699 | AH29: 4127 | AJ29: 5225 | AK29: 5364 | AL29: 8568 | AM29: 3878 | AN29: 23035 | AP29: -3302 | AQ29: -6239 | AR29: 13786 | AS29: 6916 | AT29: 11161 | AV29: -1865 | AW29: -3771 | AX29: -29606 | AY29: -1740 | AZ29: -36982 | BB29: -1286 | BC29: 719 | BD29: -367 | BE29: -3524 | BF29: -4458 | BH29: -1053 | BI29: -2322 | BJ29: 11009 | BK29: 7634
B30: Adjusted for: | AE30: 0 | AF30: 0 | AG30: 0 | AH30: 0
A31: Provision (benefit) for income taxes | B31: Provision (benefit) for income taxes | E31: =SUM(H31:J31,O31) -> -55.141 | F31: =SUM(L31:N31,U31) -> -223.274 | H31: 63.874 | I31: 61.403 | J31: -44.27 | L31: 43.673 | M31: 69.457 | N31: -72.404 | O31: -136.148 | P31: -95.422 | R31: 579 | S31: 8717 | T31: -2223 | U31: -264 | V31: 6810 | X31: -1455 | Y31: -1499 | Z31: -2951 | AA31: 289.364 | AB31: -5615.636 | AD31: 202 | AE31: 754 | AF31: 1416 | AG31: -810 | AH31: 1562 | AJ31: 1506 | AK31: 1541 | AL31: 2334 | AM31: 856 | AN31: 6237 | AP31: -453 | AQ31: 6781 | AR31: -4942 | AS31: 2174 | AT31: 3560 | AV31: -693 | AW31: 45 | AX31: -1550 | AY31: -584 | AZ31: -2782 | BB31: -485 | BC31: 111 | BD31: -362 | BE31: 138 | BF31: -598 | BH31: 227 | BI31: -1189 | BJ31: -10312 | BK31: -11274
A32: Interest expense, net | B32: Interest expense (net) | E32: =SUM(H32:J32,O32) -> 18.509 | F32: =SUM(L32:N32,U32) -> 7.084 | H32: 6.34 | I32: 9.51 | J32: 9.469 | L32: -0.951 | M32: -12.27 | N32: 21.305 | O32: -6.81 | P32: 1.274 | R32: 44 | S32: 11 | T32: -1 | U32: -1 | V32: 52 | X32: 124 | Y32: 70 | Z32: 38 | AA32: 120.49 | AB32: 352.49 | AD32: 17 | AE32: 55 | AF32: 70 | AG32: 87 | AH32: 229 | AJ32: 44 | AK32: 46 | AL32: 35 | AM32: 40 | AN32: 165 | AP32: 35 | AQ32: 41 | AR32: 26 | AS32: 29 | AT32: 131 | AV32: 48 | AW32: 64 | AX32: 61 | AY32: 69 | AZ32: 242 | BB32: 73 | BC32: 75 | BD32: 87 | BE32: 46 | BF32: 281 | BH32: 4 | BI32: 19 | BJ32: 144 | BK32: 167
A33: Intercompany interest | B33: Intercompany Interest | E33: =SUM(H33:J33,O33) -> 6462.494 | F33: =SUM(L33:N33,U33) -> 6639.328 | H33: 1416.459 | I33: 1698.917 | J33: 1799.526 | L33: 1421.011 | M33: 1674.728 | N33: 1908.589 | O33: 1547.592 | P33: 6551.92 | R33: 3218 | S33: 2364 | T33: 2038 | U33: 1635 | V33: 9255 | X33: 3128 | Y33: 3309 | Z33: 3633 | AA33: 3439.725 | AB33: 13509.725 | AD33: 1853 | AE33: 2137 | AF33: 2997 | AG33: 3295 | AH33: 10282 | AJ33: 1818 | AK33: 1866 | AL33: 1902 | AM33: 1875 | AN33: 7461 | AP33: 2517 | AQ33: 2274 | AR33: 2154 | AS33: 1970 | AT33: 8915 | AV33: 2779 | AW33: 2820 | AX33: 2885 | AY33: 2710 | AZ33: 11194 | BB33: 1915 | BC33: 2062 | BD33: 2424 | BE33: 2897 | BF33: 9298 | BH33: 590 | BI33: 1971 | BJ33: 2029 | BK33: 4590
A34: Depreciation and amortization | B34: Depreciation and Amortization | E34: =SUM(H34:J34,O34) -> 5710.461 | F34: =SUM(L34:N34,U34) -> 5435 | H34: 1390 | I34: 1380 | J34: 1517.461 | L34: 1364 | M34: 1364 | N34: 1348 | O34: 1423 | P34: 5499 | R34: 3271 | S34: 2002 | T34: 1392 | U34: 1359 | V34: 8024 | X34: 3284 | Y34: 3295 | Z34: 3267 | AA34: 3254.441 | AB34: 13100.441 | AD34: 3195 | AE34: 3218 | AF34: 3327 | AG34: 3290 | AH34: 13030 | AJ34: 3073 | AK34: 3145 | AL34: 3093 | AM34: 3140 | AN34: 12451 | AP34: 3247 | AQ34: 3113 | AR34: 3120 | AS34: 3075 | AT34: 12555 | AV34: 3251 | AW34: 3289 | AX34: 3217 | AY34: 3227 | AZ34: 12984 | BB34: 1991 | BC34: 2013 | BD34: 2077 | BE34: 6038 | BF34: 12119 | BH34: 249 | BI34: 5593 | BJ34: 1884 | BK34: 7726
A35: Amort (Exp) - Loan Orig Fee | B35: Amortization of debt issuance cost | E35: =SUM(H35:J35,O35) -> 18.539 | F35: =SUM(L35:N35,U35) -> 18 | H35: 5 | I35: 5 | J35: 4.539 | L35: 5 | M35: 4 | N35: 5 | O35: 4 | P35: 18 | R35: 5 | S35: 4 | T35: 5 | U35: 4 | V35: 18 | X35: 103 | Y35: 69 | Z35: 5 | AA35: 4.559 | AB35: 181.559 | AD35: 74 | AE35: 74 | AF35: 93 | AG35: 103 | AH35: 344 | AJ35: 55 | AK35: 55 | AL35: 68 | AM35: 75 | AN35: 253 | AP35: 58 | AQ35: 56 | AR35: 57 | AS35: 55 | AT35: 226 | AV35: 61 | AW35: 60 | AX35: 59 | AY35: 58 | AZ35: 238 | BB35: 58 | BC35: 56 | BD35: 57 | BE35: 62 | BF35: 233 | BH35: 23 | BI35: 67 | BJ35: 62 | BK35: 152
A36: EBITDA | B36: EBITDA | E36: =E29+SUM(E31:E35) -> 9036.767 | F36: =F29+SUM(F31:F35) -> 4979.665 | H36: 347.438 | I36: 735.473 | J36: 5832.024 | L36: -1334.682 | M36: 536.828 | N36: 4527.519 | O36: 2119.832 | P36: 5849.497 | R36: -8856 | S36: -26128 | T36: 3042 | U36: 1250 | V36: -30692 | X36: 683 | Y36: 1764 | Z36: -24889 | AA36: 3925.579 | AB36: -18516.421 | AD36: 6054 | AE36: 8672 | AF36: 12582 | AG36: 2266 | AH36: 29574 | AJ36: 11721 | AK36: 12017 | AL36: 16000 | AM36: 9864 | AN36: 49602 | AP36: 2102 | AQ36: 6026 | AR36: 14201 | AS36: 14219 | AT36: 36548 | AV36: 3581 | AW36: 2507 | AX36: -24934 | AY36: 3740 | AZ36: -15106 | BB36: 2266 | BC36: 5036 | BD36: 3916 | BE36: 5657 | BF36: 16875 | BH36: 40 | BI36: 4139 | BJ36: 4816 | BK36: 8995
A37: G/(L) on Sale of Fixed Assets | B37: (Gain) Loss on sale of fixed assets | J37: 0 | Y37: 0 | AD37: 0 | AE37: 0 | AF37: 0 | AG37: 0 | AH37: 0 | AJ37: 0 | AK37: 0 | AL37: 0 | AM37: 0 | AN37: 0 | AP37: 0 | AQ37: 0 | AR37: 0 | AS37: 0 | AT37: 0 | AV37: 0 | AW37: 0 | AX37: 0 | AY37: 0 | AZ37: 0 | BB37: 0 | BC37: 0 | BD37: 0 | BE37: 47 | BF37: 47 | BH37: 0 | BI37: 0 | BJ37: 43 | BK37: 43
